Workbook
Name AC_AREA_DATA_LGL_ID: AC_AREA_DATA!$B$3
Name AC_FUEL_DATA_LGL_ID: AC_FUEL_DATA!$B$3
Name AC_SRC_DATA_LGL_ID: AC_SRC_DATA!$B$3
Name AC_SUPPLY_DATA_LGL_ID: AC_SUPPLY_DATA!$B$3
Name ADD_HL_LIST_AREA_MARKER: 'Список территорий'!$K$17
Name ADD_LIST_AREA_RANGE: TECH_HORISONTAL!$4:$4
Name ALLOW_FUEL_FROM_PREV_YEAR_ORG_LIST: DICTIONARIES!$C$3:$C$6
Name ATH_SCHEME: TECHSHEET!$O$3
Name AUTHORIZATION_RANGE: AUTHORIZATION!$A$2:$B$2
Name COA_SUPPLY_MAX_PRICE: DICTIONARIES!$C$7:$C$7
Name COA_VOLUME_VALIDATION: DICTIONARIES!$C$8:$C$8
Name COAL_GRADE_LIST: TECHSHEET!$I$20:$I$28
Name CONTACTS_MARKER: Титульный!$E$31
Name CURRENT_PERIOD: TECHSHEET!$K$5
Name CURRENT_PERIOD_GENETIVE: TECHSHEET!$K$8
Name DELETE_HL_LIST_AREA_COLUMN_MARKER: 'Список территорий'!$E$14
Name DICTIONARY_DATA: DICTIONARIES!$B$3:$C$453
Name DICTIONARY_HEADER: DICTIONARIES!$A$1:$C$1
Name DIESEL_GRADE_LIST: TECHSHEET!$I$16:$I$19
Name DSL_SUPPLY_MAX_PRICE: DICTIONARIES!$C$9:$C$9
Name DSL_VOLUME_VALIDATION: DICTIONARIES!$C$10:$C$10
Name EXCLUDE_ORG_ILLEGALY: DICTIONARIES!$C$11:$C$16
Name EXCLUDE_ORG_LEGALY: DICTIONARIES!$C$17:$C$231
Name EXPORT_PRICE_DIESEL_5_APR: DICTIONARIES!$C$232:$C$232
Name EXPORT_PRICE_DIESEL_5_AUG: DICTIONARIES!$C$233:$C$233
Name EXPORT_PRICE_DIESEL_5_DEC: DICTIONARIES!$C$234:$C$234
Name EXPORT_PRICE_DIESEL_5_FEB: DICTIONARIES!$C$235:$C$235
Name EXPORT_PRICE_DIESEL_5_JAN: DICTIONARIES!$C$236:$C$236
Name EXPORT_PRICE_DIESEL_5_JUL: DICTIONARIES!$C$237:$C$237
Name EXPORT_PRICE_DIESEL_5_JUN: DICTIONARIES!$C$238:$C$238
Name EXPORT_PRICE_DIESEL_5_MAR: DICTIONARIES!$C$239:$C$239
Name EXPORT_PRICE_DIESEL_5_MAY: DICTIONARIES!$C$240:$C$240
Name EXPORT_PRICE_DIESEL_5_NOV: DICTIONARIES!$C$241:$C$241
Name EXPORT_PRICE_DIESEL_5_OCT: DICTIONARIES!$C$242:$C$242
Name EXPORT_PRICE_DIESEL_5_SEP: DICTIONARIES!$C$243:$C$243
Name FILE_STORE_DATA_RANGE: FILE_STORE_DATA!$B$2:$F$3
Name FUEL_DATA_ADD_HL_MARKER: Т!$G$92
Name FUEL_DATA_ADD_RANGE: TECH_HORISONTAL!$20:$55
Name FUEL_DATA_CALC_AREA: Т!$F$55:$GM$92
Name FUEL_DATA_CALC_USER_AREA: Т!$P$55:$GE$92
Name FUEL_DATA_COA_Q1_AREA: Т!$DG$55:$DG$92
Name FUEL_DATA_DELETE_HL_COLUMN_MARKER: Т!$E$54
Name FUEL_DATA_DSL_Q1_AREA: Т!$BG$55:$BG$92
Name FUEL_DATA_EE_PREVIOUS_RANGE: TECH_HORISONTAL!$S$58:$S$92
Name FUEL_DATA_EE_RANGE: TECH_HORISONTAL!$N$58:$N$92
Name FUEL_DATA_EMPTY_RANGE: TECH_HORISONTAL!$O$58:$O$92
Name FUEL_DATA_END_COLUMN_MARKER: Т!$GM$49
Name FUEL_DATA_GAS_PREVIOUS_RANGE: TECH_HORISONTAL!$Q$58:$Q$92
Name FUEL_DATA_GAS_RANGE: TECH_HORISONTAL!$L$58:$L$92
Name FUEL_DATA_GENERIC_PREVIOUS_RANGE: TECH_HORISONTAL!$R$58:$R$92
Name FUEL_DATA_GENERIC_RANGE: TECH_HORISONTAL!$M$58:$M$92
Name FUEL_DATA_HORISONTAL_AREA: Т!$F$54:$GM$54
Name FUEL_DATA_MST_Q1_AREA: Т!$CA$55:$CA$92
Name FUEL_DATA_NATURAL_GAS_PREVIOUS_RANGE: TECH_HORISONTAL!$P$58:$P$92
Name FUEL_DATA_NATURAL_GAS_RANGE: TECH_HORISONTAL!$K$58:$K$92
Name FUEL_DATA_NUM_COLUMN_MARKER: Т!$B$54
Name FUEL_DATA_Q1_SUM_AREA: Т!$GK$55:$GK$92
Name FUEL_DATA_Q2_SUM_AREA: Т!$GJ$55:$GJ$92
Name FUEL_DATA_Q3_SUM_AREA: Т!$GI$55:$GI$92
Name FUEL_DATA_Q4_SUM_AREA: Т!$GH$55:$GH$92

Sheet Инструкция
AA1: (требуется обновление)
B2: Код отчёта: WARM.TOPL.Q4.2022.EIAS
B3: Версия отчёта: 1.0.0
B5: ="Информация о фактически сложившихся ценах и объёмах потребления топлива по итогам "&CURRENT_PERIOD_GENETIVE&" "&PERIOD&" года" -> Информация о фактически сложившихся ценах и объёмах потребления топлива по итогам 12 месяцев 2022 года
B6: Условные обозначения
E8: A | F8: - предназначенные для заполнения | O8: A | P8: - ссылки и автозаполняемые поля
E9: A | F9: - с формулами и константами | O9: A | P9: - обязательные для заполнения
B11: Работа с реестрами
E12: Если в предложенном Вам списке необходимая организация, территория или объект отсутствуют, обновите списки с помощью элементов управления на листах. Если после обновления Вам не удалось найти необходимую позицию в списке, обратитесь к ответственному за поддержание реестра Вашего региона либо в Отдел сопровождения пользователей ЕИАС.
B13: Проверка отчёта
E14: • При сохранении отчётной формы осуществляется проверка корректности данных_x000D_ • Для каждого сообщения возможны 2 статуса: ошибка и предупреждение_x000D_ • При наличии сообщений со статусом «Ошибка» файл будет отклонён системой и не будет загружен в хранилище данных, сообщения со статусом «Предупреждение» носят информационный характер, и такой файл будет принят к обработке системой

Sheet Титульный
E3: обновление индикаторов проверки отчёта
E4: ="Информация о фактически сложившихся ценах и объёмах потребления топлива по итогам "&CURRENT_PERIOD_GENETIVE&" "&PERIOD&" года" -> Информация о фактически сложившихся ценах и объёмах потребления топлива по итогам 12 месяцев 2022 года
E6: Субъект РФ | H6: Ханты-Мансийский автономный округ | P6: MANDATORY
E8: Отчётный период | H8: =PERIOD -> 2022 | P8: MANDATORY
H9: =CURRENT_PERIOD -> 12 месяцев | P9: MANDATORY
E11: RST_ORG_ID
E13: Наименование ЮЛ / ИП | H13: ООО "ПриобьСтройГарант" | P13: MANDATORY
E15: ИНН | H15: 8614000871 | P15: MANDATORY
E16: КПП | H16: 861401001 | P16: MANDATORY
E17: ОГРН | H17: 1168617052757 | P17: MANDATORY
E18: Организационно-правовая форма | H18: 1 23 00 | Общества с ограниченной ответственностью | P18: MANDATORY
E20: Выбор организации | H20: по данным предыдущего мониторинга
E22: LGL_ID | H22: 6838174740
E31: Контактные данные
E33: Ответственный за предоставление информации | F33: ФИО | H33: Зыблева Александра Владимировна | P33: MANDATORY
F34: Должность | H34: Экономист | P34: MANDATORY
F35: Контактный телефон | H35: 8 (34678) 24-4-29 | P35: MANDATORY
F36: e-mail | H36: priobstroygarant@yandex.ru | P36: MANDATORY
E38: Дата последнего обновления реестра организаций: 10.02.2023, 17:19:13
E39: Дата последнего обновления реестра МР/МО/ОКТМО: 10.02.2023, 17:19:13
E40: Дата последнего обновления списка объектов регулируемой инфраструктуры: 10.02.2023, 17:19:42
E41: Дата загрузки в отчёт данных мониторинга "Информация о фактически сложившихся ценах и объёмах потребления топлива": 10.02.2023, 17:19:42
E42: Дата последнего обновления данных мониторинга принятых тарифных решений: 10.02.2023, 17:19:42

Sheet Список территорий
F1: =F12 -> № п/п | G1: =G12 -> ИНН | H1: =H12 -> КПП | I1: =I12 -> Наименование ЮЛ / ИП | J1: =J12 -> Организационно-правовая форма | K1: =K12 -> Наименование (описание) обособленного подразделения | L1: =L12 -> Вид(-ы) деятельности организации | M1: =M12 -> Плательщик НДС
F2: NUMBER | G2: INN | H2: KPP | I2: ORG | J2: OPF | K2: FIL | L2: VDET | M2: NDS
K4: Перечень муниципальных образований, на территории которых организация оказывает услуги теплоснабжения
F9: MANDATORY | G9: MANDATORY | H9: MANDATORY | I9: MANDATORY | J9: MANDATORY | K9: OPTIONAL | L9: MANDATORY | M9: MANDATORY | R9: MANDATORY | S9: MANDATORY | T9: MANDATORY | U9: MANDATORY | AC9: MANDATORY
F12: № п/п | G12: ИНН | H12: КПП | I12: Наименование ЮЛ / ИП | J12: Организационно-правовая форма | K12: Наименование (описание) обособленного подразделения | L12: Вид(-ы) деятельности организации | M12: Плательщик НДС | N12: Объекты организации | O12: RST_ORG_ID | P12: STATUS | R12: Муниципальный район | S12: Муниципальное образование | T12: ОКТМО | U12: Тип муниципального образования | AC12: Вид(-ы) теплоносителя(-ей) | CC12: Ответственный за предоставление информации
CC13: ФИО | CD13: Должность | CE13: (код) телефон | CF13: e-mail
F15: 0
D16: Изменить | E16: × | F16: 1 | G16: =IF(LEN(INN)=0,"Не определено",INN) -> 8614000871 | H16: =IF(LEN(KPP)=0,"Не определено",KPP) -> 861401001 | I16: =IF(LEN(ORG)=0,"Не определено",ORG) -> ООО "ПриобьСтройГарант" | J16: =IF(LEN(OPF)=0,"Не определено",OPF) -> 1 23 00 | Общества с ограниченной ответственностью | L16: Некомбинированное производство :: Передача :: Сбыт | M16: нет | N16: =IF('Список объектов'!$Q$16="","",'Список объектов'!$Q$16)&" объектов" -> 3 объектов | P16: =IF(LEN(BZ16)=0,"ACTI","DELD") -> ACTI | R16: Октябрьский муниципальный район | S16: Перегребное | T16: 71821428 | U16: =IF(LEN(T16)=0,"",VLOOKUP(T16,OKTMO_VS_TYPE_LIST,2,FALSE)) -> сельское поселение | AC16: Носитель - горячая вода (Т) | CC16: =IF(LEN(Титульный!$H$33)=0,"Не определено",Титульный!$H$33) -> Зыблева Александра Владимировна | CD16: =IF(LEN(Титульный!$H$34)=0,"Не определено",Титульный!$H$34) -> Экономист | CE16: =IF(LEN(Титульный!$H$35)=0,"Не определено",Титульный!$H$35) -> 8 (34678) 24-4-29 | CF16: =IF(LEN(Титульный!$H$36)=0,"Не определено",Титульный!$H$36) -> priobstroygarant@yandex.ru
K17: Добавить территорию

Sheet Список объектов
K4: Перечень объектов организации, оказывающей услуги теплоснабжения
AB9: MANDATORY | AC9: MANDATORY | AD9: MANDATORY | AE9: MANDATORY | AF9: MANDATORY | AG9: MANDATORY | AH9: MANDATORY | AI9: MANDATORY | AJ9: MANDATORY | AK9: MANDATORY | AL9: MANDATORY | AM9: MANDATORY | AN9: MANDATORY | AU9: MANDATORY | AV9: MANDATORY | AW9: MANDATORY | AX9: MANDATORY | AY9: MANDATORY | BH9: OPTIONAL | BI9: OPTIONAL | BJ9: OPTIONAL | BK9: OPTIONAL | BL9: OPTIONAL | BM9: OPTIONAL | BO9: MANDATORY
F12: № п/п | G12: ИНН | H12: КПП | I12: Наименование юридического лица | J12: Организационно-правовая форма | K12: Наименование (описание) обособленного подразделения | L12: Вид(-ы) деятельности организации | O12: RST_ORG_ID | Q12: Количество объектов | R12: NUMBER | T12: ОКТМО | AB12: № п/п | AC12: Наименование объекта | AD12: Тип объекта | AE12: Виды деятельности | AH12: Адрес объекта | AU12: Территория оказания услуг | BH12: Производство | BJ12: Передача | BL12: Сбыт | BO12: Вид(-ы) используемого топлива | CD12: Комментарии
AE13: Производство | AF13: Передача | AG13: Сбыт | AH13: Муниципальный район | AI13: Муниципальное образование | AJ13: ОКТМО | AK13: Населённый пункт | AL13: ОКТМО | AM13: улица, проезд, проспект, переулок и т.п. | AN13: дом, корпус, строение | AU13: Муниципальный район | AV13: Муниципальное образование | AW13: ОКТМО | AX13: Населённый пункт | AY13: ОКТМО | BH13: Установленная мощность, Гкал/час | BI13: Подключенная нагрузка, Гкал/час | BJ13: Установленная мощность, Гкал/час | BK13: Подключенная нагрузка, Гкал/час | BL13: Установленная мощность, Гкал/час | BM13: Подключенная нагрузка, Гкал/час
F15: 0
D16: Изменить | E16: Удалить | F16: =IF('Список территорий'!$F$16="","",'Список территорий'!$F$16) -> 1 | G16: =IF('Список территорий'!$G$16="","",'Список территорий'!$G$16) -> 8614000871 | H16: =IF('Список территорий'!$H$16="","",'Список территорий'!$H$16) -> 861401001 | I16: =IF('Список территорий'!$I$16="","",'Список территорий'!$I$16) -> ООО "ПриобьСтройГарант" | J16: =IF('Список территорий'!$J$16="","",'Список территорий'!$J$16) -> 1 23 00 | Общества с ограниченной ответственностью | K16: =IF('Список территорий'!$K$16="","",'Список территорий'!$K$16) | L16: =IF('Список территорий'!$L$16="","",'Список территорий'!$L$16) -> Некомбинированное производство :: Передача :: Сбыт | Q16: 3 | R16: =F16&".0" -> 1.0 | AB16: 0
Z17: Изменить | AA17: × | AB17: 1 | AC17: Котельная № 1 | AD17: ТИ | AE17: да | AF17: нет | AG17: нет | AH17: Октябрьский муниципальный район | AI17: Перегребное | AJ17: 71821428 | AK17: с Перегребное | AL17: 71821428101 | AM17: ул. Строителей | AN17: 8 В/1 | AU17: Октябрьский муниципальный район | AV17: Перегребное | AW17: 71821428 | AX17: с Перегребное | AY17: 71821428101 | BH17: 10.83 | BI17: 1.89 | BJ17: 0 | BK17: 0 | BL17: 0 | BM17: 0 | BO17: [Газ природный]
Z18: Изменить | AA18: × | AB18: 2 | AC18: Котельная № 2 | AD18: ТИ | AE18: да | AF18: нет | AG18: нет | AH18: Октябрьский муниципальный район | AI18: Перегребное | AJ18: 71821428 | AK18: д Чемаши | AL18: 71821428106 | AM18: ул. Ленина | AN18: 10 Г | AU18: Октябрьский муниципальный район | AV18: Перегребное | AW18: 71821428 | AX18: д Чемаши | AY18: 71821428106 | BH18: 0.86 | BI18: 0.24 | BJ18: 0 | BK18: 0 | BL18: 0 | BM18: 0 | BO18: [Газ природный]
Z19: Изменить | AA19: × | AB19: 3 | AC19: Котельная № 3 | AD19: ТИ | AE19: да | AF19: нет | AG19: нет | AH19: Октябрьский муниципальный район | AI19: Перегребное | AJ19: 71821428 | AK19: д Нижние Нарыкары | AL19: 71821428111 | AM19: пер. Клубный | AN19: 5 | AU19: Октябрьский муниципальный район | AV19: Перегребное | AW19: 71821428 | AX19: д Нижние Нарыкары | AY19: 71821428111 | BH19: 7.04 | BI19: 1.21 | BJ19: 0 | BK19: 0 | BL19: 0 | BM19: 0 | BO19: [Газ природный]
AC20: Добавить объект
K21: Добавить территорию

Sheet Т
F48: ="Информация о фактически сложившихся ценах и объёмах потребления топлива по итогам "&CURRENT_PERIOD_GENETIVE&" "&PERIOD&" года" -> Информация о фактически сложившихся ценах и объёмах потребления топлива по итогам 12 месяцев 2022 года
P49: NG | Q49: NG | R49: NG | S49: NG | T49: NGL | U49: NGL | V49: NGL | W49: NGL | X49: NGU | Y49: NGU | Z49: NGU | AA49: NGU | AB49: NGC | AC49: NGC | AD49: NGC | AE49: NGC | AF49: GBL | AG49: GBL | AH49: GBL | AI49: GBL | AJ49: GCK | AK49: GCK | AL49: GCK | AM49: GCK | AN49: GOA | AO49: GOA | AP49: GOA | AQ49: GOA | AR49: DSG | AS49: DSG | AT49: DSG | AU49: DSG | AV49: GCN | AW49: GCN | AX49: GCN | AY49: GCN | AZ49: LNG | BA49: LNG | BB49: LNG | BC49: LNG | BD49: DSL | BE49: DSL | BF49: DSL | BG49: DSL | BH49: DSLA | BI49: DSLA | BJ49: DSLA | BK49: DSLA | BL49: DSLW | BM49: DSLW | BN49: DSLW | BO49: DSLW | BP49: DSLS | BQ49: DSLS | BR49: DSLS | BS49: DSLS | BT49: DSLO | BU49: DSLO | BV49: DSLO | BW49: DSLO | BX49: MST | BY49: MST | BZ49: MST | CA49: MST | CB49: MSTM40 | CC49: MSTM40 | CD49: MSTM40 | CE49: MSTM40 | CF49: MSTM100 | CG49: MSTM100 | CH49: MSTM100 | CI49: MSTM100 | CJ49: MSTM200 | CK49: MSTM200 | CL49: MSTM200 | CM49: MSTM200 | CN49: MSTT | CO49: MSTT | CP49: MSTT | CQ49: MSTT | CR49: MSTF5 | CS49: MSTF5 | CT49: MSTF5 | CU49: MSTF5 | CV49: MSTF12 | CW49: MSTF12 | CX49: MSTF12 | CY49: MSTF12 | CZ49: OIL | DA49: OIL | DB49: OIL | DC49: OIL | DD49: COA | DE49: COA | DF49: COA | DG49: COA | DH49: COAA | DI49: COAA | DJ49: COAA | DK49: COAA | DL49: COAB | DM49: COAB | DN49: COAB | DO49: COAB | DP49: COAG | DQ49: COAG | DR49: COAG | DS49: COAG | DT49: COALF | DU49: COALF | DV49: COALF | DW49: COALF | DX49: COAF | DY49: COAF | DZ49: COAF | EA49: COAF | EB49: COAC | EC49: COAC | ED49: COAC | EE49: COAC | EF49: COASC | EG49: COASC | EH49: COASC | EI49: COASC | EJ49: COAWC | EK49: COAWC | EL49: COAWC | EM49: COAWC | EN49: COAS | EO49: COAS | EP49: COAS | EQ49: COAS | ER49: ENR | ES49: ENR | ET49: ENR | EU49: ENR | EV49: PWR | EW49: PWR | EX49: PWR | EY49: PWR | EZ49: CWD | FA49: CWD | FB49: CWD | FC49: CWD | FD49: WDS | FE49: WDS | FF49: WDS | FG49: WDS | FH49: PLT | FI49: PLT | FJ49: PLT | FK49: PLT | FL49: SAW | FM49: SAW | FN49: SAW | FO49: SAW | FP49: PEA | FQ49: PEA | FR49: PEA | FS49: PEA | FT49: SHL | FU49: SHL | FV49: SHL | FW49: SHL | FX49: STF | FY49: STF | FZ49: STF | GA49: STF | GB49: OTH | GC49: OTH | GD49: OTH | GE49: OTH
F50: № п/п | G50: Показатели | J50: Вид топлива | P50: Газ природный | T50: Газ природный | X50: Газ природный | AB50: Газ природный | AF50: Газ доменный | AJ50: Газ коксовый | AN50: Газ нефтяной (попутный) | AR50: Газ сухой отбензиненный | AV50: Газовый конденсат | AZ50: Газ сжиженный | BD50: Дизельное топливо | BH50: Дизельное топливо | BL50: Дизельное топливо | BP50: Дизельное топливо | BT50: Дизельное топливо | BX50: Мазут | CB50: Мазут | CF50: Мазут | CJ50: Мазут | CN50: Мазут | CR50: Мазут | CV50: Мазут | CZ50: Нефть | DD50: Уголь | DH50: Уголь | DL50: Уголь | DP50: Уголь | DT50: Уголь | DX50: Уголь | EB50: Уголь | EF50: Уголь | EJ50: Уголь | EN50: Уголь | ER50: Электроэнергия | EV50: Электроэнергия | EZ50: Уголь | FD50: Дрова | FH50: Пеллеты | FL50: Опилки | FP50: Торф | FT50: Сланцы | FX50: Печное бытовое топливо | GB50: Прочие виды топлива | GH50: SUM.Q4 | GI50: SUM.Q3 | GJ50: SUM.Q2 | GK50: SUM.Q1
J51: Марка топлива | P51: Всего | T51: Газ лимитный | X51: Газ сверхлимитный | AB51: Газ коммерческий | BD51: Всего | BH51: А (арктическое) | BL51: З (зимнее) | BP51: Л (летнее) | BT51: Е (межсезонное) | BX51: Всего | CB51: М-40 | CF51: М-100 | CJ51: М-200 | CN51: мазут марки "Т" | CR51: Ф-5 | CV51: Ф-12 | DD51: Всего | DH51: Уголь антрацит | DL51: Уголь бурый | DP51: Уголь газовый | DT51: Уголь длиннопламенный | DX51: Уголь жирный | EB51: Уголь коксовый | EF51: Уголь отощённо-спекающийся | EJ51: Уголь слабоспекающийся | EN51: Уголь тощий | ER51: Энергия | EV51: Заявленная мощность | EZ51: Уголь древесный
J52: Единица измерения | P52: тыс.куб.м | T52: тыс.куб.м | X52: тыс.куб.м | AB52: тыс.куб.м | AF52: тыс.куб.м | AJ52: тыс.куб.м | AN52: тыс.куб.м | AR52: тыс.куб.м | AV52: тнт | AZ52: тнт | BD52: тнт | BH52: тнт | BL52: тнт | BP52: тнт | BT52: тнт | BX52: тнт | CB52: тнт | CF52: тнт | CJ52: тнт | CN52: тнт | CR52: тнт | CV52: тнт | CZ52: тнт | DD52: тнт | DH52: тнт | DL52: тнт | DP52: тнт | DT52: тнт | DX52: тнт | EB52: тнт | EF52: тнт | EJ52: тнт | EN52: тнт | ER52: тыс.кВт*час | EV52: МВт | EZ52: тнт | FD52: тнт | FH52: тнт | FL52: тнт | FP52: тнт | FT52: тнт | FX52: тнт | GB52: тнт
J53: Период | P53: 12 месяцев | Q53: 9 месяцев | R53: I полугодие | S53: I квартал | T53: 12 месяцев | U53: 9 месяцев | V53: I полугодие | W53: I квартал | X53: 12 месяцев | Y53: 9 месяцев | Z53: I полугодие | AA53: I квартал | AB53: 12 месяцев | AC53: 9 месяцев | AD53: I полугодие | AE53: I квартал | AF53: 12 месяцев | AG53: 9 месяцев | AH53: I полугодие | AI53: I квартал | AJ53: 12 месяцев | AK53: 9 месяцев | AL53: I полугодие | AM53: I квартал | AN53: 12 месяцев | AO53: 9 месяцев | AP53: I полугодие | AQ53: I квартал | AR53: 12 месяцев | AS53: 9 месяцев | AT53: I полугодие | AU53: I квартал | AV53: 12 месяцев | AW53: 9 месяцев | AX53: I полугодие | AY53: I квартал | AZ53: 12 месяцев | BA53: 9 месяцев | BB53: I полугодие | BC53: I квартал | BD53: 12 месяцев | BE53: 9 месяцев | BF53: I полугодие | BG53: I квартал | BH53: 12 месяцев | BI53: 9 месяцев | BJ53: I полугодие | BK53: I квартал | BL53: 12 месяцев | BM53: 9 месяцев | BN53: I полугодие | BO53: I квартал | BP53: 12 месяцев | BQ53: 9 месяцев | BR53: I полугодие | BS53: I квартал | BT53: 12 месяцев | BU53: 9 месяцев | BV53: I полугодие | BW53: I квартал | BX53: 12 месяцев | BY53: 9 месяцев | BZ53: I полугодие | CA53: I квартал | CB53: 12 месяцев | CC53: 9 месяцев | CD53: I полугодие | CE53: I квартал | CF53: 12 месяцев | CG53: 9 месяцев | CH53: I полугодие | CI53: I квартал | CJ53: 12 месяцев | CK53: 9 месяцев | CL53: I полугодие | CM53: I квартал | CN53: 12 месяцев | CO53: 9 месяцев | CP53: I полугодие | CQ53: I квартал | CR53: 12 месяцев | CS53: 9 месяцев | CT53: I полугодие | CU53: I квартал | CV53: 12 месяцев | CW53: 9 месяцев | CX53: I полугодие | CY53: I квартал | CZ53: 12 месяцев | DA53: 9 месяцев | DB53: I полугодие | DC53: I квартал | DD53: 12 месяцев | DE53: 9 месяцев | DF53: I полугодие | DG53: I квартал | DH53: 12 месяцев | DI53: 9 месяцев | DJ53: I полугодие | DK53: I квартал | DL53: 12 месяцев | DM53: 9 месяцев | DN53: I полугодие | DO53: I квартал | DP53: 12 месяцев | DQ53: 9 месяцев | DR53: I полугодие | DS53: I квартал | DT53: 12 месяцев | DU53: 9 месяцев | DV53: I полугодие | DW53: I квартал | DX53: 12 месяцев | DY53: 9 месяцев | DZ53: I полугодие | EA53: I квартал | EB53: 12 месяцев | EC53: 9 месяцев | ED53: I полугодие | EE53: I квартал | EF53: 12 месяцев | EG53: 9 месяцев | EH53: I полугодие | EI53: I квартал | EJ53: 12 месяцев | EK53: 9 месяцев | EL53: I полугодие | EM53: I квартал | EN53: 12 месяцев | EO53: 9 месяцев | EP53: I полугодие | EQ53: I квартал | ER53: 12 месяцев | ES53: 9 месяцев | ET53: I полугодие | EU53: I квартал | EV53: 12 месяцев | EW53: 9 месяцев | EX53: I полугодие | EY53: I квартал | EZ53: 12 месяцев | FA53: 9 месяцев | FB53: I полугодие | FC53: I квартал | FD53: 12 месяцев | FE53: 9 месяцев | FF53: I полугодие | FG53: I квартал | FH53: 12 месяцев | FI53: 9 месяцев | FJ53: I полугодие | FK53: I квартал | FL53: 12 месяцев | FM53: 9 месяцев | FN53: I полугодие | FO53: I квартал | FP53: 12 месяцев | FQ53: 9 месяцев | FR53: I полугодие | FS53: I квартал | FT53: 12 месяцев | FU53: 9 месяцев | FV53: I полугодие | FW53: I квартал | FX53: 12 месяцев | FY53: 9 месяцев | FZ53: I полугодие | GA53: I квартал | GB53: 12 месяцев | GC53: 9 месяцев | GD53: I полугодие | GE53: I квартал | GH53: 12 месяцев | GI53: 9 месяцев | GJ53: I полугодие | GK53: I квартал
B55: 0
B56: =IF('Список территорий'!$F$16="","",'Список территорий'!$F$16) -> 1 | D56: =IF('Список территорий'!$M$16="да",NDS,1) -> 1 | E56: Удалить | F56: =B56 -> 1 | G56: ='Список территорий'!$S$16&" / "&'Список территорий'!$I$16&" / "&'Список территорий'!$K$16&" / "&'Список территорий'!$N$16 -> Перегребное / ООО "ПриобьСтройГарант" / / 3 объектов | L56: ='Список территорий'!$P$16 -> ACTI | M56: =SUM($P67:$GE67)+SUM($P87:$GE87) -> 44144.62 | T56: Исключить из расчёта | U56: Исключить из расчёта | V56: Исключить из расчёта | W56: Исключить из расчёта | X56: Включить в расчёт | Y56: Включить в расчёт | Z56: Включить в расчёт | AA56: Включить в расчёт | AB56: Включить в расчёт | AC56: Включить в расчёт | AD56: Включить в расчёт | AE56: Включить в расчёт | AF56: Включить в расчёт | AG56: Включить в расчёт | AH56: Включить в расчёт | AI56: Включить в расчёт | AJ56: Включить в расчёт | AK56: Включить в расчёт | AL56: Включить в расчёт | AM56: Включить в расчёт | AN56: Включить в расчёт | AO56: Включить в расчёт | AP56: Включить в расчёт | AQ56: Включить в расчёт | AR56: Включить в расчёт | AS56: Включить в расчёт | AT56: Включить в расчёт | AU56: Включить в расчёт | AV56: Включить в расчёт | AW56: Включить в расчёт | AX56: Включить в расчёт | AY56: Включить в расчёт | AZ56: Включить в расчёт | BA56: Включить в расчёт | BB56: Включить в расчёт | BC56: Включить в расчёт | BH56: Включить в расчёт | BI56: Включить в расчёт | BJ56: Включить в расчёт | BK56: Включить в расчёт | BL56: Включить в расчёт | BM56: Включить в расчёт | BN56: Включить в расчёт | BO56: Включить в расчёт | BP56: Включить в расчёт | BQ56: Включить в расчёт | BR56: Включить в расчёт | BS56: Включить в расчёт | BT56: Включить в расчёт | BU56: Включить в расчёт | BV56: Включить в расчёт | BW56: Включить в расчёт | CB56: Включить в расчёт | CC56: Включить в расчёт | CD56: Включить в расчёт | CE56: Включить в расчёт | CF56: Включить в расчёт | CG56: Включить в расчёт | CH56: Включить в расчёт | CI56: Включить в расчёт | CJ56: Включить в расчёт | CK56: Включить в расчёт | CL56: Включить в расчёт | CM56: Включить в расчёт | CN56: Включить в расчёт | CO56: Включить в расчёт | CP56: Включить в расчёт | CQ56: Включить в расчёт | CR56: Включить в расчёт | CS56: Включить в расчёт | CT56: Включить в расчёт | CU56: Включить в расчёт | CV56: Включить в расчёт | CW56: Включить в расчёт | CX56: Включить в расчёт | CY56: Включить в расчёт | CZ56: Включить в расчёт | DA56: Включить в расчёт | DB56: Включить в расчёт | DC56: Включить в расчёт | DH56: Включить в расчёт | DI56: Включить в расчёт | DJ56: Включить в расчёт | DK56: Включить в расчёт | DL56: Включить в расчёт | DM56: Включить в расчёт | DN56: Включить в расчёт | DO56: Включить в расчёт | DP56: Включить в расчёт | DQ56: Включить в расчёт | DR56: Включить в расчёт | DS56: Включить в расчёт | DT56: Включить в расчёт | DU56: Включить в расчёт | DV56: Включить в расчёт | DW56: Включить в расчёт | DX56: Включить в расчёт | DY56: Включить в расчёт | DZ56: Включить в расчёт | EA56: Включить в расчёт | EB56: Включить в расчёт | EC56: Включить в расчёт | ED56: Включить в расчёт | EE56: Включить в расчёт | EF56: Включить в расчёт | EG56: Включить в расчёт | EH56: Включить в расчёт | EI56: Включить в расчёт | EJ56: Включить в расчёт | EK56: Включить в расчёт | EL56: Включить в расчёт | EM56: Включить в расчёт | EN56: Включить в расчёт | EO56: Включить в расчёт | EP56: Включить в расчёт | EQ56: Включить в расчёт | ER56: Включить в расчёт | ES56: Включить в расчёт | ET56: Включить в расчёт | EU56: Включить в расчёт | EV56: Включить в расчёт | EW56: Включить в расчёт | EX56: Включить в расчёт | EY56: Включить в расчёт | EZ56: Включить в расчёт | FA56: Включить в расчёт | FB56: Включить в расчёт | FC56: Включить в расчёт | FD56: Включить в расчёт | FE56: Включить в расчёт | FF56: Включить в расчёт | FG56: Включить в расчёт | FH56: Включить в расчёт | FI56: Включить в расчёт | FJ56: Включить в расчёт | FK56: Включить в расчёт | FL56: Включить в расчёт | FM56: Включить в расчёт | FN56: Включить в расчёт | FO56: Включить в расчёт | FP56: Включить в расчёт | FQ56: Включить в расчёт | FR56: Включить в расчёт | FS56: Включить в расчёт | FT56: Включить в расчёт | FU56: Включить в расчёт | FV56: Включить в расчёт | FW56: Включить в расчёт | FX56: Включить в расчёт | FY56: Включить в расчёт | FZ56: Включить в расчёт | GA56: Включить в расчёт | GB56: Включить в расчёт | GC56: Включить в расчёт | GD56: Включить в расчёт | GE56: Включить в расчёт | GH56: =SUMIF($P$53:$GE$53,"12 месяцев",$P67:$GE67)+SUMIF($P$53:$GE$53,"12 месяцев",$P87:$GE87) -> 17563.436 | GI56: =SUMIF($P$53:$GE$53,"9 месяцев",$P67:$GE67)+SUMIF($P$53:$GE$53,"9 месяцев",$P87:$GE87) -> 10298.439 | GJ56: =SUMIF($P$53:$GE$53,"I полугодие",$P67:$GE67)+SUMIF($P$53:$GE$53,"I полугодие",$P87:$GE87) -> 9368.8945 | GK56: =SUMIF($P$53:$GE$53,"I квартал",$P67:$GE67)+SUMIF($P$53:$GE$53,"I квартал",$P87:$GE87) -> 6913.8504
Q57: =$D56 -> 1 | R57: =$D56 -> 1 | S57: =$D56 -> 1 | T57: =$D56 -> 1 | U57: =$D56 -> 1 | V57: =$D56 -> 1 | W57: =$D56 -> 1 | BE57: =$D56 -> 1 | BF57: =$D56 -> 1 | BG57: =$D56 -> 1 | BY57: =$D56 -> 1 | BZ57: =$D56 -> 1 | CA57: =$D56 -> 1 | DE57: =$D56 -> 1 | DF57: =$D56 -> 1 | DG57: =$D56 -> 1
F58: 1.1.1 | G58: Цена натурального топлива без учёта транспортировки (руб./ед.изм.) | J58: без НДС | T58: 5095.32 | U58: 4876.88 | V58: 4839.28 | W58: 4774.3629 | BD58: =IF(BD64=0,0,(BD67-BD75-BD80-BD85)*1000/BD64) -> 0 | BE58: =IF(BE64=0,0,(BE67-BE75-BE80-BE85)*1000/BE64) -> 0 | BF58: =IF(BF64=0,0,(BF67-BF75-BF80-BF85)*1000/BF64) -> 0 | BG58: =IF(BG64=0,0,(BG67-BG75-BG80-BG85)*1000/BG64) -> 0 | BX58: =IF(BX64=0,0,(BX67-BX75-BX80-BX85)*1000/BX64) -> 0 | BY58: =IF(BY64=0,0,(BY67-BY75-BY80-BY85)*1000/BY64) -> 0 | BZ58: =IF(BZ64=0,0,(BZ67-BZ75-BZ80-BZ85)*1000/BZ64) -> 0 | CA58: =IF(CA64=0,0,(CA67-CA75-CA80-CA85)*1000/CA64) -> 0 | DD58: =IF(DD64=0,0,(DD67-DD75-DD80-DD85)*1000/DD64) -> 0 | DE58: =IF(DE64=0,0,(DE67-DE75-DE80-DE85)*1000/DE64) -> 0 | DF58: =IF(DF64=0,0,(DF67-DF75-DF80-DF85)*1000/DF64) -> 0 | DG58: =IF(DG64=0,0,(DG67-DG75-DG80-DG85)*1000/DG64) -> 0
F59: 1.1.2 | J59: с НДС | T59: =T58*T57 -> 5095.32 | U59: =U58*U57 -> 4876.88 | V59: =V58*V57 -> 4839.28 | W59: =W58*W57 -> 4774.3629 | BD59: =IF(BD64=0,0,(BD68-BD76-BD81-BD86)*1000/BD64) -> 0 | BE59: =IF(BE64=0,0,(BE68-BE76-BE81-BE86)*1000/BE64) -> 0 | BF59: =IF(BF64=0,0,(BF68-BF76-BF81-BF86)*1000/BF64) -> 0 | BG59: =IF(BG64=0,0,(BG68-BG76-BG81-BG86)*1000/BG64) -> 0 | BX59: =IF(BX64=0,0,(BX68-BX76-BX81-BX86)*1000/BX64) -> 0 | BY59: =IF(BY64=0,0,(BY68-BY76-BY81-BY86)*1000/BY64) -> 0 | BZ59: =IF(BZ64=0,0,(BZ68-BZ76-BZ81-BZ86)*1000/BZ64) -> 0 | CA59: =IF(CA64=0,0,(CA68-CA76-CA81-CA86)*1000/CA64) -> 0 | DD59: =IF(DD64=0,0,(DD68-DD76-DD81-DD86)*1000/DD64) -> 0 | DE59: =IF(DE64=0,0,(DE68-DE76-DE81-DE86)*1000/DE64) -> 0 | DF59: =IF(DF64=0,0,(DF68-DF76-DF81-DF86)*1000/DF64) -> 0 | DG59: =IF(DG64=0,0,(DG68-DG76-DG81-DG86)*1000/DG64) -> 0
F60: 1.2.1 | G60: Цена натурального топлива с учётом транспортировки (руб./ед.изм.) | J60: без НДС | P60: =IF(P64=0,0,P67*1000/P64) -> 5095.32 | Q60: =IF(Q64=0,0,Q67*1000/Q64) -> 4876.88 | R60: =IF(R64=0,0,R67*1000/R64) -> 4839.28 | S60: =IF(S64=0,0,S67*1000/S64) -> 4774.3629 | T60: 5095.32 | U60: 4876.88 | V60: 4839.28 | W60: 4774.3629 | BD60: =IF(BD64=0,0,BD67*1000/BD64) -> 0 | BE60: =IF(BE64=0,0,BE67*1000/BE64) -> 0 | BF60: =IF(BF64=0,0,BF67*1000/BF64) -> 0 | BG60: =IF(BG64=0,0,BG67*1000/BG64) -> 0 | BX60: =IF(BX64=0,0,BX67*1000/BX64) -> 0 | BY60: =IF(BY64=0,0,BY67*1000/BY64) -> 0 | BZ60: =IF(BZ64=0,0,BZ67*1000/BZ64) -> 0 | CA60: =IF(CA64=0,0,CA67*1000/CA64) -> 0 | DD60: =IF(DD64=0,0,DD67*1000/DD64) -> 0 | DE60: =IF(DE64=0,0,DE67*1000/DE64) -> 0 | DF60: =IF(DF64=0,0,DF67*1000/DF64) -> 0 | DG60: =IF(DG64=0,0,DG67*1000/DG64) -> 0
F61: 1.2.2 | J61: с НДС | P61: =IF(P64=0,0,P68*1000/P64) -> 5095.32 | Q61: =IF(Q64=0,0,Q68*1000/Q64) -> 4876.88 | R61: =IF(R64=0,0,R68*1000/R64) -> 4839.28 | S61: =IF(S64=0,0,S68*1000/S64) -> 4774.3629 | T61: =T60*T57 -> 5095.32 | U61: =U60*U57 -> 4876.88 | V61: =V60*V57 -> 4839.28 | W61: =W60*W57 -> 4774.3629 | BD61: =IF(BD64=0,0,BD68*1000/BD64) -> 0 | BE61: =IF(BE64=0,0,BE68*1000/BE64) -> 0 | BF61: =IF(BF64=0,0,BF68*1000/BF64) -> 0 | BG61: =IF(BG64=0,0,BG68*1000/BG64) -> 0 | BX61: =IF(BX64=0,0,BX68*1000/BX64) -> 0 | BY61: =IF(BY64=0,0,BY68*1000/BY64) -> 0 | BZ61: =IF(BZ64=0,0,BZ68*1000/BZ64) -> 0 | CA61: =IF(CA64=0,0,CA68*1000/CA64) -> 0 | DD61: =IF(DD64=0,0,DD68*1000/DD64) -> 0 | DE61: =IF(DE64=0,0,DE68*1000/DE64) -> 0 | DF61: =IF(DF64=0,0,DF68*1000/DF64) -> 0 | DG61: =IF(DG64=0,0,DG68*1000/DG64) -> 0
F62: 1.3.1 | G62: Цена условного топлива с учётом транспортировки (руб./тут) | J62: без НДС | P62: =IF(P66=0,0,P67*1000/P66) -> 4450.0611 | Q62: =IF(Q66=0,0,Q67*1000/Q66) -> 4259.2838 | R62: =IF(R66=0,0,R67*1000/R66) -> 4226.4454 | S62: =IF(S66=0,0,S67*1000/S66) -> 4151.6199 | T62: =IF(T66=0,0,T67*1000/T66) -> 4450.0611 | U62: =IF(U66=0,0,U67*1000/U66) -> 4259.2838 | V62: =IF(V66=0,0,V67*1000/V66) -> 4226.4454 | W62: =IF(W66=0,0,W67*1000/W66) -> 4151.6199 | BD62: =IF(BD66=0,0,BD67*1000/BD66) -> 0 | BE62: =IF(BE66=0,0,BE67*1000/BE66) -> 0 | BF62: =IF(BF66=0,0,BF67*1000/BF66) -> 0 | BG62: =IF(BG66=0,0,BG67*1000/BG66) -> 0 | BX62: =IF(BX66=0,0,BX67*1000/BX66) -> 0 | BY62: =IF(BY66=0,0,BY67*1000/BY66) -> 0 | BZ62: =IF(BZ66=0,0,BZ67*1000/BZ66) -> 0 | CA62: =IF(CA66=0,0,CA67*1000/CA66) -> 0 | DD62: =IF(DD66=0,0,DD67*1000/DD66) -> 0 | DE62: =IF(DE66=0,0,DE67*1000/DE66) -> 0 | DF62: =IF(DF66=0,0,DF67*1000/DF66) -> 0 | DG62: =IF(DG66=0,0,DG67*1000/DG66) -> 0
F63: 1.3.2 | J63: с НДС | P63: =IF(P66=0,0,P68*1000/P66) -> 4450.0611 | Q63: =IF(Q66=0,0,Q68*1000/Q66) -> 4259.2838 | R63: =IF(R66=0,0,R68*1000/R66) -> 4226.4454 | S63: =IF(S66=0,0,S68*1000/S66) -> 4151.6199 | T63: =IF(T66=0,0,T68*1000/T66) -> 4450.0611 | U63: =IF(U66=0,0,U68*1000/U66) -> 4259.2838 | V63: =IF(V66=0,0,V68*1000/V66) -> 4226.4454 | W63: =IF(W66=0,0,W68*1000/W66) -> 4151.6199 | BD63: =IF(BD66=0,0,BD68*1000/BD66) -> 0 | BE63: =IF(BE66=0,0,BE68*1000/BE66) -> 0 | BF63: =IF(BF66=0,0,BF68*1000/BF66) -> 0 | BG63: =IF(BG66=0,0,BG68*1000/BG66) -> 0 | BX63: =IF(BX66=0,0,BX68*1000/BX66) -> 0 | BY63: =IF(BY66=0,0,BY68*1000/BY66) -> 0 | BZ63: =IF(BZ66=0,0,BZ68*1000/BZ66) -> 0 | CA63: =IF(CA66=0,0,CA68*1000/CA66) -> 0 | DD63: =IF(DD66=0,0,DD68*1000/DD66) -> 0 | DE63: =IF(DE66=0,0,DE68*1000/DE66) -> 0 | DF63: =IF(DF66=0,0,DF68*1000/DF66) -> 0 | DG63: =IF(DG66=0,0,DG68*1000/DG66) -> 0
F64: 2.1 | G64: Объём натурального топлива, всего | P64: =SUM(T64,X64,AB64) -> 1723.487 | Q64: =SUM(U64,Y64,AC64) -> 1055.843 | R64: =SUM(V64,Z64,AD64) -> 968.005 | S64: =SUM(W64,AA64,AE64) -> 724.06 | T64: 1723.487 | U64: 1055.843 | V64: 968.005 | W64: 724.06 | BD64: =SUM(BH64,BL64,BP64,BT64) -> 0 | BE64: =SUM(BI64,BM64,BQ64,BU64) -> 0 | BF64: =SUM(BJ64,BN64,BR64,BV64) -> 0 | BG64: =SUM(BK64,BO64,BS64,BW64) -> 0 | BX64: =SUM(CB64,CF64,CJ64,CN64,CR64,CV64) -> 0 | BY64: =SUM(CC64,CG64,CK64,CO64,CS64,CW64) -> 0 | BZ64: =SUM(CD64,CH64,CL64,CP64,CT64,CX64) -> 0 | CA64: =SUM(CE64,CI64,CM64,CQ64,CU64,CY64) -> 0 | DD64: =SUM(DH64,DL64,DP64,DT64,DX64,EB64,EF64,EJ64,EN64) -> 0 | DE64: =SUM(DI64,DM64,DQ64,DU64,DY64,EC64,EG64,EK64,EO64) -> 0 | DF64: =SUM(DJ64,DN64,DR64,DV64,DZ64,ED64,EH64,EL64,EP64) -> 0 | DG64: =SUM(DK64,DO64,DS64,DW64,EA64,EE64,EI64,EM64,EQ64) -> 0
F65: 2.2 | G65: Переводной коэффициент | T65: 1.145 | U65: 1.145 | V65: 1.145 | W65: 1.15
F66: 2.3 | G66: Объём условного топлива, всего (тут) | P66: =SUM(T66,X66,AB66) -> 1973.3926 | Q66: =SUM(U66,Y66,AC66) -> 1208.9402 | R66: =SUM(V66,Z66,AD66) -> 1108.3657 | S66: =SUM(W66,AA66,AE66) -> 832.669 | T66: =T64*T65 -> 1973.3926 | U66: =U64*U65 -> 1208.9402 | V66: =V64*V65 -> 1108.3657 | W66: =W64*W65 -> 832.669 | BD66: =SUM(BH66,BL66,BP66,BT66) -> 0 | BE66: =SUM(BI66,BM66,BQ66,BU66) -> 0 | BF66: =SUM(BJ66,BN66,BR66,BV66) -> 0 | BG66: =SUM(BK66,BO66,BS66,BW66) -> 0 | BX66: =SUM(CB66,CF66,CJ66,CN66,CR66,CV66) -> 0 | BY66: =SUM(CC66,CG66,CK66,CO66,CS66,CW66) -> 0 | BZ66: =SUM(CD66,CH66,CL66,CP66,CT66,CX66) -> 0 | CA66: =SUM(CE66,CI66,CM66,CQ66,CU66,CY66) -> 0 | DD66: =SUM(DH66,DL66,DP66,DT66,DX66,EB66,EF66,EJ66,EN66) -> 0 | DE66: =SUM(DI66,DM66,DQ66,DU66,DY66,EC66,EG66,EK66,EO66) -> 0 | DF66: =SUM(DJ66,DN66,DR66,DV66,DZ66,ED66,EH66,EL66,EP66) -> 0 | DG66: =SUM(DK66,DO66,DS66,DW66,EA66,EE66,EI66,EM66,EQ66) -> 0
F67: 3.1 | G67: Затраты на топливо, всего (тыс.руб.) | J67: без НДС | P67: =SUM(T67,X67,AB67) -> 8781.7178 | Q67: =SUM(U67,Y67,AC67) -> 5149.2196 | R67: =SUM(V67,Z67,AD67) -> 4684.4472 | S67: =SUM(W67,AA67,AE67) -> 3456.9252 | T67: =T60*T64/1000 -> 8781.7178 | U67: =U60*U64/1000 -> 5149.2196 | V67: =V60*V64/1000 -> 4684.4472 | W67: =W60*W64/1000 -> 3456.9252 | BD67: =SUM(BH67,BL67,BP67,BT67) -> 0 | BE67: =SUM(BI67,BM67,BQ67,BU67) -> 0 | BF67: =SUM(BJ67,BN67,BR67,BV67) -> 0 | BG67: =SUM(BK67,BO67,BS67,BW67) -> 0 | BX67: =SUM(CB67,CF67,CJ67,CN67,CR67,CV67) -> 0 | BY67: =SUM(CC67,CG67,CK67,CO67,CS67,CW67) -> 0 | BZ67: =SUM(CD67,CH67,CL67,CP67,CT67,CX67) -> 0 | CA67: =SUM(CE67,CI67,CM67,CQ67,CU67,CY67) -> 0 | DD67: =SUM(DH67,DL67,DP67,DT67,DX67,EB67,EF67,EJ67,EN67) -> 0 | DE67: =SUM(DI67,DM67,DQ67,DU67,DY67,EC67,EG67,EK67,EO67) -> 0 | DF67: =SUM(DJ67,DN67,DR67,DV67,DZ67,ED67,EH67,EL67,EP67) -> 0 | DG67: =SUM(DK67,DO67,DS67,DW67,EA67,EE67,EI67,EM67,EQ67) -> 0
F68: 3.2 | J68: с НДС | P68: =SUM(T68,X68,AB68) -> 8781.7178 | Q68: =SUM(U68,Y68,AC68) -> 5149.2196 | R68: =SUM(V68,Z68,AD68) -> 4684.4472 | S68: =SUM(W68,AA68,AE68) -> 3456.9252 | T68: =T61*T64/1000 -> 8781.7178 | U68: =U61*U64/1000 -> 5149.2196 | V68: =V61*V64/1000 -> 4684.4472 | W68: =W61*W64/1000 -> 3456.9252 | BD68: =SUM(BH68,BL68,BP68,BT68) -> 0 | BE68: =SUM(BI68,BM68,BQ68,BU68) -> 0 | BF68: =SUM(BJ68,BN68,BR68,BV68) -> 0 | BG68: =SUM(BK68,BO68,BS68,BW68) -> 0 | BX68: =SUM(CB68,CF68,CJ68,CN68,CR68,CV68) -> 0 | BY68: =SUM(CC68,CG68,CK68,CO68,CS68,CW68) -> 0 | BZ68: =SUM(CD68,CH68,CL68,CP68,CT68,CX68) -> 0 | CA68: =SUM(CE68,CI68,CM68,CQ68,CU68,CY68) -> 0 | DD68: =SUM(DH68,DL68,DP68,DT68,DX68,EB68,EF68,EJ68,EN68) -> 0 | DE68: =SUM(DI68,DM68,DQ68,DU68,DY68,EC68,EG68,EK68,EO68) -> 0 | DF68: =SUM(DJ68,DN68,DR68,DV68,DZ68,ED68,EH68,EL68,EP68) -> 0 | DG68: =SUM(DK68,DO68,DS68,DW68,EA68,EE68,EI68,EM68,EQ68) -> 0
F69: 4.1.1 | G69: Топливо, транспортируемое по сетям, магистралям (трубопроводам) | I69: Средний тариф транзитной транспортировки (руб./тыс.куб.м) | J69: без НДС
F70: 4.1.2 | J70: с НДС | T70: =T69*T57 -> 0 | U70: =U69*U57 -> 0 | V70: =V69*V57 -> 0 | W70: =W69*W57 -> 0
F71: 4.2 | I71: Объём топлива, транспортируемого в транзитном потоке | P71: =SUM(T71,X71,AB71) -> 0 | Q71: =SUM(U71,Y71,AC71) -> 0 | R71: =SUM(V71,Z71,AD71) -> 0 | S71: =SUM(W71,AA71,AE71) -> 0
F72: 5.1.1 | G72: Топливо, транспортируемое по дорогам (авто, ж/д), а также прочие виды транспортировки | H72: Транспортировка топлива автоперевозками | I72: Тариф (цена за единицу) (руб./ед.изм.) | J72: без НДС | BD72: =IF(BD74=0,0,BD75*1000/BD74) -> 0 | BE72: =IF(BE74=0,0,BE75*1000/BE74) -> 0 | BF72: =IF(BF74=0,0,BF75*1000/BF74) -> 0 | BG72: =IF(BG74=0,0,BG75*1000/BG74) -> 0 | BX72: =IF(BX74=0,0,BX75*1000/BX74) -> 0 | BY72: =IF(BY74=0,0,BY75*1000/BY74) -> 0 | BZ72: =IF(BZ74=0,0,BZ75*1000/BZ74) -> 0 | CA72: =IF(CA74=0,0,CA75*1000/CA74) -> 0 | DD72: =IF(DD74=0,0,DD75*1000/DD74) -> 0 | DE72: =IF(DE74=0,0,DE75*1000/DE74) -> 0 | DF72: =IF(DF74=0,0,DF75*1000/DF74) -> 0 | DG72: =IF(DG74=0,0,DG75*1000/DG74) -> 0
F73: 5.1.2 | J73: с НДС | BD73: =IF(BD74=0,0,BD76*1000/BD74) -> 0 | BE73: =IF(BE74=0,0,BE76*1000/BE74) -> 0 | BF73: =IF(BF74=0,0,BF76*1000/BF74) -> 0 | BG73: =IF(BG74=0,0,BG76*1000/BG74) -> 0 | BX73: =IF(BX74=0,0,BX76*1000/BX74) -> 0 | BY73: =IF(BY74=0,0,BY76*1000/BY74) -> 0 | BZ73: =IF(BZ74=0,0,BZ76*1000/BZ74) -> 0 | CA73: =IF(CA74=0,0,CA76*1000/CA74) -> 0 | DD73: =IF(DD74=0,0,DD76*1000/DD74) -> 0 | DE73: =IF(DE74=0,0,DE76*1000/DE74) -> 0 | DF73: =IF(DF74=0,0,DF76*1000/DF74) -> 0 | DG73: =IF(DG74=0,0,DG76*1000/DG74) -> 0
F74: 5.2 | I74: Объём топлива | BD74: =SUM(BH74,BL74,BP74,BT74) -> 0 | BE74: =SUM(BI74,BM74,BQ74,BU74) -> 0 | BF74: =SUM(BJ74,BN74,BR74,BV74) -> 0 | BG74: =SUM(BK74,BO74,BS74,BW74) -> 0 | BX74: =SUM(CB74,CF74,CJ74,CN74,CR74,CV74) -> 0 | BY74: =SUM(CC74,CG74,CK74,CO74,CS74,CW74) -> 0 | BZ74: =SUM(CD74,CH74,CL74,CP74,CT74,CX74) -> 0 | CA74: =SUM(CE74,CI74,CM74,CQ74,CU74,CY74) -> 0 | DD74: =SUM(DH74,DL74,DP74,DT74,DX74,EB74,EF74,EJ74,EN74) -> 0 | DE74: =SUM(DI74,DM74,DQ74,DU74,DY74,EC74,EG74,EK74,EO74) -> 0 | DF74: =SUM(DJ74,DN74,DR74,DV74,DZ74,ED74,EH74,EL74,EP74) -> 0 | DG74: =SUM(DK74,DO74,DS74,DW74,EA74,EE74,EI74,EM74,EQ74) -> 0
F75: 5.3.1 | I75: Затраты (тыс.руб.) | J75: без НДС | BD75: =SUM(BH75,BL75,BP75,BT75) -> 0 | BE75: =SUM(BI75,BM75,BQ75,BU75) -> 0 | BF75: =SUM(BJ75,BN75,BR75,BV75) -> 0 | BG75: =SUM(BK75,BO75,BS75,BW75) -> 0 | BX75: =SUM(CB75,CF75,CJ75,CN75,CR75,CV75) -> 0 | BY75: =SUM(CC75,CG75,CK75,CO75,CS75,CW75) -> 0 | BZ75: =SUM(CD75,CH75,CL75,CP75,CT75,CX75) -> 0 | CA75: =SUM(CE75,CI75,CM75,CQ75,CU75,CY75) -> 0 | DD75: =SUM(DH75,DL75,DP75,DT75,DX75,EB75,EF75,EJ75,EN75) -> 0 | DE75: =SUM(DI75,DM75,DQ75,DU75,DY75,EC75,EG75,EK75,EO75) -> 0 | DF75: =SUM(DJ75,DN75,DR75,DV75,DZ75,ED75,EH75,EL75,EP75) -> 0 | DG75: =SUM(DK75,DO75,DS75,DW75,EA75,EE75,EI75,EM75,EQ75) -> 0
F76: 5.3.2 | J76: с НДС | BD76: =SUM(BH76,BL76,BP76,BT76) -> 0 | BE76: =SUM(BI76,BM76,BQ76,BU76) -> 0 | BF76: =SUM(BJ76,BN76,BR76,BV76) -> 0 | BG76: =SUM(BK76,BO76,BS76,BW76) -> 0 | BX76: =SUM(CB76,CF76,CJ76,CN76,CR76,CV76) -> 0 | BY76: =SUM(CC76,CG76,CK76,CO76,CS76,CW76) -> 0 | BZ76: =SUM(CD76,CH76,CL76,CP76,CT76,CX76) -> 0 | CA76: =SUM(CE76,CI76,CM76,CQ76,CU76,CY76) -> 0 | DD76: =SUM(DH76,DL76,DP76,DT76,DX76,EB76,EF76,EJ76,EN76) -> 0 | DE76: =SUM(DI76,DM76,DQ76,DU76,DY76,EC76,EG76,EK76,EO76) -> 0 | DF76: =SUM(DJ76,DN76,DR76,DV76,DZ76,ED76,EH76,EL76,EP76) -> 0 | DG76: =SUM(DK76,DO76,DS76,DW76,EA76,EE76,EI76,EM76,EQ76) -> 0
F77: 6.1.1 | H77: Транспортировка топлива ж/д перевозками | I77: Тариф (цена за единицу) (руб./ед.изм.) | J77: без НДС | BD77: =IF(BD79=0,0,BD80*1000/BD79) -> 0 | BE77: =IF(BE79=0,0,BE80*1000/BE79) -> 0 | BF77: =IF(BF79=0,0,BF80*1000/BF79) -> 0 | BG77: =IF(BG79=0,0,BG80*1000/BG79) -> 0 | BX77: =IF(BX79=0,0,BX80*1000/BX79) -> 0 | BY77: =IF(BY79=0,0,BY80*1000/BY79) -> 0 | BZ77: =IF(BZ79=0,0,BZ80*1000/BZ79) -> 0 | CA77: =IF(CA79=0,0,CA80*1000/CA79) -> 0 | DD77: =IF(DD79=0,0,DD80*1000/DD79) -> 0 | DE77: =IF(DE79=0,0,DE80*1000/DE79) -> 0 | DF77: =IF(DF79=0,0,DF80*1000/DF79) -> 0 | DG77: =IF(DG79=0,0,DG80*1000/DG79) -> 0
F78: 6.1.2 | J78: с НДС | BD78: =IF(BD79=0,0,BD81*1000/BD79) -> 0 | BE78: =IF(BE79=0,0,BE81*1000/BE79) -> 0 | BF78: =IF(BF79=0,0,BF81*1000/BF79) -> 0 | BG78: =IF(BG79=0,0,BG81*1000/BG79) -> 0 | BX78: =IF(BX79=0,0,BX81*1000/BX79) -> 0 | BY78: =IF(BY79=0,0,BY81*1000/BY79) -> 0 | BZ78: =IF(BZ79=0,0,BZ81*1000/BZ79) -> 0 | CA78: =IF(CA79=0,0,CA81*1000/CA79) -> 0 | DD78: =IF(DD79=0,0,DD81*1000/DD79) -> 0 | DE78: =IF(DE79=0,0,DE81*1000/DE79) -> 0 | DF78: =IF(DF79=0,0,DF81*1000/DF79) -> 0 | DG78: =IF(DG79=0,0,DG81*1000/DG79) -> 0
F79: 6.2 | I79: Объём топлива | BD79: =SUM(BH79,BL79,BP79,BT79) -> 0 | BE79: =SUM(BI79,BM79,BQ79,BU79) -> 0 | BF79: =SUM(BJ79,BN79,BR79,BV79) -> 0 | BG79: =SUM(BK79,BO79,BS79,BW79) -> 0 | BX79: =SUM(CB79,CF79,CJ79,CN79,CR79,CV79) -> 0 | BY79: =SUM(CC79,CG79,CK79,CO79,CS79,CW79) -> 0 | BZ79: =SUM(CD79,CH79,CL79,CP79,CT79,CX79) -> 0 | CA79: =SUM(CE79,CI79,CM79,CQ79,CU79,CY79) -> 0 | DD79: =SUM(DH79,DL79,DP79,DT79,DX79,EB79,EF79,EJ79,EN79) -> 0 | DE79: =SUM(DI79,DM79,DQ79,DU79,DY79,EC79,EG79,EK79,EO79) -> 0 | DF79: =SUM(DJ79,DN79,DR79,DV79,DZ79,ED79,EH79,EL79,EP79) -> 0 | DG79: =SUM(DK79,DO79,DS79,DW79,EA79,EE79,EI79,EM79,EQ79) -> 0
F80: 6.3.1 | I80: Затраты (тыс.руб.) | J80: без НДС | BD80: =SUM(BH80,BL80,BP80,BT80) -> 0 | BE80: =SUM(BI80,BM80,BQ80,BU80) -> 0 | BF80: =SUM(BJ80,BN80,BR80,BV80) -> 0 | BG80: =SUM(BK80,BO80,BS80,BW80) -> 0 | BX80: =SUM(CB80,CF80,CJ80,CN80,CR80,CV80) -> 0 | BY80: =SUM(CC80,CG80,CK80,CO80,CS80,CW80) -> 0 | BZ80: =SUM(CD80,CH80,CL80,CP80,CT80,CX80) -> 0 | CA80: =SUM(CE80,CI80,CM80,CQ80,CU80,CY80) -> 0 | DD80: =SUM(DH80,DL80,DP80,DT80,DX80,EB80,EF80,EJ80,EN80) -> 0 | DE80: =SUM(DI80,DM80,DQ80,DU80,DY80,EC80,EG80,EK80,EO80) -> 0 | DF80: =SUM(DJ80,DN80,DR80,DV80,DZ80,ED80,EH80,EL80,EP80) -> 0 | DG80: =SUM(DK80,DO80,DS80,DW80,EA80,EE80,EI80,EM80,EQ80) -> 0
F81: 6.3.2 | J81: с НДС | BD81: =SUM(BH81,BL81,BP81,BT81) -> 0 | BE81: =SUM(BI81,BM81,BQ81,BU81) -> 0 | BF81: =SUM(BJ81,BN81,BR81,BV81) -> 0 | BG81: =SUM(BK81,BO81,BS81,BW81) -> 0 | BX81: =SUM(CB81,CF81,CJ81,CN81,CR81,CV81) -> 0 | BY81: =SUM(CC81,CG81,CK81,CO81,CS81,CW81) -> 0 | BZ81: =SUM(CD81,CH81,CL81,CP81,CT81,CX81) -> 0 | CA81: =SUM(CE81,CI81,CM81,CQ81,CU81,CY81) -> 0 | DD81: =SUM(DH81,DL81,DP81,DT81,DX81,EB81,EF81,EJ81,EN81) -> 0 | DE81: =SUM(DI81,DM81,DQ81,DU81,DY81,EC81,EG81,EK81,EO81) -> 0 | DF81: =SUM(DJ81,DN81,DR81,DV81,DZ81,ED81,EH81,EL81,EP81) -> 0 | DG81: =SUM(DK81,DO81,DS81,DW81,EA81,EE81,EI81,EM81,EQ81) -> 0
F82: 7.1.1 | H82: Транспортировка топлива иными видами перевозок | I82: Тариф (цена за единицу) (руб./ед.изм.) | J82: без НДС | BD82: =IF(BD84=0,0,BD85*1000/BD84) -> 0 | BE82: =IF(BE84=0,0,BE85*1000/BE84) -> 0 | BF82: =IF(BF84=0,0,BF85*1000/BF84) -> 0 | BG82: =IF(BG84=0,0,BG85*1000/BG84) -> 0 | BX82: =IF(BX84=0,0,BX85*1000/BX84) -> 0 | BY82: =IF(BY84=0,0,BY85*1000/BY84) -> 0 | BZ82: =IF(BZ84=0,0,BZ85*1000/BZ84) -> 0 | CA82: =IF(CA84=0,0,CA85*1000/CA84) -> 0 | DD82: =IF(DD84=0,0,DD85*1000/DD84) -> 0 | DE82: =IF(DE84=0,0,DE85*1000/DE84) -> 0 | DF82: =IF(DF84=0,0,DF85*1000/DF84) -> 0 | DG82: =IF(DG84=0,0,DG85*1000/DG84) -> 0
F83: 7.1.2 | J83: с НДС | BD83: =IF(BD84=0,0,BD86*1000/BD84) -> 0 | BE83: =IF(BE84=0,0,BE86*1000/BE84) -> 0 | BF83: =IF(BF84=0,0,BF86*1000/BF84) -> 0 | BG83: =IF(BG84=0,0,BG86*1000/BG84) -> 0 | BX83: =IF(BX84=0,0,BX86*1000/BX84) -> 0 | BY83: =IF(BY84=0,0,BY86*1000/BY84) -> 0 | BZ83: =IF(BZ84=0,0,BZ86*1000/BZ84) -> 0 | CA83: =IF(CA84=0,0,CA86*1000/CA84) -> 0 | DD83: =IF(DD84=0,0,DD86*1000/DD84) -> 0 | DE83: =IF(DE84=0,0,DE86*1000/DE84) -> 0 | DF83: =IF(DF84=0,0,DF86*1000/DF84) -> 0 | DG83: =IF(DG84=0,0,DG86*1000/DG84) -> 0
F84: 7.2 | I84: Объём топлива | BD84: =SUM(BH84,BL84,BP84,BT84) -> 0 | BE84: =SUM(BI84,BM84,BQ84,BU84) -> 0 | BF84: =SUM(BJ84,BN84,BR84,BV84) -> 0 | BG84: =SUM(BK84,BO84,BS84,BW84) -> 0 | BX84: =SUM(CB84,CF84,CJ84,CN84,CR84,CV84) -> 0 | BY84: =SUM(CC84,CG84,CK84,CO84,CS84,CW84) -> 0 | BZ84: =SUM(CD84,CH84,CL84,CP84,CT84,CX84) -> 0 | CA84: =SUM(CE84,CI84,CM84,CQ84,CU84,CY84) -> 0 | DD84: =SUM(DH84,DL84,DP84,DT84,DX84,EB84,EF84,EJ84,EN84) -> 0 | DE84: =SUM(DI84,DM84,DQ84,DU84,DY84,EC84,EG84,EK84,EO84) -> 0 | DF84: =SUM(DJ84,DN84,DR84,DV84,DZ84,ED84,EH84,EL84,EP84) -> 0 | DG84: =SUM(DK84,DO84,DS84,DW84,EA84,EE84,EI84,EM84,EQ84) -> 0
F85: 7.3.1 | I85: Затраты (тыс.руб.) | J85: без НДС | BD85: =SUM(BH85,BL85,BP85,BT85) -> 0 | BE85: =SUM(BI85,BM85,BQ85,BU85) -> 0 | BF85: =SUM(BJ85,BN85,BR85,BV85) -> 0 | BG85: =SUM(BK85,BO85,BS85,BW85) -> 0 | BX85: =SUM(CB85,CF85,CJ85,CN85,CR85,CV85) -> 0 | BY85: =SUM(CC85,CG85,CK85,CO85,CS85,CW85) -> 0 | BZ85: =SUM(CD85,CH85,CL85,CP85,CT85,CX85) -> 0 | CA85: =SUM(CE85,CI85,CM85,CQ85,CU85,CY85) -> 0 | DD85: =SUM(DH85,DL85,DP85,DT85,DX85,EB85,EF85,EJ85,EN85) -> 0 | DE85: =SUM(DI85,DM85,DQ85,DU85,DY85,EC85,EG85,EK85,EO85) -> 0 | DF85: =SUM(DJ85,DN85,DR85,DV85,DZ85,ED85,EH85,EL85,EP85) -> 0 | DG85: =SUM(DK85,DO85,DS85,DW85,EA85,EE85,EI85,EM85,EQ85) -> 0
F86: 7.3.2 | J86: с НДС | BD86: =SUM(BH86,BL86,BP86,BT86) -> 0 | BE86: =SUM(BI86,BM86,BQ86,BU86) -> 0 | BF86: =SUM(BJ86,BN86,BR86,BV86) -> 0 | BG86: =SUM(BK86,BO86,BS86,BW86) -> 0 | BX86: =SUM(CB86,CF86,CJ86,CN86,CR86,CV86) -> 0 | BY86: =SUM(CC86,CG86,CK86,CO86,CS86,CW86) -> 0 | BZ86: =SUM(CD86,CH86,CL86,CP86,CT86,CX86) -> 0 | CA86: =SUM(CE86,CI86,CM86,CQ86,CU86,CY86) -> 0 | DD86: =SUM(DH86,DL86,DP86,DT86,DX86,EB86,EF86,EJ86,EN86) -> 0 | DE86: =SUM(DI86,DM86,DQ86,DU86,DY86,EC86,EG86,EK86,EO86) -> 0 | DF86: =SUM(DJ86,DN86,DR86,DV86,DZ86,ED86,EH86,EL86,EP86) -> 0 | DG86: =SUM(DK86,DO86,DS86,DW86,EA86,EE86,EI86,EM86,EQ86) -> 0
F87: 8.1 | G87: Электроэнергия | H87: Затраты, всего (тыс.руб.) | J87: без НДС
F88: 8.2 | J88: с НДС
F89: 9 | H89: Объём энергии / заявленной мощности
F90: 10.1 | H90: Тариф на энергию / заявленную мощность (руб./кВт*ч / руб./кВт*мес) | J90: без НДС
F91: 10.2 | J91: с НДС
G92: Добавить

Sheet Поставки топлива
F8: ="Информация о поставках топлива по итогам "&CURRENT_PERIOD_GENETIVE&" "&PERIOD&" года" -> Информация о поставках топлива по итогам 12 месяцев 2022 года | CQ8: Акциз на мазут
F13: № п/п | G13: ИНН | H13: КПП | I13: Наименование ЮЛ / ИП | K13: Наименование (описание) обособленного подразделения | L13: Вид(-ы) деятельности организации | M13: Плательщик НДС | T13: TAX | X13: № п/п | Z13: Вид топлива | AA13: Марка топлива | AB13: Период | AC13: Наличие поставок и факт использования топлива в периоде | AD13: Поставщик продукции | AJ13: Грузополучатель продукции | AQ13: Контракт / договор, в соответствии с которым осуществлялась отгрузка товара | AT13: Дополнительное соглашение, спецификация либо иное приложение к контракту / договору, в соответствии с которым осуществлялась отгрузка товара | AW13: Основание заключения контракта / договора, в соответствии с которым осуществлялась отгрузка товара | AX13: URL-ссылка на закупку | AY13: Номер закупочной процедуры | AZ13: Дата отгрузки продукции | BB13: Счёт-фактура | BD13: Условие поставки продукции в соответствии с Инкотермс 2020 | BF13: Идентификационный номер внебиржевого договора, зарегистрированного на АО "СПбМТСБ" | BH13: Адрес сайта, на котором размещена документация по конкурентным процедурам | BL13: Станция / место отправления продукции | BN13: Станция / место поставки продукции | BV13: Плечо доставки, км | CA13: Способ доставки топлива | CC13: Цена продукции на базисе контракта / договора (руб./ед.изм.) (включает транспортные расходы и акциз) | CE13: Транспортные расходы (руб./ед.изм.) | CG13: Цена продукции без учёта транспортных расходов и без учёта акциза (руб./ед.изм.) | CI13: Объём отгрузки продукции (ед.изм.) | CJ13: Затраты на продукцию, всего (тыс.руб.) | CQ13: Наличие | CS13: Соответствие организации критериям, установленным пп. 3, п. 1, ст. 179.5. "Свидетельство о регистрации организации, совершающей операции со средними дистиллятами" НК РФ | CT13: Наличие у организации свидетельства о регистрации организации, совершающей операции со средними дистиллятами | CV13: Сумма акциза, всего (тыс.руб.) | CW13: Ставка акциза на средние дистилляты (руб./тонна) | CX13: Постоянная часть акциза (руб./тонна) | CY13: Акциз на дизельное топливо (руб./тонна) | CZ13: Демпфирующая надбавка для дизельного топлива | DA13: Средняя цена экспортной альтернативы для дизельного топлива класса 5 | DB13: Условное значение средней оптовой цены реализации дизельного топлива класса 5 на территории РФ | DC13: Коэффициент | DE13: Использовано топлива: | DI13: ="Запасы топлива прошлых периодов (до "&PERIOD&" года), созданных до 31.12."&PERIOD-1&" включительно (ед.изм.)" -> Запасы топлива прошлых периодов (до 2022 года), созданных до 31.12.2021 включительно (ед.изм.) | DJ13: ="Запасы топлива, созданные в течение "&PERIOD&" года (ед.изм.)" -> Запасы топлива, созданные в течение 2022 года (ед.изм.) | DK13: ="Использование в течение "&PERIOD&" года запасов топлива, в том числе прошлых периодов (до "&PERIOD&" года), создаваемых (созданных) до 31.12."&PERIOD&" включительно (ед.изм.)" -> Использование в течение 2022 года запасов топлива, в том числе прошлых периодов (до 2022 года), создаваемых (созданных) до 31.12.2022 включительно (ед.изм.) | DO13: FUEL MARKER | DQ13: MST | DU13: DSL | DY13: COA | EI13: Примечание
AD14: Наименование | AE14: ИНН | AF14: КПП | AG14: ОГРН | AH14: Юридический адрес | AJ14: Наименование | AK14: ИНН | AL14: КПП | AM14: ОГРН | AN14: Юридический адрес | AQ14: Номер | AR14: Дата заключения | AS14: URL-ссылка на документ | AT14: Номер | AU14: Дата заключения | AV14: URL-ссылка на документ | BB14: URL-ссылка на документ | CC14: без НДС | CD14: с НДС | CE14: без НДС | CF14: с НДС | CG14: без НДС | CH14: с НДС | CJ14: без НДС | CK14: с НДС | CV14: без НДС | CW14: АСДЛ | CX14: АДТ + 750 | CY14: АДТ | CZ14: ДДТ | DA14: ЦДТэксп | DB14: ЦДТвр | DC14: КДТ_КОМП | DE14: Всего | DF14: На выработку тепловой энергии | DG14: На прочие виды деятельности | DI14: Всего в наличии | DJ14: Всего в наличии | DK14: Всего в наличии | DL14: Использовано | DM14: Остаток на конец периода | DQ14: I | DR14: II | DS14: III | DT14: IV | DU14: I | DV14: II | DW14: III | DX14: IV | DY14: I | DZ14: II | EA14: III | EB14: IV
F16: 0
K17: Добавить

Sheet TECHSHEET
A1: Алтайский край | B1: RU22 | C1: Алтайский край | E1: HEAT_PRODUCTION_TYPE_LIST | G1: YES_NO | I1: SUPPLY_FUEL_TYPES | K1: PERIOD | M1: NDS | O1: ooopsg | P1: LOGIN
A2: Амурская область | B2: RU28 | C2: Амурская область | E2: некомбинированное | G2: да | I2: Мазут | K2: 2022 | M2: 1.2 | O2: 49D674623D9CDF23E1B40F2C773E3004 | P2: PASSWORD
A3: Архангельская область | B3: RU29 | C3: Архангельская область | E3: комбинированное, более 25 МВт | G3: нет | I3: Дизельное топливо | O3: MD5 | P3: ATH_SCHEME
A4: Астраханская область | B4: RU30 | C4: Астраханская область | E4: комбинированное, менее 25 МВт | I4: Уголь | K4: CURRENT_PERIOD | O4: YES | P4: RETAIN_PASSWORD
A5: Белгородская область | B5: RU31 | C5: Белгородская область | K5: 12 месяцев | O5: JGWHyHmJjRhZDiMkqfHfZkOjDOgDCIGRQiQqsvCpRqRaxVwsIAdDTneMVDLBQtbz91i143i59i62, 194i226i26i8C395C7584B3E40D9CD9CC8C4EFC6CA0710dFEBd2303t19t11t836587000 | P5: SESSION_ID
A6: Брянская область | B6: RU32 | C6: Брянская область | E6: HEAT_VD_COMPONENTS | I6: SUPPLY_FUEL_GRADES | P6: OBFUSCATED_PASSWORD
A7: Владимирская область | B7: RU33 | C7: Владимирская область | E7: Производство | I7: MASUT_GRADE_LIST | K7: CURRENT_PERIOD_GENETIVE
A8: Волгоградская область | B8: RU34 | C8: Волгоградская область | E8: Передача | I8: DIESEL_GRADE_LIST | K8: 12 месяцев
A9: Вологодская область | B9: RU35 | C9: Вологодская область | E9: Сбыт | I9: COAL_GRADE_LIST
A10: Воронежская область | B10: RU36 | C10: Воронежская область | I10: М-40 | K10: PREVIOUS_PERIOD | M10: Организация
A11: г. Москва | B11: RU77 | C11: Москва | E11: VDET_LIST | I11: М-100 | K11: 9 месяцев | M11: ="01.01."&PERIOD -> 01.01.2022
A12: г. Байконур | B12: RU00 | E12: Комбинированное производство, более 25 МВт | I12: М-200 | M12: ="31.12."&PERIOD -> 31.12.2022
A13: г. Санкт-Петербург | B13: RU78 | C13: Cанкт-Петербург | E13: Комбинированное производство, более 25 МВт :: Передача | I13: мазут марки "Т" | K13: INCOTERMS_2020_TERMS
A14: г. Севастополь | B14: RU92 | C14: Севастополь | E14: Комбинированное производство, более 25 МВт :: Передача :: Сбыт | I14: Ф-5 | K14: EXW (Ex Works / Франко завод) | M14: Виды деятельности
A15: Еврейская автономная область | B15: RU79 | C15: Еврейская автономная область | E15: Комбинированное производство, более 25 МВт :: Сбыт | I15: Ф-12 | K15: FCA (Free Carrier / Франко перевозчик) | M15: ="01.01."&PERIOD -> 01.01.2022
A16: Забайкальский край | B16: RU75 | C16: Забайкальский край | E16: Комбинированное производство, менее 25 МВт | I16: А (арктическое) | K16: CPT (Carriage Paid to / Перевозка оплачена до) | M16: ="31.12."&PERIOD -> 31.12.2022
A17: Ивановская область | B17: RU37 | C17: Ивановская область | E17: Комбинированное производство, менее 25 МВт :: Передача | I17: З (зимнее) | K17: CIP (Carriage and Insurance Paid to / Перевозка и страхование оплачены до)
A18: Иркутская область | B18: RU38 | C18: Иркутская область | E18: Комбинированное производство, менее 25 МВт :: Передача :: Сбыт | I18: Л (летнее) | K18: DPU (Delivered Named Place Unloaded / Поставка на место выгрузки) | M18: Территории
A19: Кабардино-Балкарская республика | B19: RU07 | C19: Республика Кабардино-Балкария | E19: Комбинированное производство, менее 25 МВт :: Сбыт | I19: Е (межсезонное) | K19: DAP (Delivered at Place / Поставка в месте назначения) | M19: ="01.01."&PERIOD -> 01.01.2022
A20: Калининградская область | B20: RU39 | C20: Калининградская область | E20: Некомбинированное производство | I20: антрацит | K20: DDP (Delivered Duty Paid / Поставка с оплатой пошлин) | M20: ="31.12."&PERIOD -> 31.12.2022
A21: Калужская область | B21: RU40 | C21: Калужская область | E21: Некомбинированное производство :: Передача | I21: бурый | K21: FAS (Free Alongside Ship / Свободно вдоль борта судна)
A22: Камчатский край | B22: RU41 | C22: Камчатский край | E22: Некомбинированное производство :: Передача :: Сбыт | I22: газовый | K22: FOB (Free on Board / Свободно на борту)
A23: Карачаево-Черкесская республика | B23: RU09 | C23: Республика Карачаево-Черкессия | E23: Некомбинированное производство :: Сбыт | I23: длиннопламенный | K23: CFR (Cost and Freight / Стоимость и фрахт)
A24: Кемеровская область | B24: RU42 | C24: Кемеровская область | E24: Передача :: Сбыт | I24: жирный | K24: CIF (Cost Insurance and Freight / Стоимость, страхование и фрахт)
A25: Кировская область | B25: RU43 | C25: Кировская область | I25: коксовый
A26: Костромская область | B26: RU44 | C26: Костромская область | I26: отощённо-спекающийся
A27: Краснодарский край | B27: RU23 | C27: Краснодарский край | I27: слабоспекающийся
A28: Красноярский край | B28: RU24 | C28: Красноярский край | I28: тощий
A29: Курганская область | B29: RU45 | C29: Курганская область
A30: Курская область | B30: RU46 | C30: Курская область | I30: SUPPLY_FACT
A31: Ленинградская область | B31: RU47 | C31: Ленинградская область | I31: да
A32: Липецкая область | B32: RU48 | C32: Липецкая область | I32: топливо не использовалось
A33: Магаданская область | B33: RU49 | C33: Магаданская область | I33: использовались запасы прошлых периодов
A34: Московская область | B34: RU50 | C34: Московская область
A35: Мурманская область | B35: RU51 | C35: Мурманская область
A36: Ненецкий автономный округ | B36: RU83 | C36: Ненецкий автономный округ
A37: Нижегородская область | B37: RU52 | C37: Нижегородская область
A38: Новгородская область | B38: RU53 | C38: Новгородская область
A39: Новосибирская область | B39: RU54 | C39: Новосибирская область
A40: Омская область | B40: RU55 | C40: Омская область
A41: Оренбургская область | B41: RU56 | C41: Оренбургская область
A42: Орловская область | B42: RU57 | C42: Орловская область
A43: Пензенская область | B43: RU58 | C43: Пензенская область
A44: Пермский край | B44: RU59 | C44: Пермский край
A45: Приморский край | B45: RU25 | C45: Приморский край
... A86: Ярославская область | B86: RU76 | C86: Ярославская область
A454: ="HTP.P('<"&#REF!&">' || "&IF(MID(#REF!,1,4)="STUB","NULL","REC."&#REF!)&" || '</"&#REF!&">');" -> #REF! | C454: ="DECODE(C_T."&#REF!&", 0, NULL, C_T."&#REF!&") AS "&#REF!&"," -> #REF!
A455: ="HTP.P('<"&#REF!&">' || "&IF(MID(#REF!,1,4)="STUB","NULL","REC."&#REF!)&" || '</"&#REF!&">');" -> #REF! | C455: ="DECODE(C_T."&#REF!&", 0, NULL, C_T."&#REF!&") AS "&#REF!&"," -> #REF!
A456: ="HTP.P('<"&#REF!&">' || "&IF(MID(#REF!,1,4)="STUB","NULL","REC."&#REF!)&" || '</"&#REF!&">');" -> #REF! | C456: ="DECODE(C_T."&#REF!&", 0, NULL, C_T."&#REF!&") AS "&#REF!&"," -> #REF!
A457: ="HTP.P('<"&#REF!&">' || "&IF(MID(#REF!,1,4)="STUB","NULL","REC."&#REF!)&" || '</"&#REF!&">');" -> #REF! | C457: ="DECODE(C_T."&#REF!&", 0, NULL, C_T."&#REF!&") AS "&#REF!&"," -> #REF!
A458: ="HTP.P('<"&#REF!&">' || "&IF(MID(#REF!,1,4)="STUB","NULL","REC."&#REF!)&" || '</"&#REF!&">');" -> #REF! | C458: ="DECODE(C_T."&#REF!&", 0, NULL, C_T."&#REF!&") AS "&#REF!&"," -> #REF!
A459: ="HTP.P('<"&#REF!&">' || "&IF(MID(#REF!,1,4)="STUB","NULL","REC."&#REF!)&" || '</"&#REF!&">');" -> #REF! | C459: ="DECODE(C_T."&#REF!&", 0, NULL, C_T."&#REF!&") AS "&#REF!&"," -> #REF!
A460: ="HTP.P('<"&#REF!&">' || "&IF(MID(#REF!,1,4)="STUB","NULL","REC."&#REF!)&" || '</"&#REF!&">');" -> #REF! | C460: ="DECODE(C_T."&#REF!&", 0, NULL, C_T."&#REF!&") AS "&#REF!&"," -> #REF!
A461: ="HTP.P('<"&#REF!&">' || "&IF(MID(#REF!,1,4)="STUB","NULL","REC."&#REF!)&" || '</"&#REF!&">');" -> #REF! | C461: ="DECODE(C_T."&#REF!&", 0, NULL, C_T."&#REF!&") AS "&#REF!&"," -> #REF!
A462: ="HTP.P('<"&#REF!&">' || "&IF(MID(#REF!,1,4)="STUB","NULL","REC."&#REF!)&" || '</"&#REF!&">');" -> #REF! | C462: ="DECODE(C_T."&#REF!&", 0, NULL, C_T."&#REF!&") AS "&#REF!&"," -> #REF!
A463: ="HTP.P('<"&#REF!&">' || "&IF(MID(#REF!,1,4)="STUB","NULL","REC."&#REF!)&" || '</"&#REF!&">');" -> #REF! | C463: ="DECODE(C_T."&#REF!&", 0, NULL, C_T."&#REF!&") AS "&#REF!&"," -> #REF!
A464: ="HTP.P('<"&#REF!&">' || "&IF(MID(#REF!,1,4)="STUB","NULL","REC."&#REF!)&" || '</"&#REF!&">');" -> #REF! | C464: ="DECODE(C_T."&#REF!&", 0, NULL, C_T."&#REF!&") AS "&#REF!&"," -> #REF!
A465: ="HTP.P('<"&#REF!&">' || "&IF(MID(#REF!,1,4)="STUB","NULL","REC."&#REF!)&" || '</"&#REF!&">');" -> #REF! | C465: ="DECODE(C_T."&#REF!&", 0, NULL, C_T."&#REF!&") AS "&#REF!&"," -> #REF!
... A468: ="HTP.P('<"&#REF!&">' || "&IF(MID(#REF!,1,4)="STUB","NULL","REC."&#REF!)&" || '</"&#REF!&">');" -> #REF! | C468: ="DECODE(C_T."&#REF!&", 0, NULL, C_T."&#REF!&") AS "&#REF!&"," -> #REF!
A469: ="HTP.P('<"&M396&">' || "&IF(MID(M396,1,4)="STUB","NULL","REC."&M396)&" || '</"&M396&">');" -> HTP.P('<>' || REC. || '</>'); | C469: ="DECODE(C_T."&M396&", 0, NULL, C_T."&M396&") AS "&M396&"," -> DECODE(C_T., 0, NULL, C_T.) AS ,
A470: ="HTP.P('<"&#REF!&">' || "&IF(MID(#REF!,1,4)="STUB","NULL","REC."&#REF!)&" || '</"&#REF!&">');" -> #REF! | C470: ="DECODE(C_T."&#REF!&", 0, NULL, C_T."&#REF!&") AS "&#REF!&"," -> #REF!
A471: ="HTP.P('<"&#REF!&">' || "&IF(MID(#REF!,1,4)="STUB","NULL","REC."&#REF!)&" || '</"&#REF!&">');" -> #REF! | C471: ="DECODE(C_T."&#REF!&", 0, NULL, C_T."&#REF!&") AS "&#REF!&"," -> #REF!
A472: ="HTP.P('<"&#REF!&">' || "&IF(MID(#REF!,1,4)="STUB","NULL","REC."&#REF!)&" || '</"&#REF!&">');" -> #REF! | C472: ="DECODE(C_T."&#REF!&", 0, NULL, C_T."&#REF!&") AS "&#REF!&"," -> #REF!
A473: ="HTP.P('<"&#REF!&">' || "&IF(MID(#REF!,1,4)="STUB","NULL","REC."&#REF!)&" || '</"&#REF!&">');" -> #REF! | C473: ="DECODE(C_T."&#REF!&", 0, NULL, C_T."&#REF!&") AS "&#REF!&"," -> #REF!
A474: ="HTP.P('<"&#REF!&">' || "&IF(MID(#REF!,1,4)="STUB","NULL","REC."&#REF!)&" || '</"&#REF!&">');" -> #REF! | C474: ="DECODE(C_T."&#REF!&", 0, NULL, C_T."&#REF!&") AS "&#REF!&"," -> #REF!
A475: ="HTP.P('<"&#REF!&">' || "&IF(MID(#REF!,1,4)="STUB","NULL","REC."&#REF!)&" || '</"&#REF!&">');" -> #REF! | C475: ="DECODE(C_T."&#REF!&", 0, NULL, C_T."&#REF!&") AS "&#REF!&"," -> #REF!
A476: ="HTP.P('<"&#REF!&">' || "&IF(MID(#REF!,1,4)="STUB","NULL","REC."&#REF!)&" || '</"&#REF!&">');" -> #REF! | C476: ="DECODE(C_T."&#REF!&", 0, NULL, C_T."&#REF!&") AS "&#REF!&"," -> #REF!
A477: ="HTP.P('<"&#REF!&">' || "&IF(MID(#REF!,1,4)="STUB","NULL","REC."&#REF!)&" || '</"&#REF!&">');" -> #REF! | C477: ="DECODE(C_T."&#REF!&", 0, NULL, C_T."&#REF!&") AS "&#REF!&"," -> #REF!
A478: ="HTP.P('<"&#REF!&">' || "&IF(MID(#REF!,1,4)="STUB","NULL","REC."&#REF!)&" || '</"&#REF!&">');" -> #REF! | C478: ="DECODE(C_T."&#REF!&", 0, NULL, C_T."&#REF!&") AS "&#REF!&"," -> #REF!
A479: ="HTP.P('<"&#REF!&">' || "&IF(MID(#REF!,1,4)="STUB","NULL","REC."&#REF!)&" || '</"&#REF!&">');" -> #REF! | C479: ="DECODE(C_T."&#REF!&", 0, NULL, C_T."&#REF!&") AS "&#REF!&"," -> #REF!
A480: ="HTP.P('<"&#REF!&">' || "&IF(MID(#REF!,1,4)="STUB","NULL","REC."&#REF!)&" || '</"&#REF!&">');" -> #REF! | C480: ="DECODE(C_T."&#REF!&", 0, NULL, C_T."&#REF!&") AS "&#REF!&"," -> #REF!
A481: ="HTP.P('<"&#REF!&">' || "&IF(MID(#REF!,1,4)="STUB","NULL","REC."&#REF!)&" || '</"&#REF!&">');" -> #REF! | C481: ="DECODE(C_T."&#REF!&", 0, NULL, C_T."&#REF!&") AS "&#REF!&"," -> #REF!
... A555: ="HTP.P('<"&#REF!&">' || "&IF(MID(#REF!,1,4)="STUB","NULL","REC."&#REF!)&" || '</"&#REF!&">');" -> #REF! | C555: ="DECODE(C_T."&#REF!&", 0, NULL, C_T."&#REF!&") AS "&#REF!&"," -> #REF!
A556: ="HTP.P('<"&I283&">' || "&IF(MID(I283,1,4)="STUB","NULL","REC."&I283)&" || '</"&I283&">');" -> HTP.P('<>' || REC. || '</>'); | C556: ="DECODE(C_T."&I283&", 0, NULL, C_T."&I283&") AS "&I283&"," -> DECODE(C_T., 0, NULL, C_T.) AS ,
A557: ="HTP.P('<"&I284&">' || "&IF(MID(I284,1,4)="STUB","NULL","REC."&I284)&" || '</"&I284&">');" -> HTP.P('<>' || REC. || '</>'); | C557: ="DECODE(C_T."&I284&", 0, NULL, C_T."&I284&") AS "&I284&"," -> DECODE(C_T., 0, NULL, C_T.) AS ,
A558: ="HTP.P('<"&I320&">' || "&IF(MID(I320,1,4)="STUB","NULL","REC."&I320)&" || '</"&I320&">');" -> HTP.P('<>' || REC. || '</>'); | C558: ="DECODE(C_T."&I320&", 0, NULL, C_T."&I320&") AS "&I320&"," -> DECODE(C_T., 0, NULL, C_T.) AS ,
A559: ="HTP.P('<"&I321&">' || "&IF(MID(I321,1,4)="STUB","NULL","REC."&I321)&" || '</"&I321&">');" -> HTP.P('<>' || REC. || '</>'); | C559: ="DECODE(C_T."&I321&", 0, NULL, C_T."&I321&") AS "&I321&"," -> DECODE(C_T., 0, NULL, C_T.) AS ,
A560: ="HTP.P('<"&I322&">' || "&IF(MID(I322,1,4)="STUB","NULL","REC."&I322)&" || '</"&I322&">');" -> HTP.P('<>' || REC. || '</>'); | C560: ="DECODE(C_T."&I322&", 0, NULL, C_T."&I322&") AS "&I322&"," -> DECODE(C_T., 0, NULL, C_T.) AS ,
A561: ="HTP.P('<"&I323&">' || "&IF(MID(I323,1,4)="STUB","NULL","REC."&I323)&" || '</"&I323&">');" -> HTP.P('<>' || REC. || '</>'); | C561: ="DECODE(C_T."&I323&", 0, NULL, C_T."&I323&") AS "&I323&"," -> DECODE(C_T., 0, NULL, C_T.) AS ,
A562: ="HTP.P('<"&I324&">' || "&IF(MID(I324,1,4)="STUB","NULL","REC."&I324)&" || '</"&I324&">');" -> HTP.P('<>' || REC. || '</>'); | C562: ="DECODE(C_T."&I324&", 0, NULL, C_T."&I324&") AS "&I324&"," -> DECODE(C_T., 0, NULL, C_T.) AS ,
A563: ="HTP.P('<"&I325&">' || "&IF(MID(I325,1,4)="STUB","NULL","REC."&I325)&" || '</"&I325&">');" -> HTP.P('<>' || REC. || '</>'); | C563: ="DECODE(C_T."&I325&", 0, NULL, C_T."&I325&") AS "&I325&"," -> DECODE(C_T., 0, NULL, C_T.) AS ,
A564: ="HTP.P('<"&I326&">' || "&IF(MID(I326,1,4)="STUB","NULL","REC."&I326)&" || '</"&I326&">');" -> HTP.P('<>' || REC. || '</>'); | C564: ="DECODE(C_T."&I326&", 0, NULL, C_T."&I326&") AS "&I326&"," -> DECODE(C_T., 0, NULL, C_T.) AS ,
A565: ="HTP.P('<"&I327&">' || "&IF(MID(I327,1,4)="STUB","NULL","REC."&I327)&" || '</"&I327&">');" -> HTP.P('<>' || REC. || '</>'); | C565: ="DECODE(C_T."&I327&", 0, NULL, C_T."&I327&") AS "&I327&"," -> DECODE(C_T., 0, NULL, C_T.) AS ,
A566: ="HTP.P('<"&I328&">' || "&IF(MID(I328,1,4)="STUB","NULL","REC."&I328)&" || '</"&I328&">');" -> HTP.P('<>' || REC. || '</>'); | C566: ="DECODE(C_T."&I328&", 0, NULL, C_T."&I328&") AS "&I328&"," -> DECODE(C_T., 0, NULL, C_T.) AS ,
A567: ="HTP.P('<"&I329&">' || "&IF(MID(I329,1,4)="STUB","NULL","REC."&I329)&" || '</"&I329&">');" -> HTP.P('<>' || REC. || '</>'); | C567: ="DECODE(C_T."&I329&", 0, NULL, C_T."&I329&") AS "&I329&"," -> DECODE(C_T., 0, NULL, C_T.) AS ,
A568: ="HTP.P('<"&I330&">' || "&IF(MID(I330,1,4)="STUB","NULL","REC."&I330)&" || '</"&I330&">');" -> HTP.P('<>' || REC. || '</>'); | C568: ="DECODE(C_T."&I330&", 0, NULL, C_T."&I330&") AS "&I330&"," -> DECODE(C_T., 0, NULL, C_T.) AS ,
A569: ="HTP.P('<"&I331&">' || "&IF(MID(I331,1,4)="STUB","NULL","REC."&I331)&" || '</"&I331&">');" -> HTP.P('<>' || REC. || '</>'); | C569: ="DECODE(C_T."&I331&", 0, NULL, C_T."&I331&") AS "&I331&"," -> DECODE(C_T., 0, NULL, C_T.) AS ,
... A637: ="HTP.P('<"&I399&">' || "&IF(MID(I399,1,4)="STUB","NULL","REC."&I399)&" || '</"&I399&">');" -> HTP.P('<>' || REC. || '</>'); | C637: ="DECODE(C_T."&I399&", 0, NULL, C_T."&I399&") AS "&I399&"," -> DECODE(C_T., 0, NULL, C_T.) AS ,
A644: ="HTP.P('<"&I406&">' || "&IF(MID(I406,1,6)="L_STUB","NULL","REC."&I406)&" || '</"&I406&">');" -> HTP.P('<>' || REC. || '</>'); | C644: ="DECODE(C_T."&I406&", 0, NULL, C_T."&I406&") AS "&I406&"," -> DECODE(C_T., 0, NULL, C_T.) AS ,
A645: ="HTP.P('<"&I407&">' || "&IF(MID(I407,1,6)="L_STUB","NULL","REC."&I407)&" || '</"&I407&">');" -> HTP.P('<>' || REC. || '</>'); | C645: ="DECODE(C_T."&I407&", 0, NULL, C_T."&I407&") AS "&I407&"," -> DECODE(C_T., 0, NULL, C_T.) AS ,
A646: ="HTP.P('<"&I408&">' || "&IF(MID(I408,1,6)="L_STUB","NULL","REC."&I408)&" || '</"&I408&">');" -> HTP.P('<>' || REC. || '</>'); | C646: ="DECODE(C_T."&I408&", 0, NULL, C_T."&I408&") AS "&I408&"," -> DECODE(C_T., 0, NULL, C_T.) AS ,
A647: ="HTP.P('<"&I409&">' || "&IF(MID(I409,1,6)="L_STUB","NULL","REC."&I409)&" || '</"&I409&">');" -> HTP.P('<>' || REC. || '</>'); | C647: ="DECODE(C_T."&I409&", 0, NULL, C_T."&I409&") AS "&I409&"," -> DECODE(C_T., 0, NULL, C_T.) AS ,
A648: ="HTP.P('<"&I410&">' || "&IF(MID(I410,1,6)="L_STUB","NULL","REC."&I410)&" || '</"&I410&">');" -> HTP.P('<>' || REC. || '</>'); | C648: ="DECODE(C_T."&I410&", 0, NULL, C_T."&I410&") AS "&I410&"," -> DECODE(C_T., 0, NULL, C_T.) AS ,
A649: ="HTP.P('<"&I411&">' || "&IF(MID(I411,1,6)="L_STUB","NULL","REC."&I411)&" || '</"&I411&">');" -> HTP.P('<>' || REC. || '</>'); | C649: ="DECODE(C_T."&I411&", 0, NULL, C_T."&I411&") AS "&I411&"," -> DECODE(C_T., 0, NULL, C_T.) AS ,
A650: ="HTP.P('<"&I412&">' || "&IF(MID(I412,1,6)="L_STUB","NULL","REC."&I412)&" || '</"&I412&">');" -> HTP.P('<>' || REC. || '</>'); | C650: ="DECODE(C_T."&I412&", 0, NULL, C_T."&I412&") AS "&I412&"," -> DECODE(C_T., 0, NULL, C_T.) AS ,
A651: ="HTP.P('<"&I413&">' || "&IF(MID(I413,1,6)="L_STUB","NULL","REC."&I413)&" || '</"&I413&">');" -> HTP.P('<>' || REC. || '</>'); | C651: ="DECODE(C_T."&I413&", 0, NULL, C_T."&I413&") AS "&I413&"," -> DECODE(C_T., 0, NULL, C_T.) AS ,
A652: ="HTP.P('<"&I414&">' || "&IF(MID(I414,1,6)="L_STUB","NULL","REC."&I414)&" || '</"&I414&">');" -> HTP.P('<>' || REC. || '</>'); | C652: ="DECODE(C_T."&I414&", 0, NULL, C_T."&I414&") AS "&I414&"," -> DECODE(C_T., 0, NULL, C_T.) AS ,
A653: ="HTP.P('<"&I415&">' || "&IF(MID(I415,1,6)="L_STUB","NULL","REC."&I415)&" || '</"&I415&">');" -> HTP.P('<>' || REC. || '</>'); | C653: ="DECODE(C_T."&I415&", 0, NULL, C_T."&I415&") AS "&I415&"," -> DECODE(C_T., 0, NULL, C_T.) AS ,
A654: ="HTP.P('<"&I416&">' || "&IF(MID(I416,1,6)="L_STUB","NULL","REC."&I416)&" || '</"&I416&">');" -> HTP.P('<>' || REC. || '</>'); | C654: ="DECODE(C_T."&I416&", 0, NULL, C_T."&I416&") AS "&I416&"," -> DECODE(C_T., 0, NULL, C_T.) AS ,
A655: ="HTP.P('<"&I417&">' || "&IF(MID(I417,1,6)="L_STUB","NULL","REC."&I417)&" || '</"&I417&">');" -> HTP.P('<>' || REC. || '</>'); | C655: ="DECODE(C_T."&I417&", 0, NULL, C_T."&I417&") AS "&I417&"," -> DECODE(C_T., 0, NULL, C_T.) AS ,
...

Sheet TECH_HORISONTAL
A3: ADD_LIST_ORG_RANGE
D4: Изменить | E4: × | G4: =IF(LEN(INN)=0,"Не определено",INN) -> 8614000871 | H4: =IF(LEN(KPP)=0,"Не определено",KPP) -> 861401001 | I4: =IF(LEN(ORG)=0,"Не определено",ORG) -> ООО "ПриобьСтройГарант" | J4: =IF(LEN(OPF)=0,"Не определено",OPF) -> 1 23 00 | Общества с ограниченной ответственностью | P4: =IF(LEN(BZ4)=0,"ACTI","DELD") -> ACTI | U4: =IF(LEN(T4)=0,"",VLOOKUP(T4,OKTMO_VS_TYPE_LIST,2,FALSE)) | CC4: =IF(LEN(Титульный!$H$33)=0,"Не определено",Титульный!$H$33) -> Зыблева Александра Владимировна | CD4: =IF(LEN(Титульный!$H$34)=0,"Не определено",Титульный!$H$34) -> Экономист | CE4: =IF(LEN(Титульный!$H$35)=0,"Не определено",Титульный!$H$35) -> 8 (34678) 24-4-29 | CF4: =IF(LEN(Титульный!$H$36)=0,"Не определено",Титульный!$H$36) -> priobstroygarant@yandex.ru
A7: LIST_SRC_ADD_RANGE
D8: Изменить | E8: Удалить | Q8: 0 | R8: =F8&".0" -> .0 | AB8: 0
AC9: Добавить объект
A12: LIST_SRC_ADD_OBJECT_RANGE
Z13: Изменить | AA13: ×
A19: FUEL_DATA_ADD_RANGE
D20: TBD | E20: Удалить | F20: =B20 -> 0 | G20: МО / Организация / Филиал / Кол-во объектов | M20: =SUM($P31:$GE31)+SUM($P51:$GE51) -> 0 | T20: Включить в расчёт | U20: Включить в расчёт | V20: Включить в расчёт | W20: Включить в расчёт | X20: Включить в расчёт | Y20: Включить в расчёт | Z20: Включить в расчёт | AA20: Включить в расчёт | AB20: Включить в расчёт | AC20: Включить в расчёт | AD20: Включить в расчёт | AE20: Включить в расчёт | AF20: Включить в расчёт | AG20: Включить в расчёт | AH20: Включить в расчёт | AI20: Включить в расчёт | AJ20: Включить в расчёт | AK20: Включить в расчёт | AL20: Включить в расчёт | AM20: Включить в расчёт | AN20: Включить в расчёт | AO20: Включить в расчёт | AP20: Включить в расчёт | AQ20: Включить в расчёт | AR20: Включить в расчёт | AS20: Включить в расчёт | AT20: Включить в расчёт | AU20: Включить в расчёт | AV20: Включить в расчёт | AW20: Включить в расчёт | AX20: Включить в расчёт | AY20: Включить в расчёт | AZ20: Включить в расчёт | BA20: Включить в расчёт | BB20: Включить в расчёт | BC20: Включить в расчёт | BH20: Включить в расчёт | BI20: Включить в расчёт | BJ20: Включить в расчёт | BK20: Включить в расчёт | BL20: Включить в расчёт | BM20: Включить в расчёт | BN20: Включить в расчёт | BO20: Включить в расчёт | BP20: Включить в расчёт | BQ20: Включить в расчёт | BR20: Включить в расчёт | BS20: Включить в расчёт | BT20: Включить в расчёт | BU20: Включить в расчёт | BV20: Включить в расчёт | BW20: Включить в расчёт | CB20: Включить в расчёт | CC20: Включить в расчёт | CD20: Включить в расчёт | CE20: Включить в расчёт | CF20: Включить в расчёт | CG20: Включить в расчёт | CH20: Включить в расчёт | CI20: Включить в расчёт | CJ20: Включить в расчёт | CK20: Включить в расчёт | CL20: Включить в расчёт | CM20: Включить в расчёт | CN20: Включить в расчёт | CO20: Включить в расчёт | CP20: Включить в расчёт | CQ20: Включить в расчёт | CR20: Включить в расчёт | CS20: Включить в расчёт | CT20: Включить в расчёт | CU20: Включить в расчёт | CV20: Включить в расчёт | CW20: Включить в расчёт | CX20: Включить в расчёт | CY20: Включить в расчёт | CZ20: Включить в расчёт | DA20: Включить в расчёт | DB20: Включить в расчёт | DC20: Включить в расчёт | DH20: Включить в расчёт | DI20: Включить в расчёт | DJ20: Включить в расчёт | DK20: Включить в расчёт | DL20: Включить в расчёт | DM20: Включить в расчёт | DN20: Включить в расчёт | DO20: Включить в расчёт | DP20: Включить в расчёт | DQ20: Включить в расчёт | DR20: Включить в расчёт | DS20: Включить в расчёт | DT20: Включить в расчёт | DU20: Включить в расчёт | DV20: Включить в расчёт | DW20: Включить в расчёт | DX20: Включить в расчёт | DY20: Включить в расчёт | DZ20: Включить в расчёт | EA20: Включить в расчёт | EB20: Включить в расчёт | EC20: Включить в расчёт | ED20: Включить в расчёт | EE20: Включить в расчёт | EF20: Включить в расчёт | EG20: Включить в расчёт | EH20: Включить в расчёт | EI20: Включить в расчёт | EJ20: Включить в расчёт | EK20: Включить в расчёт | EL20: Включить в расчёт | EM20: Включить в расчёт | EN20: Включить в расчёт | EO20: Включить в расчёт | EP20: Включить в расчёт | EQ20: Включить в расчёт | ER20: Включить в расчёт | ES20: Включить в расчёт | ET20: Включить в расчёт | EU20: Включить в расчёт | EV20: Включить в расчёт | EW20: Включить в расчёт | EX20: Включить в расчёт | EY20: Включить в расчёт | EZ20: Включить в расчёт | FA20: Включить в расчёт | FB20: Включить в расчёт | FC20: Включить в расчёт | FD20: Включить в расчёт | FE20: Включить в расчёт | FF20: Включить в расчёт | FG20: Включить в расчёт | FH20: Включить в расчёт | FI20: Включить в расчёт | FJ20: Включить в расчёт | FK20: Включить в расчёт | FL20: Включить в расчёт | FM20: Включить в расчёт | FN20: Включить в расчёт | FO20: Включить в расчёт | FP20: Включить в расчёт | FQ20: Включить в расчёт | FR20: Включить в расчёт | FS20: Включить в расчёт | FT20: Включить в расчёт | FU20: Включить в расчёт | FV20: Включить в расчёт | FW20: Включить в расчёт | FX20: Включить в расчёт | FY20: Включить в расчёт | FZ20: Включить в расчёт | GA20: Включить в расчёт | GB20: Включить в расчёт | GC20: Включить в расчёт | GD20: Включить в расчёт | GE20: Включить в расчёт | GH20: =SUMIF($P$53:$GE$53,"12 месяцев",$P31:$GE31)+SUMIF($P$53:$GE$53,"12 месяцев",$P51:$GE51) -> 0 | GI20: =SUMIF($P$53:$GE$53,"9 месяцев",$P31:$GE31)+SUMIF($P$53:$GE$53,"9 месяцев",$P51:$GE51) -> 0 | GJ20: =SUMIF($P$53:$GE$53,"I полугодие",$P31:$GE31)+SUMIF($P$53:$GE$53,"I полугодие",$P51:$GE51) -> 0 | GK20: =SUMIF($P$53:$GE$53,"I квартал",$P31:$GE31)+SUMIF($P$53:$GE$53,"I квартал",$P51:$GE51) -> 0
Q21: =$D20 -> TBD | R21: =$D20 -> TBD | S21: =$D20 -> TBD | BE21: =$D20 -> TBD | BF21: =$D20 -> TBD | BG21: =$D20 -> TBD | BY21: =$D20 -> TBD | BZ21: =$D20 -> TBD | CA21: =$D20 -> TBD | DE21: =$D20 -> TBD | DF21: =$D20 -> TBD | DG21: =$D20 -> TBD
F22: 1.1.1 | G22: Цена натурального топлива без учёта транспортировки (руб./ед.изм.) | J22: без НДС | BD22: =IF(BD28=0,0,(BD31-BD39-BD44-BD49)*1000/BD28) -> 0 | BE22: =IF(BE28=0,0,(BE31-BE39-BE44-BE49)*1000/BE28) -> 0 | BF22: =IF(BF28=0,0,(BF31-BF39-BF44-BF49)*1000/BF28) -> 0 | BG22: =IF(BG28=0,0,(BG31-BG39-BG44-BG49)*1000/BG28) -> 0 | BX22: =IF(BX28=0,0,(BX31-BX39-BX44-BX49)*1000/BX28) -> 0 | BY22: =IF(BY28=0,0,(BY31-BY39-BY44-BY49)*1000/BY28) -> 0 | BZ22: =IF(BZ28=0,0,(BZ31-BZ39-BZ44-BZ49)*1000/BZ28) -> 0 | CA22: =IF(CA28=0,0,(CA31-CA39-CA44-CA49)*1000/CA28) -> 0 | DD22: =IF(DD28=0,0,(DD31-DD39-DD44-DD49)*1000/DD28) -> 0 | DE22: =IF(DE28=0,0,(DE31-DE39-DE44-DE49)*1000/DE28) -> 0 | DF22: =IF(DF28=0,0,(DF31-DF39-DF44-DF49)*1000/DF28) -> 0 | DG22: =IF(DG28=0,0,(DG31-DG39-DG44-DG49)*1000/DG28) -> 0
F23: 1.1.2 | J23: с НДС | BD23: =IF(BD28=0,0,(BD32-BD40-BD45-BD50)*1000/BD28) -> 0 | BE23: =IF(BE28=0,0,(BE32-BE40-BE45-BE50)*1000/BE28) -> 0 | BF23: =IF(BF28=0,0,(BF32-BF40-BF45-BF50)*1000/BF28) -> 0 | BG23: =IF(BG28=0,0,(BG32-BG40-BG45-BG50)*1000/BG28) -> 0 | BX23: =IF(BX28=0,0,(BX32-BX40-BX45-BX50)*1000/BX28) -> 0 | BY23: =IF(BY28=0,0,(BY32-BY40-BY45-BY50)*1000/BY28) -> 0 | BZ23: =IF(BZ28=0,0,(BZ32-BZ40-BZ45-BZ50)*1000/BZ28) -> 0 | CA23: =IF(CA28=0,0,(CA32-CA40-CA45-CA50)*1000/CA28) -> 0 | DD23: =IF(DD28=0,0,(DD32-DD40-DD45-DD50)*1000/DD28) -> 0 | DE23: =IF(DE28=0,0,(DE32-DE40-DE45-DE50)*1000/DE28) -> 0 | DF23: =IF(DF28=0,0,(DF32-DF40-DF45-DF50)*1000/DF28) -> 0 | DG23: =IF(DG28=0,0,(DG32-DG40-DG45-DG50)*1000/DG28) -> 0
F24: 1.2.1 | G24: Цена натурального топлива с учётом транспортировки (руб./ед.изм.) | J24: без НДС | P24: =IF(P28=0,0,P31*1000/P28) -> 0 | Q24: =IF(Q28=0,0,Q31*1000/Q28) -> 0 | R24: =IF(R28=0,0,R31*1000/R28) -> 0 | S24: =IF(S28=0,0,S31*1000/S28) -> 0 | BD24: =IF(BD28=0,0,BD31*1000/BD28) -> 0 | BE24: =IF(BE28=0,0,BE31*1000/BE28) -> 0 | BF24: =IF(BF28=0,0,BF31*1000/BF28) -> 0 | BG24: =IF(BG28=0,0,BG31*1000/BG28) -> 0 | BX24: =IF(BX28=0,0,BX31*1000/BX28) -> 0 | BY24: =IF(BY28=0,0,BY31*1000/BY28) -> 0 | BZ24: =IF(BZ28=0,0,BZ31*1000/BZ28) -> 0 | CA24: =IF(CA28=0,0,CA31*1000/CA28) -> 0 | DD24: =IF(DD28=0,0,DD31*1000/DD28) -> 0 | DE24: =IF(DE28=0,0,DE31*1000/DE28) -> 0 | DF24: =IF(DF28=0,0,DF31*1000/DF28) -> 0 | DG24: =IF(DG28=0,0,DG31*1000/DG28) -> 0
F25: 1.2.2 | J25: с НДС | P25: =IF(P28=0,0,P32*1000/P28) -> 0 | Q25: =IF(Q28=0,0,Q32*1000/Q28) -> 0 | R25: =IF(R28=0,0,R32*1000/R28) -> 0 | S25: =IF(S28=0,0,S32*1000/S28) -> 0 | BD25: =IF(BD28=0,0,BD32*1000/BD28) -> 0 | BE25: =IF(BE28=0,0,BE32*1000/BE28) -> 0 | BF25: =IF(BF28=0,0,BF32*1000/BF28) -> 0 | BG25: =IF(BG28=0,0,BG32*1000/BG28) -> 0 | BX25: =IF(BX28=0,0,BX32*1000/BX28) -> 0 | BY25: =IF(BY28=0,0,BY32*1000/BY28) -> 0 | BZ25: =IF(BZ28=0,0,BZ32*1000/BZ28) -> 0 | CA25: =IF(CA28=0,0,CA32*1000/CA28) -> 0 | DD25: =IF(DD28=0,0,DD32*1000/DD28) -> 0 | DE25: =IF(DE28=0,0,DE32*1000/DE28) -> 0 | DF25: =IF(DF28=0,0,DF32*1000/DF28) -> 0 | DG25: =IF(DG28=0,0,DG32*1000/DG28) -> 0
F26: 1.3.1 | G26: Цена условного топлива с учётом транспортировки (руб./тут) | J26: без НДС | P26: =IF(P30=0,0,P31*1000/P30) -> 0 | Q26: =IF(Q30=0,0,Q31*1000/Q30) -> 0 | R26: =IF(R30=0,0,R31*1000/R30) -> 0 | S26: =IF(S30=0,0,S31*1000/S30) -> 0 | BD26: =IF(BD30=0,0,BD31*1000/BD30) -> 0 | BE26: =IF(BE30=0,0,BE31*1000/BE30) -> 0 | BF26: =IF(BF30=0,0,BF31*1000/BF30) -> 0 | BG26: =IF(BG30=0,0,BG31*1000/BG30) -> 0 | BX26: =IF(BX30=0,0,BX31*1000/BX30) -> 0 | BY26: =IF(BY30=0,0,BY31*1000/BY30) -> 0 | BZ26: =IF(BZ30=0,0,BZ31*1000/BZ30) -> 0 | CA26: =IF(CA30=0,0,CA31*1000/CA30) -> 0 | DD26: =IF(DD30=0,0,DD31*1000/DD30) -> 0 | DE26: =IF(DE30=0,0,DE31*1000/DE30) -> 0 | DF26: =IF(DF30=0,0,DF31*1000/DF30) -> 0 | DG26: =IF(DG30=0,0,DG31*1000/DG30) -> 0
F27: 1.3.2 | J27: с НДС | P27: =IF(P30=0,0,P32*1000/P30) -> 0 | Q27: =IF(Q30=0,0,Q32*1000/Q30) -> 0 | R27: =IF(R30=0,0,R32*1000/R30) -> 0 | S27: =IF(S30=0,0,S32*1000/S30) -> 0 | BD27: =IF(BD30=0,0,BD32*1000/BD30) -> 0 | BE27: =IF(BE30=0,0,BE32*1000/BE30) -> 0 | BF27: =IF(BF30=0,0,BF32*1000/BF30) -> 0 | BG27: =IF(BG30=0,0,BG32*1000/BG30) -> 0 | BX27: =IF(BX30=0,0,BX32*1000/BX30) -> 0 | BY27: =IF(BY30=0,0,BY32*1000/BY30) -> 0 | BZ27: =IF(BZ30=0,0,BZ32*1000/BZ30) -> 0 | CA27: =IF(CA30=0,0,CA32*1000/CA30) -> 0 | DD27: =IF(DD30=0,0,DD32*1000/DD30) -> 0 | DE27: =IF(DE30=0,0,DE32*1000/DE30) -> 0 | DF27: =IF(DF30=0,0,DF32*1000/DF30) -> 0 | DG27: =IF(DG30=0,0,DG32*1000/DG30) -> 0
F28: 2.1 | G28: Объём натурального топлива, всего | P28: =SUM(T28,X28,AB28) -> 0 | Q28: =SUM(U28,Y28,AC28) -> 0 | R28: =SUM(V28,Z28,AD28) -> 0 | S28: =SUM(W28,AA28,AE28) -> 0 | BD28: =SUM(BH28,BL28,BP28,BT28) -> 0 | BE28: =SUM(BI28,BM28,BQ28,BU28) -> 0 | BF28: =SUM(BJ28,BN28,BR28,BV28) -> 0 | BG28: =SUM(BK28,BO28,BS28,BW28) -> 0 | BX28: =SUM(CB28,CF28,CJ28,CN28,CR28,CV28) -> 0 | BY28: =SUM(CC28,CG28,CK28,CO28,CS28,CW28) -> 0 | BZ28: =SUM(CD28,CH28,CL28,CP28,CT28,CX28) -> 0 | CA28: =SUM(CE28,CI28,CM28,CQ28,CU28,CY28) -> 0 | DD28: =SUM(DH28,DL28,DP28,DT28,DX28,EB28,EF28,EJ28,EN28) -> 0 | DE28: =SUM(DI28,DM28,DQ28,DU28,DY28,EC28,EG28,EK28,EO28) -> 0 | DF28: =SUM(DJ28,DN28,DR28,DV28,DZ28,ED28,EH28,EL28,EP28) -> 0 | DG28: =SUM(DK28,DO28,DS28,DW28,EA28,EE28,EI28,EM28,EQ28) -> 0
F29: 2.2 | G29: Переводной коэффициент
F30: 2.3 | G30: Объём условного топлива, всего (тут) | P30: =SUM(T30,X30,AB30) -> 0 | Q30: =SUM(U30,Y30,AC30) -> 0 | R30: =SUM(V30,Z30,AD30) -> 0 | S30: =SUM(W30,AA30,AE30) -> 0 | BD30: =SUM(BH30,BL30,BP30,BT30) -> 0 | BE30: =SUM(BI30,BM30,BQ30,BU30) -> 0 | BF30: =SUM(BJ30,BN30,BR30,BV30) -> 0 | BG30: =SUM(BK30,BO30,BS30,BW30) -> 0 | BX30: =SUM(CB30,CF30,CJ30,CN30,CR30,CV30) -> 0 | BY30: =SUM(CC30,CG30,CK30,CO30,CS30,CW30) -> 0 | BZ30: =SUM(CD30,CH30,CL30,CP30,CT30,CX30) -> 0 | CA30: =SUM(CE30,CI30,CM30,CQ30,CU30,CY30) -> 0 | DD30: =SUM(DH30,DL30,DP30,DT30,DX30,EB30,EF30,EJ30,EN30) -> 0 | DE30: =SUM(DI30,DM30,DQ30,DU30,DY30,EC30,EG30,EK30,EO30) -> 0 | DF30: =SUM(DJ30,DN30,DR30,DV30,DZ30,ED30,EH30,EL30,EP30) -> 0 | DG30: =SUM(DK30,DO30,DS30,DW30,EA30,EE30,EI30,EM30,EQ30) -> 0
F31: 3.1 | G31: Затраты на топливо, всего (тыс.руб.) | J31: без НДС | P31: =SUM(T31,X31,AB31) -> 0 | Q31: =SUM(U31,Y31,AC31) -> 0 | R31: =SUM(V31,Z31,AD31) -> 0 | S31: =SUM(W31,AA31,AE31) -> 0 | BD31: =SUM(BH31,BL31,BP31,BT31) -> 0 | BE31: =SUM(BI31,BM31,BQ31,BU31) -> 0 | BF31: =SUM(BJ31,BN31,BR31,BV31) -> 0 | BG31: =SUM(BK31,BO31,BS31,BW31) -> 0 | BX31: =SUM(CB31,CF31,CJ31,CN31,CR31,CV31) -> 0 | BY31: =SUM(CC31,CG31,CK31,CO31,CS31,CW31) -> 0 | BZ31: =SUM(CD31,CH31,CL31,CP31,CT31,CX31) -> 0 | CA31: =SUM(CE31,CI31,CM31,CQ31,CU31,CY31) -> 0 | DD31: =SUM(DH31,DL31,DP31,DT31,DX31,EB31,EF31,EJ31,EN31) -> 0 | DE31: =SUM(DI31,DM31,DQ31,DU31,DY31,EC31,EG31,EK31,EO31) -> 0 | DF31: =SUM(DJ31,DN31,DR31,DV31,DZ31,ED31,EH31,EL31,EP31) -> 0 | DG31: =SUM(DK31,DO31,DS31,DW31,EA31,EE31,EI31,EM31,EQ31) -> 0
F32: 3.2 | J32: с НДС | P32: =SUM(T32,X32,AB32) -> 0 | Q32: =SUM(U32,Y32,AC32) -> 0 | R32: =SUM(V32,Z32,AD32) -> 0 | S32: =SUM(W32,AA32,AE32) -> 0 | BD32: =SUM(BH32,BL32,BP32,BT32) -> 0 | BE32: =SUM(BI32,BM32,BQ32,BU32) -> 0 | BF32: =SUM(BJ32,BN32,BR32,BV32) -> 0 | BG32: =SUM(BK32,BO32,BS32,BW32) -> 0 | BX32: =SUM(CB32,CF32,CJ32,CN32,CR32,CV32) -> 0 | BY32: =SUM(CC32,CG32,CK32,CO32,CS32,CW32) -> 0 | BZ32: =SUM(CD32,CH32,CL32,CP32,CT32,CX32) -> 0 | CA32: =SUM(CE32,CI32,CM32,CQ32,CU32,CY32) -> 0 | DD32: =SUM(DH32,DL32,DP32,DT32,DX32,EB32,EF32,EJ32,EN32) -> 0 | DE32: =SUM(DI32,DM32,DQ32,DU32,DY32,EC32,EG32,EK32,EO32) -> 0 | DF32: =SUM(DJ32,DN32,DR32,DV32,DZ32,ED32,EH32,EL32,EP32) -> 0 | DG32: =SUM(DK32,DO32,DS32,DW32,EA32,EE32,EI32,EM32,EQ32) -> 0
F33: 4.1.1 | G33: Топливо, транспортируемое по сетям, магистралям (трубопроводам) | I33: Средний тариф транзитной транспортировки (руб./тыс.куб.м) | J33: без НДС
F34: 4.1.2 | J34: с НДС
F35: 4.2 | I35: Объём топлива, транспортируемого в транзитном потоке | P35: =SUM(T35,X35,AB35) -> 0 | Q35: =SUM(U35,Y35,AC35) -> 0 | R35: =SUM(V35,Z35,AD35) -> 0 | S35: =SUM(W35,AA35,AE35) -> 0
F36: 5.1.1 | G36: Топливо, транспортируемое по дорогам (авто, ж/д), а также прочие виды транспортировки | H36: Транспортировка топлива автоперевозками | I36: Тариф (цена за единицу) (руб./ед.изм.) | J36: без НДС | BD36: =IF(BD38=0,0,BD39*1000/BD38) -> 0 | BE36: =IF(BE38=0,0,BE39*1000/BE38) -> 0 | BF36: =IF(BF38=0,0,BF39*1000/BF38) -> 0 | BG36: =IF(BG38=0,0,BG39*1000/BG38) -> 0 | BX36: =IF(BX38=0,0,BX39*1000/BX38) -> 0 | BY36: =IF(BY38=0,0,BY39*1000/BY38) -> 0 | BZ36: =IF(BZ38=0,0,BZ39*1000/BZ38) -> 0 | CA36: =IF(CA38=0,0,CA39*1000/CA38) -> 0 | DD36: =IF(DD38=0,0,DD39*1000/DD38) -> 0 | DE36: =IF(DE38=0,0,DE39*1000/DE38) -> 0 | DF36: =IF(DF38=0,0,DF39*1000/DF38) -> 0 | DG36: =IF(DG38=0,0,DG39*1000/DG38) -> 0
F37: 5.1.2 | J37: с НДС | BD37: =IF(BD38=0,0,BD40*1000/BD38) -> 0 | BE37: =IF(BE38=0,0,BE40*1000/BE38) -> 0 | BF37: =IF(BF38=0,0,BF40*1000/BF38) -> 0 | BG37: =IF(BG38=0,0,BG40*1000/BG38) -> 0 | BX37: =IF(BX38=0,0,BX40*1000/BX38) -> 0 | BY37: =IF(BY38=0,0,BY40*1000/BY38) -> 0 | BZ37: =IF(BZ38=0,0,BZ40*1000/BZ38) -> 0 | CA37: =IF(CA38=0,0,CA40*1000/CA38) -> 0 | DD37: =IF(DD38=0,0,DD40*1000/DD38) -> 0 | DE37: =IF(DE38=0,0,DE40*1000/DE38) -> 0 | DF37: =IF(DF38=0,0,DF40*1000/DF38) -> 0 | DG37: =IF(DG38=0,0,DG40*1000/DG38) -> 0
F38: 5.2 | I38: Объём топлива | BD38: =SUM(BH38,BL38,BP38,BT38) -> 0 | BE38: =SUM(BI38,BM38,BQ38,BU38) -> 0 | BF38: =SUM(BJ38,BN38,BR38,BV38) -> 0 | BG38: =SUM(BK38,BO38,BS38,BW38) -> 0 | BX38: =SUM(CB38,CF38,CJ38,CN38,CR38,CV38) -> 0 | BY38: =SUM(CC38,CG38,CK38,CO38,CS38,CW38) -> 0 | BZ38: =SUM(CD38,CH38,CL38,CP38,CT38,CX38) -> 0 | CA38: =SUM(CE38,CI38,CM38,CQ38,CU38,CY38) -> 0 | DD38: =SUM(DH38,DL38,DP38,DT38,DX38,EB38,EF38,EJ38,EN38) -> 0 | DE38: =SUM(DI38,DM38,DQ38,DU38,DY38,EC38,EG38,EK38,EO38) -> 0 | DF38: =SUM(DJ38,DN38,DR38,DV38,DZ38,ED38,EH38,EL38,EP38) -> 0 | DG38: =SUM(DK38,DO38,DS38,DW38,EA38,EE38,EI38,EM38,EQ38) -> 0
F39: 5.3.1 | I39: Затраты (тыс.руб.) | J39: без НДС | BD39: =SUM(BH39,BL39,BP39,BT39) -> 0 | BE39: =SUM(BI39,BM39,BQ39,BU39) -> 0 | BF39: =SUM(BJ39,BN39,BR39,BV39) -> 0 | BG39: =SUM(BK39,BO39,BS39,BW39) -> 0 | BX39: =SUM(CB39,CF39,CJ39,CN39,CR39,CV39) -> 0 | BY39: =SUM(CC39,CG39,CK39,CO39,CS39,CW39) -> 0 | BZ39: =SUM(CD39,CH39,CL39,CP39,CT39,CX39) -> 0 | CA39: =SUM(CE39,CI39,CM39,CQ39,CU39,CY39) -> 0 | DD39: =SUM(DH39,DL39,DP39,DT39,DX39,EB39,EF39,EJ39,EN39) -> 0 | DE39: =SUM(DI39,DM39,DQ39,DU39,DY39,EC39,EG39,EK39,EO39) -> 0 | DF39: =SUM(DJ39,DN39,DR39,DV39,DZ39,ED39,EH39,EL39,EP39) -> 0 | DG39: =SUM(DK39,DO39,DS39,DW39,EA39,EE39,EI39,EM39,EQ39) -> 0
F40: 5.3.2 | J40: с НДС | BD40: =SUM(BH40,BL40,BP40,BT40) -> 0 | BE40: =SUM(BI40,BM40,BQ40,BU40) -> 0 | BF40: =SUM(BJ40,BN40,BR40,BV40) -> 0 | BG40: =SUM(BK40,BO40,BS40,BW40) -> 0 | BX40: =SUM(CB40,CF40,CJ40,CN40,CR40,CV40) -> 0 | BY40: =SUM(CC40,CG40,CK40,CO40,CS40,CW40) -> 0 | BZ40: =SUM(CD40,CH40,CL40,CP40,CT40,CX40) -> 0 | CA40: =SUM(CE40,CI40,CM40,CQ40,CU40,CY40) -> 0 | DD40: =SUM(DH40,DL40,DP40,DT40,DX40,EB40,EF40,EJ40,EN40) -> 0 | DE40: =SUM(DI40,DM40,DQ40,DU40,DY40,EC40,EG40,EK40,EO40) -> 0 | DF40: =SUM(DJ40,DN40,DR40,DV40,DZ40,ED40,EH40,EL40,EP40) -> 0 | DG40: =SUM(DK40,DO40,DS40,DW40,EA40,EE40,EI40,EM40,EQ40) -> 0
F41: 6.1.1 | H41: Транспортировка топлива ж/д перевозками | I41: Тариф (цена за единицу) (руб./ед.изм.) | J41: без НДС | BD41: =IF(BD43=0,0,BD44*1000/BD43) -> 0 | BE41: =IF(BE43=0,0,BE44*1000/BE43) -> 0 | BF41: =IF(BF43=0,0,BF44*1000/BF43) -> 0 | BG41: =IF(BG43=0,0,BG44*1000/BG43) -> 0 | BX41: =IF(BX43=0,0,BX44*1000/BX43) -> 0 | BY41: =IF(BY43=0,0,BY44*1000/BY43) -> 0 | BZ41: =IF(BZ43=0,0,BZ44*1000/BZ43) -> 0 | CA41: =IF(CA43=0,0,CA44*1000/CA43) -> 0 | DD41: =IF(DD43=0,0,DD44*1000/DD43) -> 0 | DE41: =IF(DE43=0,0,DE44*1000/DE43) -> 0 | DF41: =IF(DF43=0,0,DF44*1000/DF43) -> 0 | DG41: =IF(DG43=0,0,DG44*1000/DG43) -> 0
F42: 6.1.2 | J42: с НДС | BD42: =IF(BD43=0,0,BD45*1000/BD43) -> 0 | BE42: =IF(BE43=0,0,BE45*1000/BE43) -> 0 | BF42: =IF(BF43=0,0,BF45*1000/BF43) -> 0 | BG42: =IF(BG43=0,0,BG45*1000/BG43) -> 0 | BX42: =IF(BX43=0,0,BX45*1000/BX43) -> 0 | BY42: =IF(BY43=0,0,BY45*1000/BY43) -> 0 | BZ42: =IF(BZ43=0,0,BZ45*1000/BZ43) -> 0 | CA42: =IF(CA43=0,0,CA45*1000/CA43) -> 0 | DD42: =IF(DD43=0,0,DD45*1000/DD43) -> 0 | DE42: =IF(DE43=0,0,DE45*1000/DE43) -> 0 | DF42: =IF(DF43=0,0,DF45*1000/DF43) -> 0 | DG42: =IF(DG43=0,0,DG45*1000/DG43) -> 0
F43: 6.2 | I43: Объём топлива | BD43: =SUM(BH43,BL43,BP43,BT43) -> 0 | BE43: =SUM(BI43,BM43,BQ43,BU43) -> 0 | BF43: =SUM(BJ43,BN43,BR43,BV43) -> 0 | BG43: =SUM(BK43,BO43,BS43,BW43) -> 0 | BX43: =SUM(CB43,CF43,CJ43,CN43,CR43,CV43) -> 0 | BY43: =SUM(CC43,CG43,CK43,CO43,CS43,CW43) -> 0 | BZ43: =SUM(CD43,CH43,CL43,CP43,CT43,CX43) -> 0 | CA43: =SUM(CE43,CI43,CM43,CQ43,CU43,CY43) -> 0 | DD43: =SUM(DH43,DL43,DP43,DT43,DX43,EB43,EF43,EJ43,EN43) -> 0 | DE43: =SUM(DI43,DM43,DQ43,DU43,DY43,EC43,EG43,EK43,EO43) -> 0 | DF43: =SUM(DJ43,DN43,DR43,DV43,DZ43,ED43,EH43,EL43,EP43) -> 0 | DG43: =SUM(DK43,DO43,DS43,DW43,EA43,EE43,EI43,EM43,EQ43) -> 0
F44: 6.3.1 | I44: Затраты (тыс.руб.) | J44: без НДС | BD44: =SUM(BH44,BL44,BP44,BT44) -> 0 | BE44: =SUM(BI44,BM44,BQ44,BU44) -> 0 | BF44: =SUM(BJ44,BN44,BR44,BV44) -> 0 | BG44: =SUM(BK44,BO44,BS44,BW44) -> 0 | BX44: =SUM(CB44,CF44,CJ44,CN44,CR44,CV44) -> 0 | BY44: =SUM(CC44,CG44,CK44,CO44,CS44,CW44) -> 0 | BZ44: =SUM(CD44,CH44,CL44,CP44,CT44,CX44) -> 0 | CA44: =SUM(CE44,CI44,CM44,CQ44,CU44,CY44) -> 0 | DD44: =SUM(DH44,DL44,DP44,DT44,DX44,EB44,EF44,EJ44,EN44) -> 0 | DE44: =SUM(DI44,DM44,DQ44,DU44,DY44,EC44,EG44,EK44,EO44) -> 0 | DF44: =SUM(DJ44,DN44,DR44,DV44,DZ44,ED44,EH44,EL44,EP44) -> 0 | DG44: =SUM(DK44,DO44,DS44,DW44,EA44,EE44,EI44,EM44,EQ44) -> 0
F45: 6.3.2 | J45: с НДС | BD45: =SUM(BH45,BL45,BP45,BT45) -> 0 | BE45: =SUM(BI45,BM45,BQ45,BU45) -> 0 | BF45: =SUM(BJ45,BN45,BR45,BV45) -> 0 | BG45: =SUM(BK45,BO45,BS45,BW45) -> 0 | BX45: =SUM(CB45,CF45,CJ45,CN45,CR45,CV45) -> 0 | BY45: =SUM(CC45,CG45,CK45,CO45,CS45,CW45) -> 0 | BZ45: =SUM(CD45,CH45,CL45,CP45,CT45,CX45) -> 0 | CA45: =SUM(CE45,CI45,CM45,CQ45,CU45,CY45) -> 0 | DD45: =SUM(DH45,DL45,DP45,DT45,DX45,EB45,EF45,EJ45,EN45) -> 0 | DE45: =SUM(DI45,DM45,DQ45,DU45,DY45,EC45,EG45,EK45,EO45) -> 0 | DF45: =SUM(DJ45,DN45,DR45,DV45,DZ45,ED45,EH45,EL45,EP45) -> 0 | DG45: =SUM(DK45,DO45,DS45,DW45,EA45,EE45,EI45,EM45,EQ45) -> 0
F46: 7.1.1 | H46: Транспортировка топлива иными видами перевозок | I46: Тариф (цена за единицу) (руб./ед.изм.) | J46: без НДС | BD46: =IF(BD48=0,0,BD49*1000/BD48) -> 0 | BE46: =IF(BE48=0,0,BE49*1000/BE48) -> 0 | BF46: =IF(BF48=0,0,BF49*1000/BF48) -> 0 | BG46: =IF(BG48=0,0,BG49*1000/BG48) -> 0 | BX46: =IF(BX48=0,0,BX49*1000/BX48) -> 0 | BY46: =IF(BY48=0,0,BY49*1000/BY48) -> 0 | BZ46: =IF(BZ48=0,0,BZ49*1000/BZ48) -> 0 | CA46: =IF(CA48=0,0,CA49*1000/CA48) -> 0 | DD46: =IF(DD48=0,0,DD49*1000/DD48) -> 0 | DE46: =IF(DE48=0,0,DE49*1000/DE48) -> 0 | DF46: =IF(DF48=0,0,DF49*1000/DF48) -> 0 | DG46: =IF(DG48=0,0,DG49*1000/DG48) -> 0
F47: 7.1.2 | J47: с НДС | BD47: =IF(BD48=0,0,BD50*1000/BD48) -> 0 | BE47: =IF(BE48=0,0,BE50*1000/BE48) -> 0 | BF47: =IF(BF48=0,0,BF50*1000/BF48) -> 0 | BG47: =IF(BG48=0,0,BG50*1000/BG48) -> 0 | BX47: =IF(BX48=0,0,BX50*1000/BX48) -> 0 | BY47: =IF(BY48=0,0,BY50*1000/BY48) -> 0 | BZ47: =IF(BZ48=0,0,BZ50*1000/BZ48) -> 0 | CA47: =IF(CA48=0,0,CA50*1000/CA48) -> 0 | DD47: =IF(DD48=0,0,DD50*1000/DD48) -> 0 | DE47: =IF(DE48=0,0,DE50*1000/DE48) -> 0 | DF47: =IF(DF48=0,0,DF50*1000/DF48) -> 0 | DG47: =IF(DG48=0,0,DG50*1000/DG48) -> 0
F48: 7.2 | I48: Объём топлива | BD48: =SUM(BH48,BL48,BP48,BT48) -> 0 | BE48: =SUM(BI48,BM48,BQ48,BU48) -> 0 | BF48: =SUM(BJ48,BN48,BR48,BV48) -> 0 | BG48: =SUM(BK48,BO48,BS48,BW48) -> 0 | BX48: =SUM(CB48,CF48,CJ48,CN48,CR48,CV48) -> 0 | BY48: =SUM(CC48,CG48,CK48,CO48,CS48,CW48) -> 0 | BZ48: =SUM(CD48,CH48,CL48,CP48,CT48,CX48) -> 0 | CA48: =SUM(CE48,CI48,CM48,CQ48,CU48,CY48) -> 0 | DD48: =SUM(DH48,DL48,DP48,DT48,DX48,EB48,EF48,EJ48,EN48) -> 0 | DE48: =SUM(DI48,DM48,DQ48,DU48,DY48,EC48,EG48,EK48,EO48) -> 0 | DF48: =SUM(DJ48,DN48,DR48,DV48,DZ48,ED48,EH48,EL48,EP48) -> 0 | DG48: =SUM(DK48,DO48,DS48,DW48,EA48,EE48,EI48,EM48,EQ48) -> 0
F49: 7.3.1 | I49: Затраты (тыс.руб.) | J49: без НДС | BD49: =SUM(BH49,BL49,BP49,BT49) -> 0 | BE49: =SUM(BI49,BM49,BQ49,BU49) -> 0 | BF49: =SUM(BJ49,BN49,BR49,BV49) -> 0 | BG49: =SUM(BK49,BO49,BS49,BW49) -> 0 | BX49: =SUM(CB49,CF49,CJ49,CN49,CR49,CV49) -> 0 | BY49: =SUM(CC49,CG49,CK49,CO49,CS49,CW49) -> 0 | BZ49: =SUM(CD49,CH49,CL49,CP49,CT49,CX49) -> 0 | CA49: =SUM(CE49,CI49,CM49,CQ49,CU49,CY49) -> 0 | DD49: =SUM(DH49,DL49,DP49,DT49,DX49,EB49,EF49,EJ49,EN49) -> 0 | DE49: =SUM(DI49,DM49,DQ49,DU49,DY49,EC49,EG49,EK49,EO49) -> 0 | DF49: =SUM(DJ49,DN49,DR49,DV49,DZ49,ED49,EH49,EL49,EP49) -> 0 | DG49: =SUM(DK49,DO49,DS49,DW49,EA49,EE49,EI49,EM49,EQ49) -> 0
F50: 7.3.2 | J50: с НДС | BD50: =SUM(BH50,BL50,BP50,BT50) -> 0 | BE50: =SUM(BI50,BM50,BQ50,BU50) -> 0 | BF50: =SUM(BJ50,BN50,BR50,BV50) -> 0 | BG50: =SUM(BK50,BO50,BS50,BW50) -> 0 | BX50: =SUM(CB50,CF50,CJ50,CN50,CR50,CV50) -> 0 | BY50: =SUM(CC50,CG50,CK50,CO50,CS50,CW50) -> 0 | BZ50: =SUM(CD50,CH50,CL50,CP50,CT50,CX50) -> 0 | CA50: =SUM(CE50,CI50,CM50,CQ50,CU50,CY50) -> 0 | DD50: =SUM(DH50,DL50,DP50,DT50,DX50,EB50,EF50,EJ50,EN50) -> 0 | DE50: =SUM(DI50,DM50,DQ50,DU50,DY50,EC50,EG50,EK50,EO50) -> 0 | DF50: =SUM(DJ50,DN50,DR50,DV50,DZ50,ED50,EH50,EL50,EP50) -> 0 | DG50: =SUM(DK50,DO50,DS50,DW50,EA50,EE50,EI50,EM50,EQ50) -> 0
F51: 8.1 | G51: Электроэнергия | H51: Затраты, всего (тыс.руб.) | J51: без НДС
F52: 8.2 | J52: с НДС
F53: 9 | H53: Объём энергии / заявленной мощности
F54: 10.1 | H54: Тариф на энергию / заявленную мощность (руб./кВт*ч / руб./кВт*мес) | J54: без НДС
F55: 10.2 | J55: с НДС
G58: FUEL_DATA_NATURAL_GAS_RANGE | K58: =$D57 -> 0 | L58: =$D57 -> 0 | M58: =$D57 -> 0 | N58: =$D57 -> 0 | P58: =$D57 -> 0 | Q58: =$D57 -> 0 | R58: =$D57 -> 0 | S58: =$D57 -> 0
G59: FUEL_DATA_GAS_RANGE
G60: FUEL_DATA_GENERIC_RANGE | K60: =K59*K58 -> 0 | L60: =L59*L58 -> 0 | M60: =M59*M58 -> 0 | P60: =P59*P58 -> 0 | Q60: =Q59*Q58 -> 0 | R60: =R59*R58 -> 0
G61: FUEL_DATA_EE_RANGE | M61: =IF(M65=0,0,M68*1000/M65) -> 0 | R61: =IF(R65=0,0,R68*1000/R65) -> 0
G62: FUEL_DATA_EMPTY_RANGE | K62: =K61*K58 -> 0 | L62: =L61*L58 -> 0 | M62: =IF(M65=0,0,M69*1000/M65) -> 0 | P62: =P61*P58 -> 0 | Q62: =Q61*Q58 -> 0 | R62: =IF(R65=0,0,R69*1000/R65) -> 0
G63: FUEL_DATA_NATURAL_GAS_PREVIOUS_RANGE | K63: =IF(K67=0,0,K68*1000/K67) -> 0 | L63: =IF(L67=0,0,L68*1000/L67) -> 0 | M63: =IF(M67=0,0,M68*1000/M67) -> 0 | P63: =IF(P67=0,0,P68*1000/P67) -> 0 | Q63: =IF(Q67=0,0,Q68*1000/Q67) -> 0 | R63: =IF(R67=0,0,R68*1000/R67) -> 0
G64: FUEL_DATA_GAS_PREVIOUS_RANGE | K64: =IF(K67=0,0,K69*1000/K67) -> 0 | L64: =IF(L67=0,0,L69*1000/L67) -> 0 | M64: =IF(M67=0,0,M69*1000/M67) -> 0 | P64: =IF(P67=0,0,P69*1000/P67) -> 0 | Q64: =IF(Q67=0,0,Q69*1000/Q67) -> 0 | R64: =IF(R67=0,0,R69*1000/R67) -> 0
G65: FUEL_DATA_GENERIC_PREVIOUS_RANGE
G66: FUEL_DATA_EE_PREVIOUS_RANGE
K67: =K65*K66 -> 0 | L67: =L65*L66 -> 0 | M67: =M65*M66 -> 0 | P67: =P65*P66 -> 0 | Q67: =Q65*Q66 -> 0 | R67: =R65*R66 -> 0
K68: =K61*K65/1000 -> 0 | L68: =L61*L65/1000 -> 0 | M68: =M59*M65/1000+M76+M81+M86 -> 0 | P68: =P61*P65/1000 -> 0 | Q68: =Q61*Q65/1000 -> 0 | R68: =R59*R65/1000+R76+R81+R86 -> 0
K69: =K62*K65/1000 -> 0 | L69: =L62*L65/1000 -> 0 | M69: =M60*M65/1000+M77+M82+M87 -> 0 | P69: =P62*P65/1000 -> 0 | Q69: =Q62*Q65/1000 -> 0 | R69: =R60*R65/1000+R77+R82+R87 -> 0
K71: =K70*K58 -> 0 | P71: =P70*P58 -> 0
M74: =M73*M58 -> 0 | R74: =R73*R58 -> 0
M76: =M73*M75/1000 -> 0 | R76: =R73*R75/1000 -> 0
M77: =M74*M75/1000 -> 0 | R77: =R74*R75/1000 -> 0
M79: =M78*M58 -> 0 | R79: =R78*R58 -> 0
M81: =M78*M80/1000 -> 0 | R81: =R78*R80/1000 -> 0
M82: =M79*M80/1000 -> 0 | R82: =R79*R80/1000 -> 0
M84: =M83*M58 -> 0 | R84: =R83*R58 -> 0
M86: =M83*M85/1000 -> 0 | R86: =R83*R85/1000 -> 0
M87: =M84*M85/1000 -> 0 | R87: =R84*R85/1000 -> 0
N88: =N91*N90 -> 0 | S88: =S91*S90 -> 0
N89: =N92*N90 -> 0 | S89: =S92*S90 -> 0
N92: =N91*N58 -> 0 | S92: =S91*S58 -> 0
D96: =NDS -> 1.2 | F96: =B96 -> 0 | G96: МО / Организация / Филиал / Кол-во объектов | M96: =SUM(P107:GM107)+SUM(P127:GM127) -> 0 | W96: Включить в расчёт | AA96: Включить в расчёт | AE96: Включить в расчёт | AI96: Включить в расчёт | AM96: Включить в расчёт | AQ96: Включить в расчёт | AU96: Включить в расчёт | AY96: Включить в расчёт | BC96: Включить в расчёт | BK96: Включить в расчёт | BO96: Включить в расчёт | BS96: Включить в расчёт | BW96: Включить в расчёт | CE96: Включить в расчёт | CI96: Включить в расчёт | CM96: Включить в расчёт | CQ96: Включить в расчёт | CU96: Включить в расчёт | CY96: Включить в расчёт | DC96: Включить в расчёт | DK96: Включить в расчёт | DO96: Включить в расчёт | DS96: Включить в расчёт | DW96: Включить в расчёт | EA96: Включить в расчёт | EE96: Включить в расчёт | EI96: Включить в расчёт | EM96: Включить в расчёт | EQ96: Включить в расчёт | EU96: Включить в расчёт | EY96: Включить в расчёт | FC96: Включить в расчёт | FG96: Включить в расчёт | FK96: Включить в расчёт | FO96: Включить в расчёт | FS96: Включить в расчёт | FW96: Включить в расчёт | GA96: Включить в расчёт | GE96: Включить в расчёт | GH96: =SUMIF($P$53:$GE$53,"12 месяцев",$P107:$GE107)+SUMIF($P$53:$GE$53,"12 месяцев",$P127:$GE127) -> 0 | GI96: =SUMIF($P$53:$GE$53,"9 месяцев",$P107:$GE107)+SUMIF($P$53:$GE$53,"9 месяцев",$P127:$GE127) -> 0 | GJ96: =SUMIF($P$53:$GE$53,"I полугодие",$P107:$GE107)+SUMIF($P$53:$GE$53,"I полугодие",$P127:$GE127) -> 0 | GK96: =SUMIF($P$53:$GE$53,"I квартал",$P107:$GE107)+SUMIF($P$53:$GE$53,"I квартал",$P127:$GE127) -> 0
S97: =$D96 -> 1.2 | W97: =$D96 -> 1.2 | AA97: =$D96 -> 1.2 | AE97: =$D96 -> 1.2 | AI97: =$D96 -> 1.2 | AM97: =$D96 -> 1.2 | AQ97: =$D96 -> 1.2 | AU97: =$D96 -> 1.2 | AY97: =$D96 -> 1.2 | BC97: =$D96 -> 1.2 | BG97: =$D96 -> 1.2 | BK97: =$D96 -> 1.2 | BO97: =$D96 -> 1.2 | BS97: =$D96 -> 1.2 | BW97: =$D96 -> 1.2 | CA97: =$D96 -> 1.2 | CE97: =$D96 -> 1.2 | CI97: =$D96 -> 1.2 | CM97: =$D96 -> 1.2 | CQ97: =$D96 -> 1.2 | CU97: =$D96 -> 1.2 | CY97: =$D96 -> 1.2 | DC97: =$D96 -> 1.2 | DG97: =$D96 -> 1.2 | DK97: =$D96 -> 1.2 | DO97: =$D96 -> 1.2 | DS97: =$D96 -> 1.2 | DW97: =$D96 -> 1.2 | EA97: =$D96 -> 1.2 | EE97: =$D96 -> 1.2 | EI97: =$D96 -> 1.2 | EM97: =$D96 -> 1.2 | EQ97: =$D96 -> 1.2 | EU97: =$D96 -> 1.2 | EY97: =$D96 -> 1.2 | FC97: =$D96 -> 1.2 | FG97: =$D96 -> 1.2 | FK97: =$D96 -> 1.2 | FO97: =$D96 -> 1.2 | FS97: =$D96 -> 1.2 | FW97: =$D96 -> 1.2 | GA97: =$D96 -> 1.2 | GE97: =$D96 -> 1.2
F98: 1.1.1 | G98: Цена натурального топлива без учёта транспортировки (руб./ед.изм.) | J98: без НДС | BG98: =IF(BG104=0,0,(BG107-BG115-BG120-BG125)*1000/BG104) -> 0 | CA98: =IF(CA104=0,0,(CA107-CA115-CA120-CA125)*1000/CA104) -> 0 | DG98: =IF(DG104=0,0,(DG107-DG115-DG120-DG125)*1000/DG104) -> 0
F99: 1.1.2 | J99: с НДС | W99: =W98*W97 -> 0 | AA99: =AA98*AA97 -> 0 | AE99: =AE98*AE97 -> 0 | AI99: =AI98*AI97 -> 0 | AM99: =AM98*AM97 -> 0 | AQ99: =AQ98*AQ97 -> 0 | AU99: =AU98*AU97 -> 0 | AY99: =AY98*AY97 -> 0 | BC99: =BC98*BC97 -> 0 | BG99: =IF(BG104=0,0,(BG108-BG116-BG121-BG126)*1000/BG104) -> 0 | BK99: =BK98*BK97 -> 0 | BO99: =BO98*BO97 -> 0 | BS99: =BS98*BS97 -> 0 | BW99: =BW98*BW97 -> 0 | CA99: =IF(CA104=0,0,(CA108-CA116-CA121-CA126)*1000/CA104) -> 0 | CE99: =CE98*CE97 -> 0 | CI99: =CI98*CI97 -> 0 | CM99: =CM98*CM97 -> 0 | CQ99: =CQ98*CQ97 -> 0 | CU99: =CU98*CU97 -> 0 | CY99: =CY98*CY97 -> 0 | DC99: =DC98*DC97 -> 0 | DG99: =IF(DG104=0,0,(DG108-DG116-DG121-DG126)*1000/DG104) -> 0 | DK99: =DK98*DK97 -> 0 | DO99: =DO98*DO97 -> 0 | DS99: =DS98*DS97 -> 0 | DW99: =DW98*DW97 -> 0 | EA99: =EA98*EA97 -> 0 | EE99: =EE98*EE97 -> 0 | EI99: =EI98*EI97 -> 0 | EM99: =EM98*EM97 -> 0 | EQ99: =EQ98*EQ97 -> 0 | FC99: =FC98*FC97 -> 0 | FG99: =FG98*FG97 -> 0 | FK99: =FK98*FK97 -> 0 | FO99: =FO98*FO97 -> 0 | FS99: =FS98*FS97 -> 0 | FW99: =FW98*FW97 -> 0 | GA99: =GA98*GA97 -> 0 | GE99: =GE98*GE97 -> 0
F100: 1.2.1 | G100: Цена натурального топлива с учётом транспортировки (руб./ед.изм.) | J100: без НДС | S100: =IF(S104=0,0,S107*1000/S104) -> 0 | AY100: =IF(AY104=0,0,AY107*1000/AY104) -> 0 | BC100: =IF(BC104=0,0,BC107*1000/BC104) -> 0 | BG100: =IF(BG104=0,0,BG107*1000/BG104) -> 0 | BK100: =IF(BK104=0,0,BK107*1000/BK104) -> 0 | BO100: =IF(BO104=0,0,BO107*1000/BO104) -> 0 | BS100: =IF(BS104=0,0,BS107*1000/BS104) -> 0 | BW100: =IF(BW104=0,0,BW107*1000/BW104) -> 0 | CA100: =IF(CA104=0,0,CA107*1000/CA104) -> 0 | CE100: =IF(CE104=0,0,CE107*1000/CE104) -> 0 | CI100: =IF(CI104=0,0,CI107*1000/CI104) -> 0 | CM100: =IF(CM104=0,0,CM107*1000/CM104) -> 0 | CQ100: =IF(CQ104=0,0,CQ107*1000/CQ104) -> 0 | CU100: =IF(CU104=0,0,CU107*1000/CU104) -> 0 | CY100: =IF(CY104=0,0,CY107*1000/CY104) -> 0 | DC100: =IF(DC104=0,0,DC107*1000/DC104) -> 0 | DG100: =IF(DG104=0,0,DG107*1000/DG104) -> 0 | DK100: =IF(DK104=0,0,DK107*1000/DK104) -> 0 | DO100: =IF(DO104=0,0,DO107*1000/DO104) -> 0 | DS100: =IF(DS104=0,0,DS107*1000/DS104) -> 0 | DW100: =IF(DW104=0,0,DW107*1000/DW104) -> 0 | EA100: =IF(EA104=0,0,EA107*1000/EA104) -> 0 | EE100: =IF(EE104=0,0,EE107*1000/EE104) -> 0 | EI100: =IF(EI104=0,0,EI107*1000/EI104) -> 0 | EM100: =IF(EM104=0,0,EM107*1000/EM104) -> 0 | EQ100: =IF(EQ104=0,0,EQ107*1000/EQ104) -> 0 | FC100: =IF(FC104=0,0,FC107*1000/FC104) -> 0 | FG100: =IF(FG104=0,0,FG107*1000/FG104) -> 0 | FK100: =IF(FK104=0,0,FK107*1000/FK104) -> 0 | FO100: =IF(FO104=0,0,FO107*1000/FO104) -> 0 | FS100: =IF(FS104=0,0,FS107*1000/FS104) -> 0 | FW100: =IF(FW104=0,0,FW107*1000/FW104) -> 0 | GA100: =IF(GA104=0,0,GA107*1000/GA104) -> 0 | GE100: =IF(GE104=0,0,GE107*1000/GE104) -> 0
F101: 1.2.2 | J101: с НДС | S101: =IF(S104=0,0,S108*1000/S104) -> 0 | W101: =W100*W97 -> 0 | AA101: =AA100*AA97 -> 0 | AE101: =AE100*AE97 -> 0 | AI101: =AI100*AI97 -> 0 | AM101: =AM100*AM97 -> 0 | AQ101: =AQ100*AQ97 -> 0 | AU101: =AU100*AU97 -> 0 | AY101: =IF(AY104=0,0,AY108*1000/AY104) -> 0 | BC101: =IF(BC104=0,0,BC108*1000/BC104) -> 0 | BG101: =IF(BG104=0,0,BG108*1000/BG104) -> 0 | BK101: =IF(BK104=0,0,BK108*1000/BK104) -> 0 | BO101: =IF(BO104=0,0,BO108*1000/BO104) -> 0 | BS101: =IF(BS104=0,0,BS108*1000/BS104) -> 0 | BW101: =IF(BW104=0,0,BW108*1000/BW104) -> 0 | CA101: =IF(CA104=0,0,CA108*1000/CA104) -> 0 | CE101: =IF(CE104=0,0,CE108*1000/CE104) -> 0 | CI101: =IF(CI104=0,0,CI108*1000/CI104) -> 0 | CM101: =IF(CM104=0,0,CM108*1000/CM104) -> 0 | CQ101: =IF(CQ104=0,0,CQ108*1000/CQ104) -> 0 | CU101: =IF(CU104=0,0,CU108*1000/CU104) -> 0 | CY101: =IF(CY104=0,0,CY108*1000/CY104) -> 0 | DC101: =IF(DC104=0,0,DC108*1000/DC104) -> 0 | DG101: =IF(DG104=0,0,DG108*1000/DG104) -> 0 | DK101: =IF(DK104=0,0,DK108*1000/DK104) -> 0 | DO101: =IF(DO104=0,0,DO108*1000/DO104) -> 0 | DS101: =IF(DS104=0,0,DS108*1000/DS104) -> 0 | DW101: =IF(DW104=0,0,DW108*1000/DW104) -> 0 | EA101: =IF(EA104=0,0,EA108*1000/EA104) -> 0 | EE101: =IF(EE104=0,0,EE108*1000/EE104) -> 0 | EI101: =IF(EI104=0,0,EI108*1000/EI104) -> 0 | EM101: =IF(EM104=0,0,EM108*1000/EM104) -> 0 | EQ101: =IF(EQ104=0,0,EQ108*1000/EQ104) -> 0 | FC101: =IF(FC104=0,0,FC108*1000/FC104) -> 0 | FG101: =IF(FG104=0,0,FG108*1000/FG104) -> 0 | FK101: =IF(FK104=0,0,FK108*1000/FK104) -> 0 | FO101: =IF(FO104=0,0,FO108*1000/FO104) -> 0 | FS101: =IF(FS104=0,0,FS108*1000/FS104) -> 0 | FW101: =IF(FW104=0,0,FW108*1000/FW104) -> 0 | GA101: =IF(GA104=0,0,GA108*1000/GA104) -> 0 | GE101: =IF(GE104=0,0,GE108*1000/GE104) -> 0
F102: 1.3.1 | G102: Цена условного топлива с учётом транспортировки (руб./тут) | J102: без НДС | S102: =IF(S106=0,0,S107*1000/S106) -> 0 | W102: =IF(W106=0,0,W107*1000/W106) -> 0 | AA102: =IF(AA106=0,0,AA107*1000/AA106) -> 0 | AE102: =IF(AE106=0,0,AE107*1000/AE106) -> 0 | AI102: =IF(AI106=0,0,AI107*1000/AI106) -> 0 | AM102: =IF(AM106=0,0,AM107*1000/AM106) -> 0 | AQ102: =IF(AQ106=0,0,AQ107*1000/AQ106) -> 0 | AU102: =IF(AU106=0,0,AU107*1000/AU106) -> 0 | AY102: =IF(AY106=0,0,AY107*1000/AY106) -> 0 | BC102: =IF(BC106=0,0,BC107*1000/BC106) -> 0 | BG102: =IF(BG106=0,0,BG107*1000/BG106) -> 0 | BK102: =IF(BK106=0,0,BK107*1000/BK106) -> 0 | BO102: =IF(BO106=0,0,BO107*1000/BO106) -> 0 | BS102: =IF(BS106=0,0,BS107*1000/BS106) -> 0 | BW102: =IF(BW106=0,0,BW107*1000/BW106) -> 0 | CA102: =IF(CA106=0,0,CA107*1000/CA106) -> 0 | CE102: =IF(CE106=0,0,CE107*1000/CE106) -> 0 | CI102: =IF(CI106=0,0,CI107*1000/CI106) -> 0 | CM102: =IF(CM106=0,0,CM107*1000/CM106) -> 0 | CQ102: =IF(CQ106=0,0,CQ107*1000/CQ106) -> 0 | CU102: =IF(CU106=0,0,CU107*1000/CU106) -> 0 | CY102: =IF(CY106=0,0,CY107*1000/CY106) -> 0 | DC102: =IF(DC106=0,0,DC107*1000/DC106) -> 0 | DG102: =IF(DG106=0,0,DG107*1000/DG106) -> 0 | DK102: =IF(DK106=0,0,DK107*1000/DK106) -> 0 | DO102: =IF(DO106=0,0,DO107*1000/DO106) -> 0 | DS102: =IF(DS106=0,0,DS107*1000/DS106) -> 0 | DW102: =IF(DW106=0,0,DW107*1000/DW106) -> 0 | EA102: =IF(EA106=0,0,EA107*1000/EA106) -> 0 | EE102: =IF(EE106=0,0,EE107*1000/EE106) -> 0 | EI102: =IF(EI106=0,0,EI107*1000/EI106) -> 0 | EM102: =IF(EM106=0,0,EM107*1000/EM106) -> 0 | EQ102: =IF(EQ106=0,0,EQ107*1000/EQ106) -> 0 | FC102: =IF(FC106=0,0,FC107*1000/FC106) -> 0 | FG102: =IF(FG106=0,0,FG107*1000/FG106) -> 0 | FK102: =IF(FK106=0,0,FK107*1000/FK106) -> 0 | FO102: =IF(FO106=0,0,FO107*1000/FO106) -> 0 | FS102: =IF(FS106=0,0,FS107*1000/FS106) -> 0 | FW102: =IF(FW106=0,0,FW107*1000/FW106) -> 0 | GA102: =IF(GA106=0,0,GA107*1000/GA106) -> 0 | GE102: =IF(GE106=0,0,GE107*1000/GE106) -> 0
F103: 1.3.2 | J103: с НДС | S103: =IF(S106=0,0,S108*1000/S106) -> 0 | W103: =IF(W106=0,0,W108*1000/W106) -> 0 | AA103: =IF(AA106=0,0,AA108*1000/AA106) -> 0 | AE103: =IF(AE106=0,0,AE108*1000/AE106) -> 0 | AI103: =IF(AI106=0,0,AI108*1000/AI106) -> 0 | AM103: =IF(AM106=0,0,AM108*1000/AM106) -> 0 | AQ103: =IF(AQ106=0,0,AQ108*1000/AQ106) -> 0 | AU103: =IF(AU106=0,0,AU108*1000/AU106) -> 0 | AY103: =IF(AY106=0,0,AY108*1000/AY106) -> 0 | BC103: =IF(BC106=0,0,BC108*1000/BC106) -> 0 | BG103: =IF(BG106=0,0,BG108*1000/BG106) -> 0 | BK103: =IF(BK106=0,0,BK108*1000/BK106) -> 0 | BO103: =IF(BO106=0,0,BO108*1000/BO106) -> 0 | BS103: =IF(BS106=0,0,BS108*1000/BS106) -> 0 | BW103: =IF(BW106=0,0,BW108*1000/BW106) -> 0 | CA103: =IF(CA106=0,0,CA108*1000/CA106) -> 0 | CE103: =IF(CE106=0,0,CE108*1000/CE106) -> 0 | CI103: =IF(CI106=0,0,CI108*1000/CI106) -> 0 | CM103: =IF(CM106=0,0,CM108*1000/CM106) -> 0 | CQ103: =IF(CQ106=0,0,CQ108*1000/CQ106) -> 0 | CU103: =IF(CU106=0,0,CU108*1000/CU106) -> 0 | CY103: =IF(CY106=0,0,CY108*1000/CY106) -> 0 | DC103: =IF(DC106=0,0,DC108*1000/DC106) -> 0 | DG103: =IF(DG106=0,0,DG108*1000/DG106) -> 0 | DK103: =IF(DK106=0,0,DK108*1000/DK106) -> 0 | DO103: =IF(DO106=0,0,DO108*1000/DO106) -> 0 | DS103: =IF(DS106=0,0,DS108*1000/DS106) -> 0 | DW103: =IF(DW106=0,0,DW108*1000/DW106) -> 0 | EA103: =IF(EA106=0,0,EA108*1000/EA106) -> 0 | EE103: =IF(EE106=0,0,EE108*1000/EE106) -> 0 | EI103: =IF(EI106=0,0,EI108*1000/EI106) -> 0 | EM103: =IF(EM106=0,0,EM108*1000/EM106) -> 0 | EQ103: =IF(EQ106=0,0,EQ108*1000/EQ106) -> 0 | FC103: =IF(FC106=0,0,FC108*1000/FC106) -> 0 | FG103: =IF(FG106=0,0,FG108*1000/FG106) -> 0 | FK103: =IF(FK106=0,0,FK108*1000/FK106) -> 0 | FO103: =IF(FO106=0,0,FO108*1000/FO106) -> 0 | FS103: =IF(FS106=0,0,FS108*1000/FS106) -> 0 | FW103: =IF(FW106=0,0,FW108*1000/FW106) -> 0 | GA103: =IF(GA106=0,0,GA108*1000/GA106) -> 0 | GE103: =IF(GE106=0,0,GE108*1000/GE106) -> 0
F104: 2.1 | G104: Объём натурального топлива, всего | S104: =SUM(W104,AA104,AE104) -> 0 | BG104: =SUM(BK104,BO104,BS104,BW104) -> 0 | CA104: =SUM(CE104,CI104,CM104,CQ104,CU104,CY104) -> 0 | DG104: =SUM(DK104,DO104,DS104,DW104,EA104,EE104,EI104,EM104,EQ104) -> 0
F105: 2.2 | G105: Переводной коэффициент
F106: 2.3 | G106: Объём условного топлива, всего (тут) | S106: =SUM(W106,AA106,AE106) -> 0 | W106: =W104*W105 -> 0 | AA106: =AA104*AA105 -> 0 | AE106: =AE104*AE105 -> 0 | AI106: =AI104*AI105 -> 0 | AM106: =AM104*AM105 -> 0 | AQ106: =AQ104*AQ105 -> 0 | AU106: =AU104*AU105 -> 0 | AY106: =AY104*AY105 -> 0 | BC106: =BC104*BC105 -> 0 | BG106: =SUM(BK106,BO106,BS106,BW106) -> 0 | BK106: =BK104*BK105 -> 0 | BO106: =BO104*BO105 -> 0 | BS106: =BS104*BS105 -> 0 | BW106: =BW104*BW105 -> 0 | CA106: =SUM(CE106,CI106,CM106,CQ106,CU106,CY106) -> 0 | CE106: =CE104*CE105 -> 0 | CI106: =CI104*CI105 -> 0 | CM106: =CM104*CM105 -> 0 | CQ106: =CQ104*CQ105 -> 0 | CU106: =CU104*CU105 -> 0 | CY106: =CY104*CY105 -> 0 | DC106: =DC104*DC105 -> 0 | DG106: =SUM(DK106,DO106,DS106,DW106,EA106,EE106,EI106,EM106,EQ106) -> 0 | DK106: =DK104*DK105 -> 0 | DO106: =DO104*DO105 -> 0 | DS106: =DS104*DS105 -> 0 | DW106: =DW104*DW105 -> 0 | EA106: =EA104*EA105 -> 0 | EE106: =EE104*EE105 -> 0 | EI106: =EI104*EI105 -> 0 | EM106: =EM104*EM105 -> 0 | EQ106: =EQ104*EQ105 -> 0 | FC106: =FC104*FC105 -> 0 | FG106: =FG104*FG105 -> 0 | FK106: =FK104*FK105 -> 0 | FO106: =FO104*FO105 -> 0 | FS106: =FS104*FS105 -> 0 | FW106: =FW104*FW105 -> 0 | GA106: =GA104*GA105 -> 0 | GE106: =GE104*GE105 -> 0
F107: 3.1 | G107: Затраты на топливо, всего (тыс.руб.) | J107: без НДС | S107: =SUM(W107,AA107,AE107) -> 0 | W107: =W100*W104/1000 -> 0 | AA107: =AA100*AA104/1000 -> 0 | AE107: =AE100*AE104/1000 -> 0 | AI107: =AI100*AI104/1000 -> 0 | AM107: =AM100*AM104/1000 -> 0 | AQ107: =AQ100*AQ104/1000 -> 0 | AU107: =AU100*AU104/1000 -> 0 | AY107: =AY98*AY104/1000+AY115+AY120+AY125 -> 0 | BC107: =BC98*BC104/1000+BC115+BC120+BC125 -> 0 | BG107: =SUM(BK107,BO107,BS107,BW107) -> 0 | BK107: =BK98*BK104/1000+BK115+BK120+BK125 -> 0 | BO107: =BO98*BO104/1000+BO115+BO120+BO125 -> 0 | BS107: =BS98*BS104/1000+BS115+BS120+BS125 -> 0 | BW107: =BW98*BW104/1000+BW115+BW120+BW125 -> 0 | CA107: =SUM(CE107,CI107,CM107,CQ107,CU107,CY107) -> 0 | CE107: =CE98*CE104/1000+CE115+CE120+CE125 -> 0 | CI107: =CI98*CI104/1000+CI115+CI120+CI125 -> 0 | CM107: =CM98*CM104/1000+CM115+CM120+CM125 -> 0 | CQ107: =CQ98*CQ104/1000+CQ115+CQ120+CQ125 -> 0 | CU107: =CU98*CU104/1000+CU115+CU120+CU125 -> 0 | CY107: =CY98*CY104/1000+CY115+CY120+CY125 -> 0 | DC107: =DC98*DC104/1000+DC115+DC120+DC125 -> 0 | DG107: =SUM(DK107,DO107,DS107,DW107,EA107,EE107,EI107,EM107,EQ107) -> 0 | DK107: =DK98*DK104/1000+DK115+DK120+DK125 -> 0 | DO107: =DO98*DO104/1000+DO115+DO120+DO125 -> 0 | DS107: =DS98*DS104/1000+DS115+DS120+DS125 -> 0 | DW107: =DW98*DW104/1000+DW115+DW120+DW125 -> 0 | EA107: =EA98*EA104/1000+EA115+EA120+EA125 -> 0 | EE107: =EE98*EE104/1000+EE115+EE120+EE125 -> 0 | EI107: =EI98*EI104/1000+EI115+EI120+EI125 -> 0 | EM107: =EM98*EM104/1000+EM115+EM120+EM125 -> 0 | EQ107: =EQ98*EQ104/1000+EQ115+EQ120+EQ125 -> 0 | FC107: =FC98*FC104/1000+FC115+FC120+FC125 -> 0 | FG107: =FG98*FG104/1000+FG115+FG120+FG125 -> 0 | FK107: =FK98*FK104/1000+FK115+FK120+FK125 -> 0 | FO107: =FO98*FO104/1000+FO115+FO120+FO125 -> 0 | FS107: =FS98*FS104/1000+FS115+FS120+FS125 -> 0 | FW107: =FW98*FW104/1000+FW115+FW120+FW125 -> 0 | GA107: =GA98*GA104/1000+GA115+GA120+GA125 -> 0 | GE107: =GE98*GE104/1000+GE115+GE120+GE125 -> 0
F108: 3.2 | J108: с НДС | S108: =SUM(W108,AA108,AE108) -> 0 | W108: =W101*W104/1000 -> 0 | AA108: =AA101*AA104/1000 -> 0 | AE108: =AE101*AE104/1000 -> 0 | AI108: =AI101*AI104/1000 -> 0 | AM108: =AM101*AM104/1000 -> 0 | AQ108: =AQ101*AQ104/1000 -> 0 | AU108: =AU101*AU104/1000 -> 0 | AY108: =AY99*AY104/1000+AY116+AY121+AY126 -> 0 | BC108: =BC99*BC104/1000+BC116+BC121+BC126 -> 0 | BG108: =SUM(BK108,BO108,BS108,BW108) -> 0 | BK108: =BK99*BK104/1000+BK116+BK121+BK126 -> 0 | BO108: =BO99*BO104/1000+BO116+BO121+BO126 -> 0 | BS108: =BS99*BS104/1000+BS116+BS121+BS126 -> 0 | BW108: =BW99*BW104/1000+BW116+BW121+BW126 -> 0 | CA108: =SUM(CE108,CI108,CM108,CQ108,CU108,CY108) -> 0 | CE108: =CE99*CE104/1000+CE116+CE121+CE126 -> 0 | CI108: =CI99*CI104/1000+CI116+CI121+CI126 -> 0 | CM108: =CM99*CM104/1000+CM116+CM121+CM126 -> 0 | CQ108: =CQ99*CQ104/1000+CQ116+CQ121+CQ126 -> 0 | CU108: =CU99*CU104/1000+CU116+CU121+CU126 -> 0 | CY108: =CY99*CY104/1000+CY116+CY121+CY126 -> 0 | DC108: =DC99*DC104/1000+DC116+DC121+DC126 -> 0 | DG108: =SUM(DK108,DO108,DS108,DW108,EA108,EE108,EI108,EM108,EQ108) -> 0 | DK108: =DK99*DK104/1000+DK116+DK121+DK126 -> 0 | DO108: =DO99*DO104/1000+DO116+DO121+DO126 -> 0 | DS108: =DS99*DS104/1000+DS116+DS121+DS126 -> 0 | DW108: =DW99*DW104/1000+DW116+DW121+DW126 -> 0 | EA108: =EA99*EA104/1000+EA116+EA121+EA126 -> 0 | EE108: =EE99*EE104/1000+EE116+EE121+EE126 -> 0 | EI108: =EI99*EI104/1000+EI116+EI121+EI126 -> 0 | EM108: =EM99*EM104/1000+EM116+EM121+EM126 -> 0 | EQ108: =EQ99*EQ104/1000+EQ116+EQ121+EQ126 -> 0 | FC108: =FC99*FC104/1000+FC116+FC121+FC126 -> 0 | FG108: =FG99*FG104/1000+FG116+FG121+FG126 -> 0 | FK108: =FK99*FK104/1000+FK116+FK121+FK126 -> 0 | FO108: =FO99*FO104/1000+FO116+FO121+FO126 -> 0 | FS108: =FS99*FS104/1000+FS116+FS121+FS126 -> 0 | FW108: =FW99*FW104/1000+FW116+FW121+FW126 -> 0 | GA108: =GA99*GA104/1000+GA116+GA121+GA126 -> 0 | GE108: =GE99*GE104/1000+GE116+GE121+GE126 -> 0
F109: 4.1.1 | G109: Топливо, транспортируемое по сетям, магистралям (трубопроводам) | I109: Средний тариф транзитной транспортировки (руб./тыс.куб.м) | J109: без НДС
F110: 4.1.2 | J110: с НДС | W110: =W109*W97 -> 0 | AA110: =AA109*AA97 -> 0
F111: 4.2 | I111: Объём топлива, транспортируемого в транзитном потоке | S111: =SUM(W111,AA111,AE111) -> 0
F112: 5.1.1 | G112: Топливо, транспортируемое по дорогам (авто, ж/д), а также прочие виды транспортировки | H112: Транспортировка топлива автоперевозками | I112: Тариф (цена за единицу) (руб./ед.изм.) | J112: без НДС | BG112: =IF(BG114=0,0,BG115*1000/BG114) -> 0 | CA112: =IF(CA114=0,0,CA115*1000/CA114) -> 0 | DG112: =IF(DG114=0,0,DG115*1000/DG114) -> 0
F113: 5.1.2 | J113: с НДС | AY113: =AY112*AY97 -> 0 | BC113: =BC112*BC97 -> 0 | BG113: =IF(BG114=0,0,BG116*1000/BG114) -> 0 | BK113: =BK112*BK97 -> 0 | BO113: =BO112*BO97 -> 0 | BS113: =BS112*BS97 -> 0 | BW113: =BW112*BW97 -> 0 | CA113: =IF(CA114=0,0,CA116*1000/CA114) -> 0 | CE113: =CE112*CE97 -> 0 | CI113: =CI112*CI97 -> 0 | CM113: =CM112*CM97 -> 0 | CQ113: =CQ112*CQ97 -> 0 | CU113: =CU112*CU97 -> 0 | CY113: =CY112*CY97 -> 0 | DC113: =DC112*DC97 -> 0 | DG113: =IF(DG114=0,0,DG116*1000/DG114) -> 0 | DK113: =DK112*DK97 -> 0 | DO113: =DO112*DO97 -> 0 | DS113: =DS112*DS97 -> 0 | DW113: =DW112*DW97 -> 0 | EA113: =EA112*EA97 -> 0 | EE113: =EE112*EE97 -> 0 | EI113: =EI112*EI97 -> 0 | EM113: =EM112*EM97 -> 0 | EQ113: =EQ112*EQ97 -> 0 | FC113: =FC112*FC97 -> 0 | FG113: =FG112*FG97 -> 0 | FK113: =FK112*FK97 -> 0 | FO113: =FO112*FO97 -> 0 | FS113: =FS112*FS97 -> 0 | FW113: =FW112*FW97 -> 0 | GA113: =GA112*GA97 -> 0 | GE113: =GE112*GE97 -> 0
F114: 5.2 | I114: Объём топлива | BG114: =SUM(BK114,BO114,BS114,BW114) -> 0 | CA114: =SUM(CE114,CI114,CM114,CQ114,CU114,CY114) -> 0 | DG114: =SUM(DK114,DO114,DS114,DW114,EA114,EE114,EI114,EM114,EQ114) -> 0
F115: 5.3.1 | I115: Затраты (тыс.руб.) | J115: без НДС | AY115: =AY112*AY114/1000 -> 0 | BC115: =BC112*BC114/1000 -> 0 | BG115: =SUM(BK115,BO115,BS115,BW115) -> 0 | BK115: =BK112*BK114/1000 -> 0 | BO115: =BO112*BO114/1000 -> 0 | BS115: =BS112*BS114/1000 -> 0 | BW115: =BW112*BW114/1000 -> 0 | CA115: =SUM(CE115,CI115,CM115,CQ115,CU115,CY115) -> 0 | CE115: =CE112*CE114/1000 -> 0 | CI115: =CI112*CI114/1000 -> 0 | CM115: =CM112*CM114/1000 -> 0 | CQ115: =CQ112*CQ114/1000 -> 0 | CU115: =CU112*CU114/1000 -> 0 | CY115: =CY112*CY114/1000 -> 0 | DC115: =DC112*DC114/1000 -> 0 | DG115: =SUM(DK115,DO115,DS115,DW115,EA115,EE115,EI115,EM115,EQ115) -> 0 | DK115: =DK112*DK114/1000 -> 0 | DO115: =DO112*DO114/1000 -> 0 | DS115: =DS112*DS114/1000 -> 0 | DW115: =DW112*DW114/1000 -> 0 | EA115: =EA112*EA114/1000 -> 0 | EE115: =EE112*EE114/1000 -> 0 | EI115: =EI112*EI114/1000 -> 0 | EM115: =EM112*EM114/1000 -> 0 | EQ115: =EQ112*EQ114/1000 -> 0 | FC115: =FC112*FC114/1000 -> 0 | FG115: =FG112*FG114/1000 -> 0 | FK115: =FK112*FK114/1000 -> 0 | FO115: =FO112*FO114/1000 -> 0 | FS115: =FS112*FS114/1000 -> 0 | FW115: =FW112*FW114/1000 -> 0 | GA115: =GA112*GA114/1000 -> 0 | GE115: =GE112*GE114/1000 -> 0
F116: 5.3.2 | J116: с НДС | AY116: =AY113*AY114/1000 -> 0 | BC116: =BC113*BC114/1000 -> 0 | BG116: =SUM(BK116,BO116,BS116,BW116) -> 0 | BK116: =BK113*BK114/1000 -> 0 | BO116: =BO113*BO114/1000 -> 0 | BS116: =BS113*BS114/1000 -> 0 | BW116: =BW113*BW114/1000 -> 0 | CA116: =SUM(CE116,CI116,CM116,CQ116,CU116,CY116) -> 0 | CE116: =CE113*CE114/1000 -> 0 | CI116: =CI113*CI114/1000 -> 0 | CM116: =CM113*CM114/1000 -> 0 | CQ116: =CQ113*CQ114/1000 -> 0 | CU116: =CU113*CU114/1000 -> 0 | CY116: =CY113*CY114/1000 -> 0 | DC116: =DC113*DC114/1000 -> 0 | DG116: =SUM(DK116,DO116,DS116,DW116,EA116,EE116,EI116,EM116,EQ116) -> 0 | DK116: =DK113*DK114/1000 -> 0 | DO116: =DO113*DO114/1000 -> 0 | DS116: =DS113*DS114/1000 -> 0 | DW116: =DW113*DW114/1000 -> 0 | EA116: =EA113*EA114/1000 -> 0 | EE116: =EE113*EE114/1000 -> 0 | EI116: =EI113*EI114/1000 -> 0 | EM116: =EM113*EM114/1000 -> 0 | EQ116: =EQ113*EQ114/1000 -> 0 | FC116: =FC113*FC114/1000 -> 0 | FG116: =FG113*FG114/1000 -> 0 | FK116: =FK113*FK114/1000 -> 0 | FO116: =FO113*FO114/1000 -> 0 | FS116: =FS113*FS114/1000 -> 0 | FW116: =FW113*FW114/1000 -> 0 | GA116: =GA113*GA114/1000 -> 0 | GE116: =GE113*GE114/1000 -> 0
F117: 6.1.1 | H117: Транспортировка топлива ж/д перевозками | I117: Тариф (цена за единицу) (руб./ед.изм.) | J117: без НДС | BG117: =IF(BG119=0,0,BG120*1000/BG119) -> 0 | CA117: =IF(CA119=0,0,CA120*1000/CA119) -> 0 | DG117: =IF(DG119=0,0,DG120*1000/DG119) -> 0
F118: 6.1.2 | J118: с НДС | AY118: =AY117*AY97 -> 0 | BC118: =BC117*BC97 -> 0 | BG118: =IF(BG119=0,0,BG121*1000/BG119) -> 0 | BK118: =BK117*BK97 -> 0 | BO118: =BO117*BO97 -> 0 | BS118: =BS117*BS97 -> 0 | BW118: =BW117*BW97 -> 0 | CA118: =IF(CA119=0,0,CA121*1000/CA119) -> 0 | CE118: =CE117*CE97 -> 0 | CI118: =CI117*CI97 -> 0 | CM118: =CM117*CM97 -> 0 | CQ118: =CQ117*CQ97 -> 0 | CU118: =CU117*CU97 -> 0 | CY118: =CY117*CY97 -> 0 | DC118: =DC117*DC97 -> 0 | DG118: =IF(DG119=0,0,DG121*1000/DG119) -> 0 | DK118: =DK117*DK97 -> 0 | DO118: =DO117*DO97 -> 0 | DS118: =DS117*DS97 -> 0 | DW118: =DW117*DW97 -> 0 | EA118: =EA117*EA97 -> 0 | EE118: =EE117*EE97 -> 0 | EI118: =EI117*EI97 -> 0 | EM118: =EM117*EM97 -> 0 | EQ118: =EQ117*EQ97 -> 0 | FC118: =FC117*FC97 -> 0 | FG118: =FG117*FG97 -> 0 | FK118: =FK117*FK97 -> 0 | FO118: =FO117*FO97 -> 0 | FS118: =FS117*FS97 -> 0 | FW118: =FW117*FW97 -> 0 | GA118: =GA117*GA97 -> 0 | GE118: =GE117*GE97 -> 0
F119: 6.2 | I119: Объём топлива | BG119: =SUM(BK119,BO119,BS119,BW119) -> 0 | CA119: =SUM(CE119,CI119,CM119,CQ119,CU119,CY119) -> 0 | DG119: =SUM(DK119,DO119,DS119,DW119,EA119,EE119,EI119,EM119,EQ119) -> 0
F120: 6.3.1 | I120: Затраты (тыс.руб.) | J120: без НДС | AY120: =AY117*AY119/1000 -> 0 | BC120: =BC117*BC119/1000 -> 0 | BG120: =SUM(BK120,BO120,BS120,BW120) -> 0 | BK120: =BK117*BK119/1000 -> 0 | BO120: =BO117*BO119/1000 -> 0 | BS120: =BS117*BS119/1000 -> 0 | BW120: =BW117*BW119/1000 -> 0 | CA120: =SUM(CE120,CI120,CM120,CQ120,CU120,CY120) -> 0 | CE120: =CE117*CE119/1000 -> 0 | CI120: =CI117*CI119/1000 -> 0 | CM120: =CM117*CM119/1000 -> 0 | CQ120: =CQ117*CQ119/1000 -> 0 | CU120: =CU117*CU119/1000 -> 0 | CY120: =CY117*CY119/1000 -> 0 | DC120: =DC117*DC119/1000 -> 0 | DG120: =SUM(DK120,DO120,DS120,DW120,EA120,EE120,EI120,EM120,EQ120) -> 0 | DK120: =DK117*DK119/1000 -> 0 | DO120: =DO117*DO119/1000 -> 0 | DS120: =DS117*DS119/1000 -> 0 | DW120: =DW117*DW119/1000 -> 0 | EA120: =EA117*EA119/1000 -> 0 | EE120: =EE117*EE119/1000 -> 0 | EI120: =EI117*EI119/1000 -> 0 | EM120: =EM117*EM119/1000 -> 0 | EQ120: =EQ117*EQ119/1000 -> 0 | FC120: =FC117*FC119/1000 -> 0 | FG120: =FG117*FG119/1000 -> 0 | FK120: =FK117*FK119/1000 -> 0 | FO120: =FO117*FO119/1000 -> 0 | FS120: =FS117*FS119/1000 -> 0 | FW120: =FW117*FW119/1000 -> 0 | GA120: =GA117*GA119/1000 -> 0 | GE120: =GE117*GE119/1000 -> 0
F121: 6.3.2 | J121: с НДС | AY121: =AY118*AY119/1000 -> 0 | BC121: =BC118*BC119/1000 -> 0 | BG121: =SUM(BK121,BO121,BS121,BW121) -> 0 | BK121: =BK118*BK119/1000 -> 0 | BO121: =BO118*BO119/1000 -> 0 | BS121: =BS118*BS119/1000 -> 0 | BW121: =BW118*BW119/1000 -> 0 | CA121: =SUM(CE121,CI121,CM121,CQ121,CU121,CY121) -> 0 | CE121: =CE118*CE119/1000 -> 0 | CI121: =CI118*CI119/1000 -> 0 | CM121: =CM118*CM119/1000 -> 0 | CQ121: =CQ118*CQ119/1000 -> 0 | CU121: =CU118*CU119/1000 -> 0 | CY121: =CY118*CY119/1000 -> 0 | DC121: =DC118*DC119/1000 -> 0 | DG121: =SUM(DK121,DO121,DS121,DW121,EA121,EE121,EI121,EM121,EQ121) -> 0 | DK121: =DK118*DK119/1000 -> 0 | DO121: =DO118*DO119/1000 -> 0 | DS121: =DS118*DS119/1000 -> 0 | DW121: =DW118*DW119/1000 -> 0 | EA121: =EA118*EA119/1000 -> 0 | EE121: =EE118*EE119/1000 -> 0 | EI121: =EI118*EI119/1000 -> 0 | EM121: =EM118*EM119/1000 -> 0 | EQ121: =EQ118*EQ119/1000 -> 0 | FC121: =FC118*FC119/1000 -> 0 | FG121: =FG118*FG119/1000 -> 0 | FK121: =FK118*FK119/1000 -> 0 | FO121: =FO118*FO119/1000 -> 0 | FS121: =FS118*FS119/1000 -> 0 | FW121: =FW118*FW119/1000 -> 0 | GA121: =GA118*GA119/1000 -> 0 | GE121: =GE118*GE119/1000 -> 0
F122: 7.1.1 | H122: Транспортировка топлива иными видами перевозок | I122: Тариф (цена за единицу) (руб./ед.изм.) | J122: без НДС | BG122: =IF(BG124=0,0,BG125*1000/BG124) -> 0 | CA122: =IF(CA124=0,0,CA125*1000/CA124) -> 0 | DG122: =IF(DG124=0,0,DG125*1000/DG124) -> 0
F123: 7.1.2 | J123: с НДС | AY123: =AY122*AY97 -> 0 | BC123: =BC122*BC97 -> 0 | BG123: =IF(BG124=0,0,BG126*1000/BG124) -> 0 | BK123: =BK122*BK97 -> 0 | BO123: =BO122*BO97 -> 0 | BS123: =BS122*BS97 -> 0 | BW123: =BW122*BW97 -> 0 | CA123: =IF(CA124=0,0,CA126*1000/CA124) -> 0 | CE123: =CE122*CE97 -> 0 | CI123: =CI122*CI97 -> 0 | CM123: =CM122*CM97 -> 0 | CQ123: =CQ122*CQ97 -> 0 | CU123: =CU122*CU97 -> 0 | CY123: =CY122*CY97 -> 0 | DC123: =DC122*DC97 -> 0 | DG123: =IF(DG124=0,0,DG126*1000/DG124) -> 0 | DK123: =DK122*DK97 -> 0 | DO123: =DO122*DO97 -> 0 | DS123: =DS122*DS97 -> 0 | DW123: =DW122*DW97 -> 0 | EA123: =EA122*EA97 -> 0 | EE123: =EE122*EE97 -> 0 | EI123: =EI122*EI97 -> 0 | EM123: =EM122*EM97 -> 0 | EQ123: =EQ122*EQ97 -> 0 | FC123: =FC122*FC97 -> 0 | FG123: =FG122*FG97 -> 0 | FK123: =FK122*FK97 -> 0 | FO123: =FO122*FO97 -> 0 | FS123: =FS122*FS97 -> 0 | FW123: =FW122*FW97 -> 0 | GA123: =GA122*GA97 -> 0 | GE123: =GE122*GE97 -> 0
F124: 7.2 | I124: Объём топлива | BG124: =SUM(BK124,BO124,BS124,BW124) -> 0 | CA124: =SUM(CE124,CI124,CM124,CQ124,CU124,CY124) -> 0 | DG124: =SUM(DK124,DO124,DS124,DW124,EA124,EE124,EI124,EM124,EQ124) -> 0
F125: 7.3.1 | I125: Затраты (тыс.руб.) | J125: без НДС | AY125: =AY122*AY124/1000 -> 0 | BC125: =BC122*BC124/1000 -> 0 | BG125: =SUM(BK125,BO125,BS125,BW125) -> 0 | BK125: =BK122*BK124/1000 -> 0 | BO125: =BO122*BO124/1000 -> 0 | BS125: =BS122*BS124/1000 -> 0 | BW125: =BW122*BW124/1000 -> 0 | CA125: =SUM(CE125,CI125,CM125,CQ125,CU125,CY125) -> 0 | CE125: =CE122*CE124/1000 -> 0 | CI125: =CI122*CI124/1000 -> 0 | CM125: =CM122*CM124/1000 -> 0 | CQ125: =CQ122*CQ124/1000 -> 0 | CU125: =CU122*CU124/1000 -> 0 | CY125: =CY122*CY124/1000 -> 0 | DC125: =DC122*DC124/1000 -> 0 | DG125: =SUM(DK125,DO125,DS125,DW125,EA125,EE125,EI125,EM125,EQ125) -> 0 | DK125: =DK122*DK124/1000 -> 0 | DO125: =DO122*DO124/1000 -> 0 | DS125: =DS122*DS124/1000 -> 0 | DW125: =DW122*DW124/1000 -> 0 | EA125: =EA122*EA124/1000 -> 0 | EE125: =EE122*EE124/1000 -> 0 | EI125: =EI122*EI124/1000 -> 0 | EM125: =EM122*EM124/1000 -> 0 | EQ125: =EQ122*EQ124/1000 -> 0 | FC125: =FC122*FC124/1000 -> 0 | FG125: =FG122*FG124/1000 -> 0 | FK125: =FK122*FK124/1000 -> 0 | FO125: =FO122*FO124/1000 -> 0 | FS125: =FS122*FS124/1000 -> 0 | FW125: =FW122*FW124/1000 -> 0 | GA125: =GA122*GA124/1000 -> 0 | GE125: =GE122*GE124/1000 -> 0
F126: 7.3.2 | J126: с НДС | AY126: =AY123*AY124/1000 -> 0 | BC126: =BC123*BC124/1000 -> 0 | BG126: =SUM(BK126,BO126,BS126,BW126) -> 0 | BK126: =BK123*BK124/1000 -> 0 | BO126: =BO123*BO124/1000 -> 0 | BS126: =BS123*BS124/1000 -> 0 | BW126: =BW123*BW124/1000 -> 0 | CA126: =SUM(CE126,CI126,CM126,CQ126,CU126,CY126) -> 0 | CE126: =CE123*CE124/1000 -> 0 | CI126: =CI123*CI124/1000 -> 0 | CM126: =CM123*CM124/1000 -> 0 | CQ126: =CQ123*CQ124/1000 -> 0 | CU126: =CU123*CU124/1000 -> 0 | CY126: =CY123*CY124/1000 -> 0 | DC126: =DC123*DC124/1000 -> 0 | DG126: =SUM(DK126,DO126,DS126,DW126,EA126,EE126,EI126,EM126,EQ126) -> 0 | DK126: =DK123*DK124/1000 -> 0 | DO126: =DO123*DO124/1000 -> 0 | DS126: =DS123*DS124/1000 -> 0 | DW126: =DW123*DW124/1000 -> 0 | EA126: =EA123*EA124/1000 -> 0 | EE126: =EE123*EE124/1000 -> 0 | EI126: =EI123*EI124/1000 -> 0 | EM126: =EM123*EM124/1000 -> 0 | EQ126: =EQ123*EQ124/1000 -> 0 | FC126: =FC123*FC124/1000 -> 0 | FG126: =FG123*FG124/1000 -> 0 | FK126: =FK123*FK124/1000 -> 0 | FO126: =FO123*FO124/1000 -> 0 | FS126: =FS123*FS124/1000 -> 0 | FW126: =FW123*FW124/1000 -> 0 | GA126: =GA123*GA124/1000 -> 0 | GE126: =GE123*GE124/1000 -> 0
...

Sheet TECH_VERTICAL

Sheet DICTIONARIES
B1: Наименование списка / параметра | C1: Элемент списка / значение параметра
B2: DIC_NAME | C2: DIC_VALUE
B3: ALLOW_FUEL_FROM_PREV_YEAR_ORG_LIST | C3: 2663::1435191592::140243001
B4: ALLOW_FUEL_FROM_PREV_YEAR_ORG_LIST | C4: 2663::1435191592::142003001
B5: ALLOW_FUEL_FROM_PREV_YEAR_ORG_LIST | C5: 2663::1435191592::142802001
B6: ALLOW_FUEL_FROM_PREV_YEAR_ORG_LIST | C6: 2663::1435191592::142903002
B7: COA_SUPPLY_MAX_PRICE | C7: 50000
B8: COA_VOLUME_VALIDATION | C8: ERROR
B9: DSL_SUPPLY_MAX_PRICE | C9: 100000
B10: DSL_VOLUME_VALIDATION | C10: ERROR
B11: EXCLUDE_ORG_ILLEGALY | C11: 2405000612::240501001
B12: EXCLUDE_ORG_ILLEGALY | C12: 2912006155::291201001
... B232: EXPORT_PRICE_DIESEL_5_APR | C232: 111201
B233: EXPORT_PRICE_DIESEL_5_AUG | C233: 80928
B234: EXPORT_PRICE_DIESEL_5_DEC | C234: 74376
B235: EXPORT_PRICE_DIESEL_5_FEB | C235: 85841
B236: EXPORT_PRICE_DIESEL_5_JAN | C236: 77031
B237: EXPORT_PRICE_DIESEL_5_JUL | C237: 83238
B238: EXPORT_PRICE_DIESEL_5_JUN | C238: 98993
B239: EXPORT_PRICE_DIESEL_5_MAR | C239: 150553
B240: EXPORT_PRICE_DIESEL_5_MAY | C240: 94734
B241: EXPORT_PRICE_DIESEL_5_NOV | C241: 80371
B242: EXPORT_PRICE_DIESEL_5_OCT | C242: 91695
B243: EXPORT_PRICE_DIESEL_5_SEP | C243: 79740
B244: HEAT_MAX_PRICE_NO_TR_COAA | C244: 17000
B245: HEAT_MAX_PRICE_NO_TR_COAB | C245: 25000
B246: HEAT_MAX_PRICE_NO_TR_COAC | C246: 20000
B247: HEAT_MAX_PRICE_NO_TR_COAF | C247: 20000
B248: HEAT_MAX_PRICE_NO_TR_COAG | C248: 25000
B249: HEAT_MAX_PRICE_NO_TR_COALF | C249: 20000
B250: HEAT_MAX_PRICE_NO_TR_COAS | C250: 10000
B251: HEAT_MAX_PRICE_NO_TR_COASC | C251: 10000
B252: HEAT_MAX_PRICE_NO_TR_COAWC | C252: 20000
B253: HEAT_MAX_PRICE_NO_TR_CWD | C253: 9000
B254: HEAT_MAX_PRICE_NO_TR_DSG | C254: 8000
B255: HEAT_MAX_PRICE_NO_TR_DSLA | C255: 90000
B256: HEAT_MAX_PRICE_NO_TR_DSLO | C256: 90000
... B453: SUPPLIER_DETERMINING_METHOD_LIST | C453: Топливо собственного производства

Sheet AUTHORIZATION
A1: L1 | B1: L2
A2: ACCESS GRANTED | B2: JGWHyHmJjRhZDiMkqfHfZkOjDOgDCIGRQiQqsvCpRqRaxVwsIAdDTneMVDLBQtbz91i143i59i62, 194i226i26i8C395C7584B3E40D9CD9CC8C4EFC6CA0710dFEBd2303t19t11t836587000

Sheet REESTR_ORG
BI1: № | BJ1: НСРФ | BK1: Муниципальный район | BL1: ОКТМР | BM1: Муниципальное образование | BN1: ОКТМО | BO1: RST_ORG_ID | BP1: Наименование ЮЛ / ИП | BQ1: ИНН | BR1: КПП | BS1: ОГРН | BT1: Дата создания ЮЛ / ИП | BU1: Дата ликвидации ЮЛ / ИП | BV1: Дата начала ВД | BW1: Дата окончания ВД | BX1: Вид деятельности | BY1: ВД (PATH) | BZ1: ВД (OBSOLETE) | CA1: Является регулируемой
BI2: NUMBER | BJ2: REGION | BK2: MR | BL2: OKTMR | BM2: MO | BN2: OKTMO | BO2: RST_ORG_ID | BP2: ORG | BQ2: INN | BR2: KPP | BS2: OGRN | BT2: ORG_SD | BU2: ORG_ED | BV2: VDET_SD | BW2: VDET_ED | BX2: VDET_LIST | BY2: VDET_FULL_LIST | BZ2: VDET | CA2: HAS_TARIFF
BJ3: Ханты-Мансийский автономный округ | BO3: 26451037 | BP3: АО "Аганское многопрофильное жилищно-коммунальное управление" | BQ3: 8620019101 | BR3: 862001001 | BS3: 1098603003443 | BT3: 39955 | BX3: Некомбинированная выработка :: Сбыт :: Передача | BY3: /Тепловая энергия/Производство/Некомбинированная выработка :: /Тепловая энергия/Сбыт :: /Тепловая энергия/Передача | BZ3: производство (некомбинированная выработка)+передача+сбыт | CA3: Y
BJ4: Ханты-Мансийский автономный округ | BO4: 26361252 | BP4: АО "Аэропорт Белоярский" | BQ4: 8611002077 | BR4: 861101001 | BS4: 1028601522036 | BX4: Некомбинированная выработка :: Сбыт :: Передача | BY4: /Тепловая энергия/Производство/Некомбинированная выработка :: /Тепловая энергия/Сбыт :: /Тепловая энергия/Передача | BZ4: производство (некомбинированная выработка)+передача+сбыт | CA4: Y
BJ5: Ханты-Мансийский автономный округ | BO5: 26361211 | BP5: АО "Аэропорт Сургут" | BQ5: 8602060523 | BR5: 860201001 | BS5: 1028600603998 | BT5: 35677 | BX5: Некомбинированная выработка :: Сбыт :: Передача | BY5: /Тепловая энергия/Производство/Некомбинированная выработка :: /Тепловая энергия/Сбыт :: /Тепловая энергия/Передача | BZ5: производство (некомбинированная выработка)+передача+сбыт | CA5: Y
BJ6: Ханты-Мансийский автономный округ | BO6: 26320074 | BP6: АО "Городские электрические сети" | BQ6: 8603004190 | BR6: 860301001 | BS6: 1028600957538 | BT6: 35051 | BX6: Некомбинированная выработка :: Сбыт :: Передача | BY6: /Тепловая энергия/Производство/Некомбинированная выработка :: /Тепловая энергия/Сбыт :: /Тепловая энергия/Передача | BZ6: производство (некомбинированная выработка)+передача+сбыт | CA6: Y
BJ7: Ханты-Мансийский автономный округ | BO7: 26361212 | BP7: АО "Горремстрой" | BQ7: 8602060636 | BR7: 860201001 | BS7: 1028600593064 | BX7: Некомбинированная выработка :: Сбыт :: Передача | BY7: /Тепловая энергия/Производство/Некомбинированная выработка :: /Тепловая энергия/Сбыт :: /Тепловая энергия/Передача | BZ7: производство (некомбинированная выработка)+передача+сбыт | CA7: Y
BJ8: Ханты-Мансийский автономный округ | BO8: 31282415 | BP8: АО "Негуснефть" | BQ8: 8609000900 | BR8: 546050001 | BS8: 1028601466310 | BX8: Некомбинированная выработка :: Сбыт :: Передача | BY8: /Тепловая энергия/Производство/Некомбинированная выработка :: /Тепловая энергия/Сбыт :: /Тепловая энергия/Передача | BZ8: производство (некомбинированная выработка)+передача+сбыт | CA8: Y
BJ9: Ханты-Мансийский автономный округ | BO9: 26535092 | BP9: АО "Самотлорнефтегаз" | BQ9: 8603089934 | BR9: 997250001 | BS9: 1028600940576 | BX9: Некомбинированная выработка :: Сбыт :: Передача | BY9: /Тепловая энергия/Производство/Некомбинированная выработка :: /Тепловая энергия/Сбыт :: /Тепловая энергия/Передача | BZ9: производство (некомбинированная выработка)+передача+сбыт | CA9: Y
BJ10: Ханты-Мансийский автономный округ | BO10: 26361287 | BP10: АО "Управляющая компания тепло-, водоснабжения и канализации" | BQ10: 8621005133 | BR10: 862101001 | BS10: 1028601420660 | BX10: Некомбинированная выработка :: Сбыт :: Передача | BY10: /Тепловая энергия/Производство/Некомбинированная выработка :: /Тепловая энергия/Сбыт :: /Тепловая энергия/Передача | BZ10: производство (некомбинированная выработка)+передача+сбыт | CA10: Y
BJ11: Ханты-Мансийский автономный округ | BO11: 26361287 | BP11: АО "Управляющая компания тепло-, водоснабжения и канализации" | BQ11: 8621005133 | BR11: 862101001 | BS11: 1028601420660 | BX11: Сбыт :: Производство :: Передача | BY11: /Теплоноситель/Сбыт :: /Теплоноситель/Производство :: /Теплоноситель/Передача | BZ11: Теплоноситель - Сбыт :: Производство :: Передача | CA11: Y
BJ12: Ханты-Мансийский автономный округ | BO12: 26361237 | BP12: АО "Урайтеплоэнергия" | BQ12: 8606012954 | BR12: 860601001 | BS12: 1088606000559 | BX12: Некомбинированная выработка :: Сбыт :: Передача | BY12: /Тепловая энергия/Производство/Некомбинированная выработка :: /Тепловая энергия/Сбыт :: /Тепловая энергия/Передача | BZ12: производство (некомбинированная выработка)+передача+сбыт | CA12: Y
BJ13: Ханты-Мансийский автономный округ | BO13: 26845836 | BP13: АО "Югансктранстеплосервис" | BQ13: 8604048754 | BR13: 860401001 | BS13: 1108619001919 | BX13: Некомбинированная выработка :: Сбыт :: Передача | BY13: /Тепловая энергия/Производство/Некомбинированная выработка :: /Тепловая энергия/Сбыт :: /Тепловая энергия/Передача | BZ13: производство (некомбинированная выработка)+передача+сбыт | CA13: Y
BJ14: Ханты-Мансийский автономный округ | BO14: 26845836 | BP14: АО "Югансктранстеплосервис" | BQ14: 8604048754 | BR14: 860401001 | BS14: 1108619001919 | BX14: Сбыт :: Производство :: Передача | BY14: /Теплоноситель/Сбыт :: /Теплоноситель/Производство :: /Теплоноситель/Передача | BZ14: Теплоноситель - Сбыт :: Производство :: Передача | CA14: Y
BJ15: Ханты-Мансийский автономный округ | BO15: 26448830 | BP15: АО "Югорская Коммунальная Эксплуатирующая Компания - Белоярский" | BQ15: 8611008230 | BR15: 861101001 | BS15: 1098611000058 | BT15: 39856 | BX15: Некомбинированная выработка :: Сбыт :: Передача | BY15: /Тепловая энергия/Производство/Некомбинированная выработка :: /Тепловая энергия/Сбыт :: /Тепловая энергия/Передача | BZ15: производство (некомбинированная выработка)+передача+сбыт | CA15: Y
BJ16: Ханты-Мансийский автономный округ | BO16: 26448830 | BP16: АО "Югорская Коммунальная Эксплуатирующая Компания - Белоярский" | BQ16: 8611008230 | BR16: 861101001 | BS16: 1098611000058 | BT16: 39856 | BX16: Некомбинированная выработка :: Передача | BY16: /Тепловая энергия/Производство/Некомбинированная выработка :: /Тепловая энергия/Передача | BZ16: производство (некомбинированная выработка)+передача | CA16: Y
BJ17: Ханты-Мансийский автономный округ | BO17: 26318623 | BP17: АО "Югорская энергетическая компания децентрализованной зоны" (АО "Юграэнерго") | BQ17: 8601029263 | BR17: 860101001 | BS17: 1068601011511 | BT17: 39673 | BX17: Некомбинированная выработка :: Передача | BY17: /Тепловая энергия/Производство/Некомбинированная выработка :: /Тепловая энергия/Передача | BZ17: производство (некомбинированная выработка)+передача | CA17: Y
BJ18: Ханты-Мансийский автономный округ | BO18: 26360358 | BP18: АО Нижневартовская ГРЭС | BQ18: 8620018330 | BR18: 785150001 | BS18: 1078603011321 | BT18: 39426 | BX18: Комбинированная выработка | BY18: /Тепловая энергия/Производство/Комбинированная выработка | BZ18: производство комбинированная выработка | CA18: Y
BJ19: Ханты-Мансийский автономный округ | BO19: 31513746 | BP19: Автономное учреждение Ханты-Мансийского автономного округа – Югры «Центр профессиональной патологии» | BQ19: 8601030734 | BR19: 860101001 | BS19: 1078601000048 | BX19: Некомбинированная выработка :: Сбыт :: Передача | BY19: /Тепловая энергия/Производство/Некомбинированная выработка :: /Тепловая энергия/Сбыт :: /Тепловая энергия/Передача | BZ19: производство (некомбинированная выработка)+передача+сбыт | CA19: Y
BJ20: Ханты-Мансийский автономный округ | BO20: 26813272 | BP20: Акционерное общество "Российские железные дороги" Свердловская дирекция по тепловодоснабжению - структурное подразделение Центральной дирекции по тепловодоснабжению - филиала ОАО "РЖД", г.Екатеринбург | BQ20: 7708503727 | BR20: 665945027 | BS20: 1037739877295 | BX20: Некомбинированная выработка | BY20: /Тепловая энергия/Производство/Некомбинированная выработка | BZ20: производство (некомбинированная выработка) | CA20: Y
BJ21: Ханты-Мансийский автономный округ | BO21: 28856006 | BP21: Акционерное общество "Юграавиа" | BQ21: 8601053210 | BR21: 860101001 | BS21: 1148601002109 | BX21: Некомбинированная выработка | BY21: /Тепловая энергия/Производство/Некомбинированная выработка | BZ21: производство (некомбинированная выработка) | CA21: Y
BJ22: Ханты-Мансийский автономный округ | BO22: 31460976 | BP22: Акционерное общество «ГК ХМАО-Югры «Северавтодор» в зоне деятельности филиала № 5 АО «ГК «Северавтодор» | BQ22: 8602257512 | BR22: 861843001 | BS22: 1158601001129 | BX22: Некомбинированная выработка :: Сбыт :: Передача | BY22: /Тепловая энергия/Производство/Некомбинированная выработка :: /Тепловая энергия/Сбыт :: /Тепловая энергия/Передача | BZ22: производство (некомбинированная выработка)+передача+сбыт | CA22: Y
BJ23: Ханты-Мансийский автономный округ | BO23: 31002476 | BP23: Акционерное общество «Югорский лесопромышленный холдинг» | BQ23: 8601022074 | BR23: 860101001 | BS23: 1048600000492 | BX23: Некомбинированная выработка :: Сбыт :: Передача | BY23: /Тепловая энергия/Производство/Некомбинированная выработка :: /Тепловая энергия/Сбыт :: /Тепловая энергия/Передача | BZ23: производство (некомбинированная выработка)+передача+сбыт | CA23: Y
BJ24: Ханты-Мансийский автономный округ | BO24: 28858787 | BP24: Бюджетное учреждение Ханты-Мансийского автономного округа-Югры "Дирекция по эксплуатации служебных зданий" | BQ24: 8601012220 | BR24: 860101001 | BS24: 1028600508859 | BT24: 41982 | BX24: Некомбинированная выработка :: Сбыт | BY24: /Тепловая энергия/Производство/Некомбинированная выработка :: /Тепловая энергия/Сбыт | BZ24: производство (некомбинированная выработка)+сбыт | CA24: Y
BJ25: Ханты-Мансийский автономный округ | BO25: 28858787 | BP25: Бюджетное учреждение Ханты-Мансийского автономного округа-Югры "Дирекция по эксплуатации служебных зданий" | BQ25: 8601012220 | BR25: 860101001 | BS25: 1028600508859 | BT25: 41982 | BX25: Некомбинированная выработка :: Сбыт :: Передача | BY25: /Тепловая энергия/Производство/Некомбинированная выработка :: /Тепловая энергия/Сбыт :: /Тепловая энергия/Передача | BZ25: производство (некомбинированная выработка)+передача+сбыт | CA25: Y
BJ26: Ханты-Мансийский автономный округ | BO26: 28443058 | BP26: ЗАО "Нижневартовскстройдеталь" | BQ26: 8603085111 | BR26: 860301001 | BS26: 1028600938343 | BX26: Некомбинированная выработка :: Сбыт :: Передача | BY26: /Тепловая энергия/Производство/Некомбинированная выработка :: /Тепловая энергия/Сбыт :: /Тепловая энергия/Передача | BZ26: производство (некомбинированная выработка)+передача+сбыт | CA26: Y
BJ27: Ханты-Мансийский автономный округ | BO27: 26455462 | BP27: Лянторское городское муниципальное унитарное предприятие "Управление тепловодоснабжения и водоотведения" | BQ27: 8617028441 | BR27: 861701001 | BS27: 1098617001119 | BT27: 40123 | BX27: Некомбинированная выработка :: Сбыт :: Передача | BY27: /Тепловая энергия/Производство/Некомбинированная выработка :: /Тепловая энергия/Сбыт :: /Тепловая энергия/Передача | BZ27: производство (некомбинированная выработка)+передача+сбыт | CA27: Y
BJ28: Ханты-Мансийский автономный округ | BO28: 26455491 | BP28: МУП "Управление тепловодоснабжения и водоотведения "Сибиряк" муниципального образования сельское поселение Нижнесортымский | BQ28: 8617028226 | BR28: 861701001 | BS28: 1098617000866 | BT28: 40021 | BX28: Некомбинированная выработка :: Сбыт :: Передача | BY28: /Тепловая энергия/Производство/Некомбинированная выработка :: /Тепловая энергия/Сбыт :: /Тепловая энергия/Передача | BZ28: производство (некомбинированная выработка)+передача+сбыт | CA28: Y
BJ29: Ханты-Мансийский автономный округ | BO29: 26423493 | BP29: Малоатлымское муниципальное предприятие жилищно-коммунального хозяйства муниципального образования сельское поселение Малый Атлым | BQ29: 8614004795 | BR29: 861401001 | BS29: 1028601500190 | BU29: 44819 | BX29: Некомбинированная выработка :: Сбыт :: Передача | BY29: /Тепловая энергия/Производство/Некомбинированная выработка :: /Тепловая энергия/Сбыт :: /Тепловая энергия/Передача | BZ29: производство (некомбинированная выработка)+передача+сбыт | CA29: Y
BJ30: Ханты-Мансийский автономный округ | BO30: 31356620 | BP30: Муниципальное казенное предприятие «Жилищно-коммунальное хозяйство» | BQ30: 8620023108 | BR30: 862001001 | BS30: 1188617003013 | BX30: Некомбинированная выработка :: Сбыт :: Передача | BY30: /Тепловая энергия/Производство/Некомбинированная выработка :: /Тепловая энергия/Сбыт :: /Тепловая энергия/Передача | BZ30: производство (некомбинированная выработка)+передача+сбыт | CA30: Y
BJ31: Ханты-Мансийский автономный округ | BO31: 31307068 | BP31: Муниципальное казенное предприятие города Нягани «Няганская ресурсоснабжающая компания» | BQ31: 8610009376 | BR31: 861001001 | BS31: 1188617019238 | BX31: Некомбинированная выработка :: Сбыт :: Передача | BY31: /Тепловая энергия/Производство/Некомбинированная выработка :: /Тепловая энергия/Сбыт :: /Тепловая энергия/Передача | BZ31: производство (некомбинированная выработка)+передача+сбыт | CA31: Y
BJ32: Ханты-Мансийский автономный округ | BO32: 28831845 | BP32: Муниципальное многопрофильное предприятие "МИСНЭ" муниципального образования Октябрьский район | BQ32: 8610028604 | BR32: 861401001 | BS32: 1148610000626 | BU32: 44832 | BX32: Некомбинированная выработка :: Сбыт :: Передача | BY32: /Тепловая энергия/Производство/Некомбинированная выработка :: /Тепловая энергия/Сбыт :: /Тепловая энергия/Передача | BZ32: производство (некомбинированная выработка)+передача+сбыт | CA32: Y
BJ33: Ханты-Мансийский автономный округ | BO33: 26423507 | BP33: Муниципальное предприятие "ЖЭК-3" Ханты-Мансийского района | BQ33: 8618005341 | BR33: 861801001 | BS33: 1028600513545 | BT33: 37315 | BX33: Некомбинированная выработка :: Сбыт :: Передача | BY33: /Тепловая энергия/Производство/Некомбинированная выработка :: /Тепловая энергия/Сбыт :: /Тепловая энергия/Передача | BZ33: производство (некомбинированная выработка)+передача+сбыт | CA33: Y
BJ34: Ханты-Мансийский автономный округ | BO34: 26423507 | BP34: Муниципальное предприятие "ЖЭК-3" Ханты-Мансийского района | BQ34: 8618005341 | BR34: 861801001 | BS34: 1028600513545 | BT34: 37315 | BX34: Сбыт :: Производство :: Передача | BY34: /Теплоноситель/Сбыт :: /Теплоноситель/Производство :: /Теплоноситель/Передача | BZ34: Теплоноситель - Сбыт :: Производство :: Передача | CA34: Y
BJ35: Ханты-Мансийский автономный округ | BO35: 26361198 | BP35: Муниципальное предприятие "Ханты-Мансийскгаз" муниципального образования город Ханты-Мансийск | BQ35: 8601022243 | BR35: 860101001 | BS35: 1048600000900 | BX35: Некомбинированная выработка :: Сбыт :: Передача | BY35: /Тепловая энергия/Производство/Некомбинированная выработка :: /Тепловая энергия/Сбыт :: /Тепловая энергия/Передача | BZ35: производство (некомбинированная выработка)+передача+сбыт | CA35: Y
BJ36: Ханты-Мансийский автономный округ | BO36: 31341437 | BP36: Муниципальное предприятие «Ресурсоснабжение» муниципального образования Октябрьский район | BQ36: 8614001748 | BR36: 861401001 | BS36: 1198617006246 | BU36: 44851 | BX36: Некомбинированная выработка :: Сбыт :: Передача | BY36: /Тепловая энергия/Производство/Некомбинированная выработка :: /Тепловая энергия/Сбыт :: /Тепловая энергия/Передача | BZ36: производство (некомбинированная выработка)+передача+сбыт | CA36: Y
BJ37: Ханты-Мансийский автономный округ | BO37: 26778020 | BP37: Муниципальное предприятие «Эксплуатационная генерирующая компания» муниципального образования Октябрьский район | BQ37: 8614008285 | BR37: 861401001 | BS37: 1098610000928 | BT37: 40002 | BU37: 44851 | BX37: Некомбинированная выработка :: Сбыт :: Передача | BY37: /Тепловая энергия/Производство/Некомбинированная выработка :: /Тепловая энергия/Сбыт :: /Тепловая энергия/Передача | BZ37: производство (некомбинированная выработка)+передача+сбыт | CA37: Y
BJ38: Ханты-Мансийский автономный округ | BO38: 26361259 | BP38: Муниципальное предприятие жилищно-коммунального хозяйства муниципального образования сельское поселение Карымкары | BQ38: 8614004700 | BR38: 861401001 | BS38: 1028601501400 | BX38: Некомбинированная выработка :: Сбыт :: Передача | BY38: /Тепловая энергия/Производство/Некомбинированная выработка :: /Тепловая энергия/Сбыт :: /Тепловая энергия/Передача | BZ38: производство (некомбинированная выработка)+передача+сбыт | CA38: Y
BJ39: Ханты-Мансийский автономный округ | BO39: 31562369 | BP39: Муниципальное предприятие муниципального образования Октябрьский район «Объединенные коммунальные системы» | BQ39: 8610031269 | BR39: 861001001 | BS39: 1218600011233 | BT39: 44524 | BX39: Некомбинированная выработка :: Сбыт :: Передача | BY39: /Тепловая энергия/Производство/Некомбинированная выработка :: /Тепловая энергия/Сбыт :: /Тепловая энергия/Передача | BZ39: производство (некомбинированная выработка)+передача+сбыт | CA39: N
BJ40: Ханты-Мансийский автономный округ | BO40: 31562369 | BP40: Муниципальное предприятие муниципального образования Октябрьский район «Объединенные коммунальные системы» | BQ40: 8610031269 | BR40: 861001001 | BS40: 1218600011233 | BT40: 44524 | BX40: Некомбинированная выработка :: Сбыт :: Передача | BY40: /Тепловая энергия/Производство/Некомбинированная выработка :: /Тепловая энергия/Сбыт :: /Тепловая энергия/Передача | BZ40: производство (некомбинированная выработка)+передача+сбыт | CA40: Y
BJ41: Ханты-Мансийский автономный округ | BO41: 31290763 | BP41: Муниципальное предприятие муниципального образования Октябрьский район «Обьтеплопром» | BQ41: 8614001025 | BR41: 861401001 | BS41: 1178617002740 | BT41: 42788 | BU41: 44915 | BX41: Некомбинированная выработка :: Сбыт :: Передача | BY41: /Тепловая энергия/Производство/Некомбинированная выработка :: /Тепловая энергия/Сбыт :: /Тепловая энергия/Передача | BZ41: производство (некомбинированная выработка)+передача+сбыт | CA41: Y
BJ42: Ханты-Мансийский автономный округ | BO42: 26646370 | BP42: Муниципальное унитарное предприятие "Березовонефтепродукт" муниципального образования Березовский район | BQ42: 8613005080 | BR42: 861301001 | BS42: 1028601580039 | BX42: Некомбинированная выработка :: Передача | BY42: /Тепловая энергия/Производство/Некомбинированная выработка :: /Тепловая энергия/Передача | BZ42: производство (некомбинированная выработка)+передача | CA42: Y
BJ43: Ханты-Мансийский автономный округ | BO43: 26361247 | BP43: Муниципальное унитарное предприятие "Радужныйтеплосеть" городского округа Радужный Ханты-Мансийского автономного округа - Югры | BQ43: 8609000629 | BR43: 860901001 | BS43: 1028601465562 | BX43: Некомбинированная выработка :: Сбыт :: Передача | BY43: /Тепловая энергия/Производство/Некомбинированная выработка :: /Тепловая энергия/Сбыт :: /Тепловая энергия/Передача | BZ43: производство (некомбинированная выработка)+передача+сбыт | CA43: Y
BJ44: Ханты-Мансийский автономный округ | BO44: 26361286 | BP44: Муниципальное унитарное предприятие "Сельское жилищно-коммунальное хозяйство" | BQ44: 8620012191 | BR44: 860301001 | BS44: 1028601867326 | BT44: 36607 | BX44: Некомбинированная выработка :: Сбыт :: Передача | BY44: /Тепловая энергия/Производство/Некомбинированная выработка :: /Тепловая энергия/Сбыт :: /Тепловая энергия/Передача | BZ44: производство (некомбинированная выработка)+передача+сбыт | CA44: Y
BJ45: Ханты-Мансийский автономный округ | BO45: 26361234 | BP45: Муниципальное унитарное предприятие "Тепловодоканал" | BQ45: 8605013419 | BR45: 860501001 | BS45: 1028601355430 | BX45: Некомбинированная выработка :: Сбыт :: Передача | BY45: /Тепловая энергия/Производство/Некомбинированная выработка :: /Тепловая энергия/Сбыт :: /Тепловая энергия/Передача | BZ45: производство (некомбинированная выработка)+передача+сбыт | CA45: Y
BJ46: Ханты-Мансийский автономный округ | BO46: 31297000 | BP46: Муниципальное унитарное предприятие "Теплосети Саранпауль" | BQ46: 8613003799 | BR46: 861301001 | BS46: 1188617017324 | BT46: 43557 | BX46: Некомбинированная выработка :: Сбыт :: Передача | BY46: /Тепловая энергия/Производство/Некомбинированная выработка :: /Тепловая энергия/Сбыт :: /Тепловая энергия/Передача | BZ46: производство (некомбинированная выработка)+передача+сбыт | CA46: Y
BJ47: Ханты-Мансийский автономный округ | BO47: 26423475 | BP47: Муниципальное унитарное предприятие "Территориально объединённое управление тепловодоснабжения и водоотведения № 1" муниципального образования Сургутский район | BQ47: 8617018034 | BR47: 861701001 | BS47: 1028601681569 | BX47: Некомбинированная выработка :: Сбыт :: Передача | BY47: /Тепловая энергия/Производство/Некомбинированная выработка :: /Тепловая энергия/Сбыт :: /Тепловая энергия/Передача | BZ47: производство (некомбинированная выработка)+передача+сбыт | CA47: Y
BJ48: Ханты-Мансийский автономный округ | BO48: 26361254 | BP48: Муниципальное унитарное предприятие "Управление городского хозяйства" муниципального образования города Пыть-Ях | BQ48: 8612007896 | BR48: 861201001 | BS48: 1028601542200 | BX48: Некомбинированная выработка :: Сбыт :: Передача | BY48: /Тепловая энергия/Производство/Некомбинированная выработка :: /Тепловая энергия/Сбыт :: /Тепловая энергия/Передача | BZ48: производство (некомбинированная выработка)+передача+сбыт | CA48: Y
BJ49: Ханты-Мансийский автономный округ | BO49: 26592028 | BP49: Муниципальное унитарное предприятие "Фёдоровское жилищно-коммунальное хозяйство" | BQ49: 8617028917 | BR49: 861701001 | BS49: 1108617000315 | BX49: Некомбинированная выработка :: Сбыт :: Передача | BY49: /Тепловая энергия/Производство/Некомбинированная выработка :: /Тепловая энергия/Сбыт :: /Тепловая энергия/Передача | BZ49: производство (некомбинированная выработка)+передача+сбыт | CA49: Y
BJ50: Ханты-Мансийский автономный округ | BO50: 28543657 | BP50: Муниципальное унитарное предприятие "Югорскэнергогаз" | BQ50: 8622024682 | BR50: 862201001 | BS50: 1138622000978 | BX50: Некомбинированная выработка :: Сбыт :: Передача | BY50: /Тепловая энергия/Производство/Некомбинированная выработка :: /Тепловая энергия/Сбыт :: /Тепловая энергия/Передача | BZ50: производство (некомбинированная выработка)+передача+сбыт | CA50: Y
BJ51: Ханты-Мансийский автономный округ | BO51: 31362169 | BP51: Муниципальное унитарное предприятие «Советский Тепловодоканал» | BQ51: 8615011837 | BR51: 861501001 | BS51: 1038600306690 | BX51: Некомбинированная выработка :: Сбыт | BY51: /Тепловая энергия/Производство/Некомбинированная выработка :: /Тепловая энергия/Сбыт | BZ51: производство (некомбинированная выработка)+сбыт | CA51: Y
BJ52: Ханты-Мансийский автономный округ | BO52: 31289583 | BP52: Муниципальное унитарное предприятие «Теплосети Березово» | BQ52: 8613004175 | BR52: 861301001 | BS52: 1188617017368 | BX52: Некомбинированная выработка :: Сбыт :: Передача | BY52: /Тепловая энергия/Производство/Некомбинированная выработка :: /Тепловая энергия/Сбыт :: /Тепловая энергия/Передача | BZ52: производство (некомбинированная выработка)+передача+сбыт | CA52: Y
BJ53: Ханты-Мансийский автономный округ | BO53: 31289574 | BP53: Муниципальное унитарное предприятие «Теплосети Игрим» | BQ53: 8613007909 | BR53: 861301001 | BS53: 1188617017522 | BT53: 43536 | BX53: Некомбинированная выработка :: Сбыт :: Передача | BY53: /Тепловая энергия/Производство/Некомбинированная выработка :: /Тепловая энергия/Сбыт :: /Тепловая энергия/Передача | BZ53: производство (некомбинированная выработка)+передача+сбыт | CA53: Y
BJ54: Ханты-Мансийский автономный округ | BO54: 31356763 | BP54: Муниципальное унитарное предприятие «Управление теплоснабжения г.п. Талинка» | BQ54: 8614001674 | BR54: 861401001 | BS54: 1198617002583 | BX54: Некомбинированная выработка :: Сбыт :: Передача | BY54: /Тепловая энергия/Производство/Некомбинированная выработка :: /Тепловая энергия/Сбыт :: /Тепловая энергия/Передача | BZ54: производство (некомбинированная выработка)+передача+сбыт | CA54: Y
BJ55: Ханты-Мансийский автономный округ | BO55: 31354562 | BP55: Муниципальное унитарное предприятие сп. Сингапай «Управление жилищно-коммунального обслуживаниия» | BQ55: 8619016265 | BR55: 861901001 | BS55: 1168617065143 | BX55: Некомбинированная выработка :: Сбыт :: Передача | BY55: /Тепловая энергия/Производство/Некомбинированная выработка :: /Тепловая энергия/Сбыт :: /Тепловая энергия/Передача | BZ55: производство (некомбинированная выработка)+передача+сбыт | CA55: Y
BJ56: Ханты-Мансийский автономный округ | BO56: 31354562 | BP56: Муниципальное унитарное предприятие сп. Сингапай «Управление жилищно-коммунального обслуживаниия» | BQ56: 8619016265 | BR56: 861901001 | BS56: 1168617065143 | BX56: Сбыт :: Производство :: Передача | BY56: /Теплоноситель/Сбыт :: /Теплоноситель/Производство :: /Теплоноситель/Передача | BZ56: Теплоноситель - Сбыт :: Производство :: Передача | CA56: Y
BJ57: Ханты-Мансийский автономный округ | BO57: 26423487 | BP57: Нефтеюганское УМН Акционерное общество "Транснефть - Сибирь" АК "Транснефть" | BQ57: 7201000726 | BR57: 860402002 | BS57: 1027200789220 | BX57: Некомбинированная выработка :: Сбыт :: Передача | BY57: /Тепловая энергия/Производство/Некомбинированная выработка :: /Тепловая энергия/Сбыт :: /Тепловая энергия/Передача | BZ57: производство (некомбинированная выработка)+передача+сбыт | CA57: Y
BJ58: Ханты-Мансийский автономный округ | BO58: 26361193 | BP58: ОАО "Обьгаз" | BQ58: 8601014059 | BR58: 860101001 | BS58: 1028600507143 | BX58: Некомбинированная выработка :: Сбыт :: Передача | BY58: /Тепловая энергия/Производство/Некомбинированная выработка :: /Тепловая энергия/Сбыт :: /Тепловая энергия/Передача | BZ58: производство (некомбинированная выработка)+передача+сбыт | CA58: Y
BJ59: Ханты-Мансийский автономный округ | BO59: 26361261 | BP59: ООО "Аэропорт Советский" | BQ59: 8615001243 | BR59: 861501001 | BS59: 1028601844204 | BT59: 36334 | BX59: Некомбинированная выработка :: Сбыт :: Передача | BY59: /Тепловая энергия/Производство/Некомбинированная выработка :: /Тепловая энергия/Сбыт :: /Тепловая энергия/Передача | BZ59: производство (некомбинированная выработка)+передача+сбыт | CA59: Y
BJ60: Ханты-Мансийский автономный округ | BO60: 30942075 | BP60: ООО "Башнефть-Добыча" | BQ60: 0277106840 | BR60: 025250001 | BS60: 1090280032699 | BT60: 43101 | BX60: Некомбинированная выработка :: Сбыт :: Передача | BY60: /Тепловая энергия/Производство/Некомбинированная выработка :: /Тепловая энергия/Сбыт :: /Тепловая энергия/Передача | BZ60: производство (некомбинированная выработка)+передача+сбыт | CA60: Y
BJ61: Ханты-Мансийский автономный округ | BO61: 26361290 | BP61: ООО "Газпром Трансгаз Югорск" Бобровское ЛПУ МГ | BQ61: 8622000931 | BR61: 861102003 | BS61: 1028601843918 | BX61: Некомбинированная выработка :: Сбыт :: Передача | BY61: /Тепловая энергия/Производство/Некомбинированная выработка :: /Тепловая энергия/Сбыт :: /Тепловая энергия/Передача | BZ61: производство (некомбинированная выработка)+передача+сбыт | CA61: Y
BJ62: Ханты-Мансийский автономный округ | BO62: 26361289 | BP62: ООО "Газпром Трансгаз Югорск" Верхнеказымское ЛПУ МГ | BQ62: 8622000931 | BR62: 861102002 | BS62: 1028601843918 | BX62: Некомбинированная выработка :: Сбыт :: Передача | BY62: /Тепловая энергия/Производство/Некомбинированная выработка :: /Тепловая энергия/Сбыт :: /Тепловая энергия/Передача | BZ62: производство (некомбинированная выработка)+передача+сбыт | CA62: Y
BJ63: Ханты-Мансийский автономный округ | BO63: 26361296 | BP63: ООО "Газпром Трансгаз Югорск" Октябрьское ЛПУ МГ | BQ63: 8622000931 | BR63: 861402001 | BS63: 1028601843918 | BX63: Некомбинированная выработка :: Сбыт :: Передача | BY63: /Тепловая энергия/Производство/Некомбинированная выработка :: /Тепловая энергия/Сбыт :: /Тепловая энергия/Передача | BZ63: производство (некомбинированная выработка)+передача+сбыт | CA63: Y
BJ64: Ханты-Мансийский автономный округ | BO64: 26361297 | BP64: ООО "Газпром Трансгаз Югорск" Перегребненское ЛПУ МГ | BQ64: 8622000931 | BR64: 861402002 | BS64: 1028601843918 | BX64: Некомбинированная выработка :: Сбыт :: Передача | BY64: /Тепловая энергия/Производство/Некомбинированная выработка :: /Тепловая энергия/Сбыт :: /Тепловая энергия/Передача | BZ64: производство (некомбинированная выработка)+передача+сбыт | CA64: Y
BJ65: Ханты-Мансийский автономный округ | BO65: 26361295 | BP65: ООО "Газпром Трансгаз Югорск" Пунгинского ЛПУ МГ | BQ65: 8622000931 | BR65: 861302002 | BS65: 1028601843918 | BX65: Некомбинированная выработка :: Сбыт | BY65: /Тепловая энергия/Производство/Некомбинированная выработка :: /Тепловая энергия/Сбыт | BZ65: производство (некомбинированная выработка)+сбыт | CA65: Y
BJ66: Ханты-Мансийский автономный округ | BO66: 26361292 | BP66: ООО "Газпром Трансгаз Югорск" Сорумское ЛПУ МГ | BQ66: 8622000931 | BR66: 861102005 | BS66: 1028601843918 | BX66: Некомбинированная выработка :: Сбыт :: Передача | BY66: /Тепловая энергия/Производство/Некомбинированная выработка :: /Тепловая энергия/Сбыт :: /Тепловая энергия/Передача | BZ66: производство (некомбинированная выработка)+передача+сбыт | CA66: Y
BJ67: Ханты-Мансийский автономный округ | BO67: 26361293 | BP67: ООО "Газпром Трансгаз Югорск" Сосновское ЛПУ МГ | BQ67: 8622000931 | BR67: 861102006 | BS67: 1028601843918 | BX67: Некомбинированная выработка :: Сбыт :: Передача | BY67: /Тепловая энергия/Производство/Некомбинированная выработка :: /Тепловая энергия/Сбыт :: /Тепловая энергия/Передача | BZ67: производство (некомбинированная выработка)+передача+сбыт | CA67: Y
BJ68: Ханты-Мансийский автономный округ | BO68: 26423587 | BP68: ООО "Газпром Трансгаз Югорск" Сосьвинское ЛПУ МГ | BQ68: 8622000931 | BR68: 861302004 | BS68: 1028601843918 | BX68: Некомбинированная выработка :: Сбыт :: Передача | BY68: /Тепловая энергия/Производство/Некомбинированная выработка :: /Тепловая энергия/Сбыт :: /Тепловая энергия/Передача | BZ68: производство (некомбинированная выработка)+передача+сбыт | CA68: Y
BJ69: Ханты-Мансийский автономный округ | BO69: 26361298 | BP69: ООО "Газпром Трансгаз Югорск" Таежное ЛПУ МГ | BQ69: 8622000931 | BR69: 861402003 | BS69: 1028601843918 | BX69: Некомбинированная выработка :: Сбыт :: Передача | BY69: /Тепловая энергия/Производство/Некомбинированная выработка :: /Тепловая энергия/Сбыт :: /Тепловая энергия/Передача | BZ69: производство (некомбинированная выработка)+передача+сбыт | CA69: Y
BJ70: Ханты-Мансийский автономный округ | BO70: 26423573 | BP70: ООО "Газпром Трансгаз Югорск" Уральское ЛПУ МГ | BQ70: 8622000931 | BR70: 861302003 | BS70: 1028601843918 | BX70: Некомбинированная выработка :: Сбыт :: Передача | BY70: /Тепловая энергия/Производство/Некомбинированная выработка :: /Тепловая энергия/Сбыт :: /Тепловая энергия/Передача | BZ70: производство (некомбинированная выработка)+передача+сбыт | CA70: Y
BJ71: Ханты-Мансийский автономный округ | BO71: 26813664 | BP71: ООО "Газпром трансгаз Сургут" Ортьягунское ЛПУ МГ | BQ71: 8617002073 | BR71: 860803001 | BS71: 1028601679314 | BX71: Некомбинированная выработка :: Сбыт :: Передача | BY71: /Тепловая энергия/Производство/Некомбинированная выработка :: /Тепловая энергия/Сбыт :: /Тепловая энергия/Передача | BZ71: производство (некомбинированная выработка)+передача+сбыт | CA71: Y
BJ72: Ханты-Мансийский автономный округ | BO72: 26598633 | BP72: ООО "Газпром трансгаз Сургут" Самсоновское ЛПУ МГ | BQ72: 8617002073 | BR72: 861903002 | BS72: 1028601679314 | BX72: Некомбинированная выработка :: Сбыт :: Передача | BY72: /Тепловая энергия/Производство/Некомбинированная выработка :: /Тепловая энергия/Сбыт :: /Тепловая энергия/Передача | BZ72: производство (некомбинированная выработка)+передача+сбыт | CA72: Y
... BJ74: Ханты-Мансийский автономный округ | BO74: 26361276 | BP74: ООО "Газпром трансгаз Сургут" Южно-Балыкское ЛПУ МГ | BQ74: 8617002073 | BR74: 861903001 | BS74: 1028601679314 | BX74: Некомбинированная выработка :: Сбыт :: Передача | BY74: /Тепловая энергия/Производство/Некомбинированная выработка :: /Тепловая энергия/Сбыт :: /Тепловая энергия/Передача | BZ74: производство (некомбинированная выработка)+передача+сбыт | CA74: Y
BJ75: Ханты-Мансийский автономный округ | BO75: 26427611 | BP75: ООО "Горводоканал" | BQ75: 8608053709 | BR75: 860801001 | BS75: 1098608000083 | BT75: 39855 | BX75: Некомбинированная выработка :: Сбыт :: Передача | BY75: /Тепловая энергия/Производство/Некомбинированная выработка :: /Тепловая энергия/Сбыт :: /Тепловая энергия/Передача | BZ75: производство (некомбинированная выработка)+передача+сбыт | CA75: Y
BJ76: Ханты-Мансийский автономный округ | BO76: 26423761 | BP76: ООО "КОММУНАЛЬНИК" | BQ76: 8603118141 | BR76: 860301001 | BS76: 1048600521221 | BX76: Некомбинированная выработка :: Сбыт :: Передача | BY76: /Тепловая энергия/Производство/Некомбинированная выработка :: /Тепловая энергия/Сбыт :: /Тепловая энергия/Передача | BZ76: производство (некомбинированная выработка)+передача+сбыт | CA76: Y
BJ77: Ханты-Мансийский автономный округ | BO77: 28453800 | BP77: ООО "КарьерАвтоСтрой" | BQ77: 8620013533 | BR77: 860301001 | BS77: 1028601866809 | BX77: Некомбинированная выработка :: Сбыт :: Передача | BY77: /Тепловая энергия/Производство/Некомбинированная выработка :: /Тепловая энергия/Сбыт :: /Тепловая энергия/Передача | BZ77: производство (некомбинированная выработка)+передача+сбыт | CA77: Y
BJ78: Ханты-Мансийский автономный округ | BO78: 26454986 | BP78: ООО "Комплекс Коммунальных Платежей" | BQ78: 8616010628 | BR78: 861601001 | BS78: 1098606000382 | BT78: 39968 | BX78: Некомбинированная выработка :: Сбыт :: Передача | BY78: /Тепловая энергия/Производство/Некомбинированная выработка :: /Тепловая энергия/Сбыт :: /Тепловая энергия/Передача | BZ78: производство (некомбинированная выработка)+передача+сбыт | CA78: Y
BJ79: Ханты-Мансийский автономный округ | BO79: 26431977 | BP79: ООО "Концессионная Коммунальная Компания" | BQ79: 8608053716 | BR79: 860801001 | BS79: 1098608000094 | BT79: 39855 | BX79: Некомбинированная выработка :: Сбыт :: Передача | BY79: /Тепловая энергия/Производство/Некомбинированная выработка :: /Тепловая энергия/Сбыт :: /Тепловая энергия/Передача | BZ79: производство (некомбинированная выработка)+передача+сбыт | CA79: N
BJ80: Ханты-Мансийский автономный округ | BO80: 26431977 | BP80: ООО "Концессионная Коммунальная Компания" | BQ80: 8608053716 | BR80: 860801001 | BS80: 1098608000094 | BT80: 39855 | BX80: Некомбинированная выработка :: Сбыт :: Передача | BY80: /Тепловая энергия/Производство/Некомбинированная выработка :: /Тепловая энергия/Сбыт :: /Тепловая энергия/Передача | BZ80: производство (некомбинированная выработка)+передача+сбыт | CA80: Y
BJ81: Ханты-Мансийский автономный округ | BO81: 26383128 | BP81: ООО "Нижневартовскгаз" | BQ81: 8603118920 | BR81: 860301001 | BS81: 1048600524103 | BT81: 38294 | BX81: Некомбинированная выработка :: Сбыт :: Передача | BY81: /Тепловая энергия/Производство/Некомбинированная выработка :: /Тепловая энергия/Сбыт :: /Тепловая энергия/Передача | BZ81: производство (некомбинированная выработка)+передача+сбыт | CA81: Y
BJ82: Ханты-Мансийский автономный округ | BO82: 26534242 | BP82: ООО "Няганские газораспределительные сети" | BQ82: 8610023966 | BR82: 861001001 | BS82: 1098610001159 | BT82: 40162 | BX82: Некомбинированная выработка :: Сбыт | BY82: /Тепловая энергия/Производство/Некомбинированная выработка :: /Тепловая энергия/Сбыт | BZ82: производство (некомбинированная выработка)+сбыт | CA82: Y
BJ83: Ханты-Мансийский автономный округ | BO83: 30855120 | BP83: ООО "ПриобьСтройГарант" | BQ83: 8614000871 | BR83: 861401001 | BS83: 1168617052757 | BX83: Некомбинированная выработка :: Сбыт :: Передача | BY83: /Тепловая энергия/Производство/Некомбинированная выработка :: /Тепловая энергия/Сбыт :: /Тепловая энергия/Передача | BZ83: производство (некомбинированная выработка)+передача+сбыт | CA83: Y
BJ84: Ханты-Мансийский автономный округ | BO84: 26320082 | BP84: ООО "РН - Юганскнефтегаз" | BQ84: 8604035473 | BR84: 997250001 | BS84: 1058602819538 | BX84: Некомбинированная выработка :: Сбыт :: Передача | BY84: /Тепловая энергия/Производство/Некомбинированная выработка :: /Тепловая энергия/Сбыт :: /Тепловая энергия/Передача | BZ84: производство (некомбинированная выработка)+передача+сбыт | CA84: Y
BJ85: Ханты-Мансийский автономный округ | BO85: 26361249 | BP85: ООО "Росна" | BQ85: 8609017439 | BR85: 860901001 | BS85: 1028601467223 | BX85: Некомбинированная выработка :: Сбыт :: Передача | BY85: /Тепловая энергия/Производство/Некомбинированная выработка :: /Тепловая энергия/Сбыт :: /Тепловая энергия/Передача | BZ85: производство (некомбинированная выработка)+передача+сбыт | CA85: Y
BJ86: Ханты-Мансийский автономный округ | BO86: 26361278 | BP86: ООО "Сургутмебель" | BQ86: 8617013396 | BR86: 861701001 | BS86: 1028601679688 | BX86: Некомбинированная выработка :: Сбыт :: Передача | BY86: /Тепловая энергия/Производство/Некомбинированная выработка :: /Тепловая энергия/Сбыт :: /Тепловая энергия/Передача | BZ86: производство (некомбинированная выработка)+передача+сбыт | CA86: Y
BJ87: Ханты-Мансийский автономный округ | BO87: 26522796 | BP87: ООО "Сургутские городские электрические сети" | BQ87: 8602015464 | BR87: 860201001 | BS87: 1068602153773 | BT87: 38925 | BX87: Некомбинированная выработка | BY87: /Тепловая энергия/Производство/Некомбинированная выработка | BZ87: производство (некомбинированная выработка) | CA87: Y
BJ88: Ханты-Мансийский автономный округ | BO88: 26431963 | BP88: ООО "ТВС-сервис" | BQ88: 8602137279 | BR88: 860201001 | BS88: 1088602010254 | BX88: Некомбинированная выработка :: Сбыт :: Передача | BY88: /Тепловая энергия/Производство/Некомбинированная выработка :: /Тепловая энергия/Сбыт :: /Тепловая энергия/Передача | BZ88: производство (некомбинированная выработка)+передача+сбыт | CA88: Y
BJ89: Ханты-Мансийский автономный округ | BO89: 26454973 | BP89: ООО "Теплотехсервис" | BQ89: 8616010667 | BR89: 861601001 | BS89: 1098606000448 | BT89: 40066 | BX89: Некомбинированная выработка :: Сбыт :: Передача | BY89: /Тепловая энергия/Производство/Некомбинированная выработка :: /Тепловая энергия/Сбыт :: /Тепловая энергия/Передача | BZ89: производство (некомбинированная выработка)+передача+сбыт | CA89: Y
BJ90: Ханты-Мансийский автономный округ | BO90: 26361219 | BP90: ООО "Технические системы" | BQ90: 8602140899 | BR90: 860201001 | BS90: 1028600590886 | BX90: Некомбинированная выработка :: Сбыт :: Передача | BY90: /Тепловая энергия/Производство/Некомбинированная выработка :: /Тепловая энергия/Сбыт :: /Тепловая энергия/Передача | BZ90: производство (некомбинированная выработка)+передача+сбыт | CA90: Y
BJ91: Ханты-Мансийский автономный округ | BO91: 26360227 | BP91: ООО "Энергонефть Томск" | BQ91: 7022010799 | BR91: 702201001 | BS91: 1027001619369 | BT91: 37551 | BX91: Некомбинированная выработка :: Передача | BY91: /Тепловая энергия/Производство/Некомбинированная выработка :: /Тепловая энергия/Передача | BZ91: производство (некомбинированная выработка)+передача | CA91: Y
BJ92: Ханты-Мансийский автономный округ | BO92: 26522800 | BP92: ООО «Газпром энерго» в зоне деятельности Сургутского филиала Общества с ограниченной ответственностью «Газпром энерго» | BQ92: 7736186950 | BR92: 860202001 | BS92: 1027739841370 | BT92: 38628 | BX92: Некомбинированная выработка :: Сбыт :: Передача | BY92: /Тепловая энергия/Производство/Некомбинированная выработка :: /Тепловая энергия/Сбыт :: /Тепловая энергия/Передача | BZ92: производство (некомбинированная выработка)+передача+сбыт | CA92: Y
BJ93: Ханты-Мансийский автономный округ | BO93: 26522800 | BP93: ООО «Газпром энерго» в зоне деятельности Сургутского филиала Общества с ограниченной ответственностью «Газпром энерго» | BQ93: 7736186950 | BR93: 860202001 | BS93: 1027739841370 | BT93: 38628 | BX93: Некомбинированная выработка :: Сбыт :: Передача | BY93: /Тепловая энергия/Производство/Некомбинированная выработка :: /Тепловая энергия/Сбыт :: /Тепловая энергия/Передача | BZ93: производство (некомбинированная выработка)+передача+сбыт | CA93: N
BJ94: Ханты-Мансийский автономный округ | BO94: 30479693 | BP94: ООО «Специализированная компания автотехники – база» | BQ94: 8602228656 | BR94: 860201001 | BS94: 1038600501213 | BX94: Некомбинированная выработка :: Сбыт :: Передача | BY94: /Тепловая энергия/Производство/Некомбинированная выработка :: /Тепловая энергия/Сбыт :: /Тепловая энергия/Передача | BZ94: производство (некомбинированная выработка)+передача+сбыт | CA94: Y
BJ95: Ханты-Мансийский автономный округ | BO95: 30840107 | BP95: ООО «Эксплуатационная генерирующая компания» | BQ95: 8614000906 | BR95: 861401001 | BS95: 1168617057696 | BX95: Некомбинированная выработка :: Сбыт :: Передача | BY95: /Тепловая энергия/Производство/Некомбинированная выработка :: /Тепловая энергия/Сбыт :: /Тепловая энергия/Передача | BZ95: производство (некомбинированная выработка)+передача+сбыт | CA95: N
BJ96: Ханты-Мансийский автономный округ | BO96: 30840107 | BP96: ООО «Эксплуатационная генерирующая компания» | BQ96: 8614000906 | BR96: 861401001 | BS96: 1168617057696 | BX96: Некомбинированная выработка :: Сбыт :: Передача | BY96: /Тепловая энергия/Производство/Некомбинированная выработка :: /Тепловая энергия/Сбыт :: /Тепловая энергия/Передача | BZ96: производство (некомбинированная выработка)+передача+сбыт | CA96: Y
BJ97: Ханты-Мансийский автономный округ | BO97: 28263040 | BP97: Общество с ограниченной ответственностью "Гарант" | BQ97: 8614007740 | BR97: 861401001 | BS97: 1078610002019 | BX97: Некомбинированная выработка :: Сбыт :: Передача | BY97: /Тепловая энергия/Производство/Некомбинированная выработка :: /Тепловая энергия/Сбыт :: /Тепловая энергия/Передача | BZ97: производство (некомбинированная выработка)+передача+сбыт | CA97: Y
BJ98: Ханты-Мансийский автономный округ | BO98: 30946513 | BP98: Общество с ограниченной ответственностью "Горизонт" | BQ98: 8618002005 | BR98: 861801001 | BS98: 1148601002648 | BX98: Некомбинированная выработка :: Сбыт | BY98: /Тепловая энергия/Производство/Некомбинированная выработка :: /Тепловая энергия/Сбыт | BZ98: производство (некомбинированная выработка)+сбыт | CA98: Y
BJ99: Ханты-Мансийский автономный округ | BO99: 30934476 | BP99: Общество с ограниченной ответственностью "Управление производственно-технологической комплектации" | BQ99: 8608059595 | BR99: 860801001 | BS99: 1178617009230 | BX99: Некомбинированная выработка :: Сбыт :: Передача | BY99: /Тепловая энергия/Производство/Некомбинированная выработка :: /Тепловая энергия/Сбыт :: /Тепловая энергия/Передача | BZ99: производство (некомбинированная выработка)+передача+сбыт | CA99: Y
BJ100: Ханты-Мансийский автономный округ | BO100: 30372304 | BP100: Общество с ограниченной ответственностью «Коммунэнерго» | BQ100: 8616012079 | BR100: 861601001 | BS100: 1148606000036 | BX100: Некомбинированная выработка :: Сбыт :: Передача | BY100: /Тепловая энергия/Производство/Некомбинированная выработка :: /Тепловая энергия/Сбыт :: /Тепловая энергия/Передача | BZ100: производство (некомбинированная выработка)+передача+сбыт | CA100: Y
BJ101: Ханты-Мансийский автономный округ | BO101: 31289532 | BP101: Общество с ограниченной ответственностью «ЛУКОЙЛ-ЭНЕРГОСЕТИ» | BQ101: 5260230051 | BR101: 775050001 | BS101: 1088607000217 | BX101: Некомбинированная выработка :: Сбыт :: Передача | BY101: /Тепловая энергия/Производство/Некомбинированная выработка :: /Тепловая энергия/Сбыт :: /Тепловая энергия/Передача | BZ101: производство (некомбинированная выработка)+передача+сбыт | CA101: Y
...

Sheet REESTR_MO
A1: МР | B1: МО | C1: ОКТМО | D1: Тип МО | E1: Муниципальный район | F1: Имя диапазона
A2: Белоярский муниципальный район | B2: Белоярский | C2: 71811151 | D2: городское поселение, в состав которого входит поселок | E2: Белоярский муниципальный район | F2: MO_LIST_1
A3: Белоярский муниципальный район | B3: Белоярский муниципальный район | C3: 71811000 | D3: муниципальный район | E3: Березовский муниципальный район | F3: MO_LIST_2
A4: Белоярский муниципальный район | B4: Верхнеказымский | C4: 71811406 | D4: сельское поселение | E4: Когалым | F4: MO_LIST_3
A5: Белоярский муниципальный район | B5: Казым | C5: 71811410 | D5: сельское поселение | E5: Кондинский муниципальный район | F5: MO_LIST_4
A6: Белоярский муниципальный район | B6: Лыхма | C6: 71811412 | D6: сельское поселение | E6: Лангепас | F6: MO_LIST_5
A7: Белоярский муниципальный район | B7: Полноват | C7: 71811415 | D7: сельское поселение | E7: Мегион | F7: MO_LIST_6
A8: Белоярский муниципальный район | B8: Сорум | C8: 71811420 | D8: сельское поселение | E8: Нефтеюганск | F8: MO_LIST_7
A9: Белоярский муниципальный район | B9: Сосновка | C9: 71811419 | D9: сельское поселение | E9: Нефтеюганский муниципальный район | F9: MO_LIST_8
A10: Березовский муниципальный район | B10: Березовский муниципальный район | C10: 71812000 | D10: муниципальный район | E10: Нижневартовск | F10: MO_LIST_9
A11: Березовский муниципальный район | B11: Городское поселение Берёзово | C11: 71812151 | D11: городское поселение, в состав которого входит поселок | E11: Нижневартовский муниципальный район | F11: MO_LIST_10
A12: Березовский муниципальный район | B12: Городское поселение Игрим | C12: 71812154 | D12: городское поселение, в состав которого входит поселок | E12: Нягань | F12: MO_LIST_11
... A23: Кондинский муниципальный район | B23: Луговой | C23: 71816157 | D23: городское поселение, в состав которого входит поселок | E23: Югорск | F23: MO_LIST_22
A24: Кондинский муниципальный район | B24: Междуреченский | C24: 71816160 | D24: городское поселение, в состав которого входит поселок
A25: Кондинский муниципальный район | B25: Мортка | C25: 71816163 | D25: городское поселение, в состав которого входит поселок
A26: Кондинский муниципальный район | B26: Мулымья | C26: 71816423 | D26: сельское поселение
A27: Кондинский муниципальный район | B27: Половинка | C27: 71816420 | D27: сельское поселение
A28: Кондинский муниципальный район | B28: Шугур | C28: 71816411 | D28: сельское поселение
A29: Лангепас | B29: Лангепас | C29: 71872000 | D29: городской округ
A30: Мегион | B30: Мегион | C30: 71873000 | D30: городской округ
A31: Нефтеюганск | B31: Нефтеюганск | C31: 71874000 | D31: городской округ
A32: Нефтеюганский муниципальный район | B32: Каркатеевы | C32: 71818401 | D32: сельское поселение
A33: Нефтеюганский муниципальный район | B33: Куть-Ях | C33: 71818402 | D33: сельское поселение
A34: Нефтеюганский муниципальный район | B34: Лемпино | C34: 71818403 | D34: сельское поселение
A35: Нефтеюганский муниципальный район | B35: Нефтеюганский муниципальный район | C35: 71818000 | D35: муниципальный район
... A106: Югорск | B106: Югорск | C106: 71887000 | D106: городской округ

Sheet FILE_STORE_DATA
B2: GUID | C2: MIME | D2: EXTENSION | E2: CREATE_DATE | F2: FORCE_ALLOWED

Sheet EGR_BY_ORGN_DATA

Sheet PLAN1X_LIST_ORG

Sheet PLAN1X_LIST_SRC
A1: № | B1: LGL_ID | C1: Наименование ЮЛ / ИП | D1: ИНН | E1: КПП | F1: Наименование (описание) обособленного подразделения | G1: Номер объекта | H1: Наименование объекта | I1: Тип объекта | J1: Адрес объекта. Муниципальный район | K1: Адрес объекта. Муниципальное образование | L1: Адрес объекта. ОКТМО | M1: Адрес объекта. Населённый пункт | N1: Адрес объекта. ОКТМО населённого пункта | O1: Адрес объекта. улица, проезд, проспект, переулок и т.п. | P1: Адрес объекта. дом, корпус, строение | Q1: Номер территории оказания услуг | R1: Территория оказания услуг. Муниципальный район | S1: Территория оказания услуг. Муниципальное образование | T1: Территория оказания услуг. ОКТМО | U1: Территория оказания услуг. Населённый пункт | V1: Территория оказания услуг. ОКТМО населённого пункта | W1: Виды деятельности. Производство | X1: Виды деятельности. Транспортировка | Y1: Виды деятельности. Сбыт | Z1: Производство. Установленная мощность | AA1: Производство. Подключённая нагрузка | AB1: Транспортировка. Установленная мощность | AC1: Транспортировка. Подключённая нагрузка | AD1: Сбыт. Установленная мощность | AE1: Сбыт. Подключённая нагрузка | AF1: Список используемых видов / марок топлива
A2: NUMBER | B2: LGL_ID | C2: ORG | D2: INN | E2: KPP | F2: FIL | G2: NOMER2_NAME | H2: NMOB_NAME | I2: DET_NAME | J2: L_ADDRESS_MR | K2: L_ADDRESS_MO | L2: L_ADDRESS_OKTMO | M2: L_ADDRESS_LOCATION | N2: L_ADDRESS_LOC_OKTMO | O2: L_ADDRESS_STREET | P2: L_ADDRESS_BUILDING | Q2: DET2_NAME | R2: MR_NAME | S2: MO_NAME | T2: OKTMO_NAME | U2: LOCATION_NAME | V2: LOCATION_OKTMO_NAME | W2: L_SERVICE_PRODUCTION | X2: L_SERVICE_TRANSMISSION | Y2: L_SERVICE_SALE | Z2: L_PR_IC | AA2: L_PR_CL | AB2: L_TR_IC | AC2: L_TR_CL | AD2: L_SL_IC | AE2: L_SL_CL | AF2: FUEL_LIST
B3: 6188512366 | C3: ООО "ПриобьСтройГарант" | D3: 8614000871 | E3: 861401001 | G3: 1 | H3: Котельная № 1 | I3: ТИ | J3: Октябрьский муниципальный район | K3: Перегребное | L3: 71821428 | M3: с Перегребное | N3: 71821428101 | O3: ул. Строителей | P3: 8 В/1 | Q3: 1 | R3: Октябрьский муниципальный район | S3: Перегребное | T3: 71821428 | U3: с Перегребное | V3: 71821428101 | W3: да | X3: нет | Y3: нет | Z3: 10.83 | AA3: 1.89 | AF3: [Газ природный]
B4: 6188512366 | C4: ООО "ПриобьСтройГарант" | D4: 8614000871 | E4: 861401001 | G4: 2 | H4: Котельная № 2 | I4: ТИ | J4: Октябрьский муниципальный район | K4: Перегребное | L4: 71821428 | M4: д Чемаши | N4: 71821428106 | O4: ул. Ленина | P4: 10 Г | Q4: 1 | R4: Октябрьский муниципальный район | S4: Перегребное | T4: 71821428 | U4: д Чемаши | V4: 71821428106 | W4: да | X4: нет | Y4: нет | Z4: 0.86 | AA4: 0.24 | AF4: [Газ природный]
B5: 6188512366 | C5: ООО "ПриобьСтройГарант" | D5: 8614000871 | E5: 861401001 | G5: 3 | H5: Котельная № 3 | I5: ТИ | J5: Октябрьский муниципальный район | K5: Перегребное | L5: 71821428 | M5: д Нижние Нарыкары | N5: 71821428111 | O5: пер. Клубный | P5: 5 | Q5: 1 | R5: Октябрьский муниципальный район | S5: Перегребное | T5: 71821428 | U5: д Нижние Нарыкары | V5: 71821428111 | W5: да | X5: нет | Y5: нет | Z5: 7.04 | AA5: 1.21 | AF5: [Газ природный]

Sheet PLAN1X_LIST_SUBSIDIARY
A1: № | B1: Наименование (описание) обособленного подразделения
A2: NUMBER | B2: FIL_NAME
B4: Сургутская ГРЭС-1
B5: Сургутская ГРЭС-2

Sheet PLAN1X_LIST_OKOPF
A1: № | B1: Организационно-правовая форма
A2: NUMBER | B2: OKOPF_NAME
B3: 1 10 51 | Полные товарищества
B4: 1 10 64 | Товарищества на вере (коммандитные товарищества)
B5: 1 22 47 | Публичные акционерные общества
B6: 1 22 67 | Непубличные акционерные общества
B7: 1 23 00 | Общества с ограниченной ответственностью
B8: 1 30 00 | Хозяйственные партнерства
B9: 1 41 53 | Сельскохозяйственные артели (колхозы)
B10: 1 41 54 | Рыболовецкие артели (колхозы)
B11: 1 41 55 | Кооперативные хозяйства (коопхозы)
B12: 1 42 00 | Производственные кооперативы (кроме сельскохозяйственных производственных кооперативов)
B13: 1 53 00 | Крестьянские (фермерские) хозяйства
B14: 1 90 00 | Прочие юридические лица, являющиеся коммерческими организациями
... B97: 7 55 05 | Общественные учреждения

Sheet PLAN1X_FUEL_USAGE
A1: № | B1: FUEL_COMBO | C1: Наименование ЮЛ / ИП | D1: ИНН | E1: КПП | F1: Наименование (описание) обособленного подразделения | G1: Вид(-ы) деятельности
A2: NUMBER | B2: FUEL_COMBO | C2: ORG | D2: INN | E2: KPP | F2: FIL | G2: VDET
B3: NGL | C3: ООО "ПриобьСтройГарант" | D3: 8614000871 | E3: 861401001 | G3: Некомбинированное производство :: Передача :: Сбыт

Sheet SUPPLY_PREV_DATA

Sheet TPL_DISCIPLINE
A1: L1 | B1: L2
A2: ACCESS GRANTED | B2: 0

Sheet AC_ORG_DATA
A1: № | B1: НСРФ | C1: Муниципальный район | D1: ОКТМР | E1: Муниципальное образование | F1: ОКТМО | G1: RST_ORG_ID | H1: Наименование ЮЛ / ИП | I1: ИНН | J1: КПП | K1: ОГРН | L1: Организационно-правовая форма | M1: Код загрузки
A2: NUMBER | B2: REGION | C2: MR | D2: OKTMR | E2: MO | F2: OKTMO | G2: RST_ORG_ID | H2: ORG | I2: INN | J2: KPP | K2: OGRN | L2: OKOPF | M2: LGL_ID
B3: Ханты-Мансийский автономный округ | H3: [необходимо уточнить наименование организации в соответствии с актуальным реестром] Малоатлымское муниципальное предприятие жилищно-коммунального хозяйства муниципального образования сельское поселение Малый Атлым | I3: 8614004795 | J3: 861401001 | K3: 1028601500190 | L3: 6 52 43 | Муниципальные унитарные предприятия | M3: 6838133575
B4: Ханты-Мансийский автономный округ | H4: [необходимо уточнить наименование организации в соответствии с актуальным реестром] Муниципальное многопрофильное предприятие "МИСНЭ" муниципального образования Октябрьский район | I4: 8610028604 | J4: 861401001 | K4: 1148610000626 | L4: 6 52 43 | Муниципальные унитарные предприятия | M4: 6838198675
B5: Ханты-Мансийский автономный округ | H5: [необходимо уточнить наименование организации в соответствии с актуальным реестром] Муниципальное предприятие «Ресурсоснабжение» муниципального образования Октябрьский район | I5: 8614001748 | J5: 861401001 | K5: 1198617006246 | L5: 6 52 43 | Муниципальные унитарные предприятия | M5: 6838266245
B6: Ханты-Мансийский автономный округ | H6: [необходимо уточнить наименование организации в соответствии с актуальным реестром] Муниципальное предприятие «Эксплуатационная генерирующая компания» муниципального образования Октябрьский район | I6: 8614008285 | J6: 861401001 | K6: 1098610000928 | L6: 6 52 43 | Муниципальные унитарные предприятия | M6: 6838125525
B7: Ханты-Мансийский автономный округ | H7: [необходимо уточнить наименование организации в соответствии с актуальным реестром] Муниципальное предприятие муниципального образования Октябрьский район «Обьтеплопром» | I7: 8614001025 | J7: 861401001 | K7: 1178617002740 | L7: 6 52 43 | Муниципальные унитарные предприятия | M7: 6838156097
B8: Ханты-Мансийский автономный округ | G8: 26451037 | H8: АО "Аганское многопрофильное жилищно-коммунальное управление" | I8: 8620019101 | J8: 862001001 | K8: 1098603003443 | L8: 1 22 47 | Публичные акционерные общества | M8: 6838108606
B9: Ханты-Мансийский автономный округ | G9: 26361252 | H9: АО "Аэропорт Белоярский" | I9: 8611002077 | J9: 861101001 | K9: 1028601522036 | L9: 1 22 67 | Непубличные акционерные общества | M9: 6837940017
B10: Ханты-Мансийский автономный округ | G10: 26361211 | H10: АО "Аэропорт Сургут" | I10: 8602060523 | J10: 860201001 | K10: 1028600603998 | L10: 1 22 47 | Публичные акционерные общества | M10: 6837849410
B11: Ханты-Мансийский автономный округ | G11: 26320074 | H11: АО "Городские электрические сети" | I11: 8603004190 | J11: 860301001 | K11: 1028600957538 | L11: 1 22 47 | Публичные акционерные общества | M11: 6837780497
B12: Ханты-Мансийский автономный округ | G12: 26361212 | H12: АО "Горремстрой" | I12: 8602060636 | J12: 860201001 | K12: 1028600593064 | L12: 1 22 67 | Непубличные акционерные общества | M12: 6837855773
B13: Ханты-Мансийский автономный округ | G13: 31282415 | H13: АО "Негуснефть" | I13: 8609000900 | J13: 546050001 | K13: 1028601466310 | L13: 1 22 67 | Непубличные акционерные общества | M13: 6837837306
B14: Ханты-Мансийский автономный округ | G14: 26535092 | H14: АО "Самотлорнефтегаз" | I14: 8603089934 | J14: 997250001 | K14: 1028600940576 | L14: 1 22 67 | Непубличные акционерные общества | M14: 6838119940
B15: Ханты-Мансийский автономный округ | G15: 26361287 | H15: АО "Управляющая компания тепло-, водоснабжения и канализации" | I15: 8621005133 | J15: 862101001 | K15: 1028601420660 | L15: 1 22 47 | Публичные акционерные общества | M15: 6837839208
B16: Ханты-Мансийский автономный округ | G16: 26361237 | H16: АО "Урайтеплоэнергия" | I16: 8606012954 | J16: 860601001 | K16: 1088606000559 | L16: 1 22 47 | Публичные акционерные общества | M16: 6837893768
B17: Ханты-Мансийский автономный округ | G17: 26845836 | H17: АО "Югансктранстеплосервис" | I17: 8604048754 | J17: 860401001 | K17: 1108619001919 | L17: 1 22 67 | Непубличные акционерные общества | M17: 6837840199
B18: Ханты-Мансийский автономный округ | G18: 26448830 | H18: АО "Югорская Коммунальная Эксплуатирующая Компания - Белоярский" | I18: 8611008230 | J18: 861101001 | K18: 1098611000058 | L18: 1 22 67 | Непубличные акционерные общества | M18: 6837940451
B19: Ханты-Мансийский автономный округ | G19: 26318623 | H19: АО "Югорская энергетическая компания децентрализованной зоны" (АО "Юграэнерго") | I19: 8601029263 | J19: 860101001 | K19: 1068601011511 | L19: 1 22 67 | Непубличные акционерные общества | M19: 6838534720
... B110: Ханты-Мансийский автономный округ | G110: 26423553 | H110: филиал "Сургутская ГРЭС-2" ПАО "Юнипро" | I110: 8602067092 | J110: 860202001 | K110: 1058602056985 | L110: 3 00 02 | Филиалы юридических лиц | M110: 6838526200

Sheet AC_AREA_DATA
A1: №
A2: NUMBER | B2: LGL_ID | C2: NOMER_NAME | D2: FIL | E2: VDET | F2: NDS | G2: DPR | H2: RST_ORG_ID | I2: MR | J2: MO | K2: OKTMO | L2: TRANSFER_AGENTS
B3: 6838174740 | C3: 1 | E3: Некомбинированное производство :: Передача :: Сбыт | F3: нет | G3: 3 объектов | I3: Октябрьский муниципальный район | J3: Перегребное | K3: 71821428 | L3: Носитель - горячая вода (Т)

Sheet AC_SRC_DATA
B2: LGL_ID | C2: NOMER_NAME | D2: DET2_NAME | E2: NMOB_NAME | F2: DET_NAME | G2: L_ADDRESS_MR | H2: L_ADDRESS_MO | I2: L_ADDRESS_OKTMO | J2: L_ADDRESS_LOCATION | K2: L_ADDRESS_LOC_OKTMO | L2: L_ADDRESS_STREET | M2: L_ADDRESS_BUILDING | N2: MR_NAME | O2: MO_NAME | P2: OKTMO_NAME | Q2: LOCATION_NAME | R2: LOCATION_OKTMO_NAME | S2: L_SERVICE_PRODUCTION | T2: L_SERVICE_TRANSMISSION | U2: L_SERVICE_SALE | V2: L_PR_IC | W2: L_PR_CL | X2: L_TR_IC | Y2: L_TR_CL | Z2: L_SL_IC | AA2: L_SL_CL | AB2: FUEL_LIST
B3: 6838174740 | C3: 1 | D3: 1 | E3: Котельная № 1 | F3: ТИ | G3: Октябрьский муниципальный район | H3: Перегребное | I3: 71821428 | J3: с Перегребное | K3: 71821428101 | L3: ул. Строителей | M3: 8 В/1 | N3: Октябрьский муниципальный район | O3: Перегребное | P3: 71821428 | Q3: с Перегребное | R3: 71821428101 | S3: да | T3: нет | U3: нет | V3: 10.83 | W3: 1.89 | X3: 0 | Y3: 0 | Z3: 0 | AA3: 0 | AB3: [Газ природный]
B4: 6838174740 | C4: 1 | D4: 2 | E4: Котельная № 2 | F4: ТИ | G4: Октябрьский муниципальный район | H4: Перегребное | I4: 71821428 | J4: д Чемаши | K4: 71821428106 | L4: ул. Ленина | M4: 10 Г | N4: Октябрьский муниципальный район | O4: Перегребное | P4: 71821428 | Q4: д Чемаши | R4: 71821428106 | S4: да | T4: нет | U4: нет | V4: 0.86 | W4: 0.24 | X4: 0 | Y4: 0 | Z4: 0 | AA4: 0 | AB4: [Газ природный]
B5: 6838174740 | C5: 1 | D5: 3 | E5: Котельная № 3 | F5: ТИ | G5: Октябрьский муниципальный район | H5: Перегребное | I5: 71821428 | J5: д Нижние Нарыкары | K5: 71821428111 | L5: пер. Клубный | M5: 5 | N5: Октябрьский муниципальный район | O5: Перегребное | P5: 71821428 | Q5: д Нижние Нарыкары | R5: 71821428111 | S5: да | T5: нет | U5: нет | V5: 7.04 | W5: 1.21 | X5: 0 | Y5: 0 | Z5: 0 | AA5: 0 | AB5: [Газ природный]

Sheet AC_FUEL_DATA
A1: №
A2: NUMBER | B2: LGL_ID | C2: NOMER_NAME | D2: ODP_NAME | E2: VTOP_NAME | F2: VTOP2_NAME | G2: L1_1_1 | H2: L1_1_2 | I2: L1_2_1 | J2: L1_2_2 | K2: L1_3_1 | L2: L1_3_2 | M2: L2_1 | N2: L2_2 | O2: L2_3 | P2: L3_1 | Q2: L3_2 | R2: L4_1_1 | S2: L4_1_2 | T2: L4_2 | U2: L5_1_1 | V2: L5_1_2 | W2: L5_2 | X2: L5_3_1 | Y2: L5_3_2 | Z2: L6_1_1 | AA2: L6_1_2 | AB2: L6_2 | AC2: L6_3_1 | AD2: L6_3_2 | AE2: L7_1_1 | AF2: L7_1_2 | AG2: L7_2 | AH2: L7_3_1 | AI2: L7_3_2 | AJ2: L8_1 | AK2: L8_2 | AL2: L9 | AM2: L10_1 | AN2: L10_2
B3: 6838174740 | C3: 1 | D3: 9 месяцев | E3: газ природный | F3: Газ лимитный | G3: 4876.88 | H3: 4876.88 | I3: 4876.88 | J3: 4876.88 | K3: 4259.2838 | L3: 4259.2838 | M3: 1055.843 | N3: 1.145 | O3: 1208.9402 | P3: 5149.2196 | Q3: 5149.2196
B4: 6838174740 | C4: 1 | D4: I квартал | E4: газ природный | F4: Газ лимитный | G4: 4774.3629 | H4: 4774.3629 | I4: 4774.3629 | J4: 4774.3629 | K4: 4151.6199 | L4: 4151.6199 | M4: 724.06 | N4: 1.15 | O4: 832.669 | P4: 3456.9252 | Q4: 3456.9252
B5: 6838174740 | C5: 1 | D5: I полугодие | E5: газ природный | F5: Газ лимитный | G5: 4839.28 | H5: 4839.28 | I5: 4839.28 | J5: 4839.28 | K5: 4226.4454 | L5: 4226.4454 | M5: 968.005 | N5: 1.145 | O5: 1108.3657 | P5: 4684.4472 | Q5: 4684.4472

Sheet AC_SUPPLY_DATA
A1: №
A2: NUMBER | B2: LGL_ID | C2: NOMER_NAME | D2: FIL | E2: VDET | F2: NDS | G2: DET_NAME | H2: L_FUEL_TYPE | I2: L_FUEL_GRADE | J2: L_PERIOD | K2: PERIOD_ORDER_NUM | L2: L_SUPPLY_EXISTENCE | M2: L_SUPPLIER_NAME | N2: L_SUPPLIER_INN | O2: L_SUPPLIER_KPP | P2: L_SUPPLIER_OGRN | Q2: L_SUPPLIER_ADDRESS | R2: L_CONSIGNEE_NAME | S2: L_CONSIGNEE_INN | T2: L_CONSIGNEE_KPP | U2: L_CONSIGNEE_OGRN | V2: L_CONSIGNEE_ADDRESS | W2: L_CONTRACT_NMBR | X2: L_CONTRACT_DATE | Y2: L_CONTRACT_URL | Z2: L_EXT_DOCUMENT_NMBR | AA2: L_EXT_DOCUMENT_DATE | AB2: L_EXT_DOCUMENT_URL | AC2: L_CONTRACT_BASE | AD2: L_PURCHASE_URL | AE2: L_PURCHASE_REG_NUMBER | AF2: L_SHIPMENT_DATE | AG2: L_INVOICE_URL | AH2: L_DELIVERY_CONDITIONS | AI2: L_SPIMEX_NUMBER | AJ2: L_COMPETITIVE_PROC_DOCS_URL | AK2: L_STATION_OF_ORIGIN | AL2: L_DELIVERY_STATION | AM2: L_DELIVERY_SHOULDER | AN2: L_FUEL_SUPPLY_METHOD | AO2: L_PRICE_NO_TAX | AP2: L_PRICE_TAX | AQ2: L_TRSP_NO_TAX | AR2: L_TRSP_TAX | AS2: L_PRICE_NO_TAX_NO_TRSP | AT2: L_PRICE_TAX_NO_TRSP | AU2: L_VOLUME | AV2: L_COSTS_NO_TAX | AW2: L_COSTS_TAX | AX2: L_EXCISE_EXISTENCE | AY2: L_CRITERIA_ELIGIBILITY | AZ2: L_CERTIFICATE_EXISTENCE | BA2: L_FUEL_STOCK_PREVIOUS_PERIOD | BB2: L_FUEL_STOCK_CURRENT_PERIOD | BC2: L_FUEL_TOTAL | BD2: L_FUEL_USED | BE2: L_FUEL_BALANCE | BF2: L_NOTE | BG2: L_FUEL_USED_DETAIL_TTL | BH2: L_FUEL_USED_DETAIL_HEAT | BI2: L_FUEL_USED_DETAIL_OTH

Sheet VLD_UNQ
